Workbook

Sheet MENU
C2: ESTUDO TÉCNICO DE VIABILIDADE ECONÔMICA DA OPERAÇÃO DO SERVIÇO DE TRANSPORTE COLETIVO DA CIDADE DE AMPARO
B3: CONCORRÊNCIA Nº 003/18 | C3: ANEXO IV.1 - ESTUDO TÉCNICO DE VIABILIDADE ECONÔMICA - ORÇAMENTO ESTIMADO
C5: DATA BASE DE CÁLCULO: MARÇO 2020
B6: ESTE ESTUDO TÉCNICO CONTEM AS SEGUINTES ABAS E ITENS:
B8: ABA | C8: ITEM
B9: TIPOLOGIA | C9: TIPOLOGIA DA FROTA
B10: 1. DADOS OPERACIONAIS | C10: 1. - DADOS OPERACIONAIS
C11: 1.1. - COMPOSIÇÃO DA FROTA
C12: 1.2. - COMPOSIÇÃO DA QUILOMETRAGEM
C13: 1.2.1 - PERCURSO MÉDIO MENSAL - PMM
C14: 1.3. - PASSAGEIROS TRANSPORTADOS
B15: 2. COEFICIENTES | C15: 2. - COEFICIENTES DE CONSUMOS E PARÂMETROS ADOTADOS
C16: 2.1. - COEFICIENTES DE CONSUMO DE COMBUSTÍVEIS
C17: 2.1.1. - COEFICIENTES DE CONSUMO DE ÓLEO DIESEL
C18: 2.1.2. - COEFICIENTES DE CONSUMO DE ARLA32
C19: 2.2. - COEFICIENTE DE CONSUMO DE LUBRIFICANTES
C20: 2.3. - PARÂMETROS DE MATERIAL DE RODAGEM
C21: 2.3.1. - VIDA ÚTIL DE PNEU
C22: 2.3.2. - NÚMERO DE PNEU POR JOGOS
C23: 2.3.3. - NÚMERO DE RECAPAGEM
C24: 2.4. - COEFICIENTE PEÇAS E ACESSÓRIOS
C25: 2.5. - CAPITAL INVESTIDO EM VEÍCULOS
C26: 2.5.1. - VIDA ECONOMICAMENTE ÚTIL DE VEÍCULOS DA FROTA
C27: 2.5.2. - VALOR RESIDUAL DE VEÍCULOS DA FROTA
... C38: 2.8.3 - REMUNERAÇÃO DO ALMOXARIFADO
B39: 3. PREÇOS INSUMOS | C39: 3. - PREÇOS DE INSUMOS, SALÁRIOS E BENEFÍCIOS
C40: 3.1. - PREÇOS DE COMBUSTÍVEIS
C41: 3.2. - PREÇO DE LUBRIFICANTES
C42: 3.3. - PREÇOS DE MATERIAL DE RODAGEM
C43: 3.3.1. - PREÇOS DE PNEU NOVO
C44: 3.3.2. - PREÇOS DE RECAPAGEM
C45: 3.4. - PREÇOS DE VEÍCULOS
C46: 3.4.1. - PREÇO DE VEÍCULO NOVO COMPLETO COM RODAGEM
C47: ="3.4.1.1 - PREÇO DE VEÍCULO COM FATOR DE DEPRECIAÇÃO - "&TIPOLOGIA!$E$10 -> 3.4.1.1 - PREÇO DE VEÍCULO COM FATOR DE DEPRECIAÇÃO - MICROÔNIBUS
C48: ="3.4.1.2 - PREÇO DE VEÍCULO COM FATOR DE DEPRECIAÇÃO - "&TIPOLOGIA!$E$11 -> 3.4.1.2 - PREÇO DE VEÍCULO COM FATOR DE DEPRECIAÇÃO - CONVENCIONAL
C49: ="3.4.1.3 - PREÇO DE VEÍCULO COM FATOR DE DEPRECIAÇÃO - "&TIPOLOGIA!$E$12 -> 3.4.1.3 - PREÇO DE VEÍCULO COM FATOR DE DEPRECIAÇÃO - -
C50: 3.4.2. - PREÇO DE VEÍCULO NOVO COMPLETO SEM RODAGEM
C51: ="3.4.2.1 - PREÇO DE VEÍCULO COM FATOR DE DEPRECIAÇÃO DE VEÍCULO S/ RODAGEM - "&TIPOLOGIA!$E$10 -> 3.4.2.1 - PREÇO DE VEÍCULO COM FATOR DE DEPRECIAÇÃO DE VEÍCULO S/ RODAGEM - MICROÔNIBUS
C52: ="3.4.2.2 - PREÇO DE VEÍCULO COM FATOR DE DEPRECIAÇÃO DE VEÍCULO S/ RODAGEM - "&TIPOLOGIA!$E$11 -> 3.4.2.2 - PREÇO DE VEÍCULO COM FATOR DE DEPRECIAÇÃO DE VEÍCULO S/ RODAGEM - CONVENCIONAL
C53: ="3.4.2.3 - PREÇO DE VEÍCULO COM FATOR DE DEPRECIAÇÃO DE VEÍCULO S/ RODAGEM - "&TIPOLOGIA!$E$12 -> 3.4.2.3 - PREÇO DE VEÍCULO COM FATOR DE DEPRECIAÇÃO DE VEÍCULO S/ RODAGEM - -
C54: 3.5. - PEÇAS E ACESSÓRIOS
C55: 3.6. - SEGUROS
C56: 3.6.1. - SEGURO OBRIGATÓRIO + LICENCIAMENTO
C57: 3.6.2. - SEGURO DE RESPONSABILIDADE CIVIL
C58: 3.7. - SALÁRIOS E BENEFÍCIOS
C59: 3.7.1. - SALÁRIOS BASE
C60: 3.7.2. - BENEFÍCIOS
C61: 3.8. - SISTEMA DE BILHETAGEM ELETRÔNICA, ITS E CÂMERAS E MONITORAMENTO
C62: 3.9. - LOCAÇÃO DE GARAGEM
B63: 4. CUSTOS VARIÁVEIS | C63: 4. - CÁLCULO DOS CUSTOS VARIÁVEIS
C64: 4.1. - CÁLCULO DOS CUSTEIOS COM COMBUSTÍVEIS
C65: 4.1.1. - CUSTEIOS COM ÓLEO DIESEL
C66: 4.1.2. - CUSTEIOS COM ARLA32
C67: 4.2. - CÁLCULO DOS CUSTEIOS COM LUBRIFICANTES
C68: 4.3. - CÁLCULO DOS CUSTEIOS COM RODAGEM
C69: 4.3.1. - CUSTEIOS COM PNEU NOVO
C70: 4.3.2. - CUSTEIOS COM RECAPAGEM
C71: 4.4. - CÁLCULO DOS CUSTEIOS COM PEÇAS E ACESSÓRIOS
C72: 4.5. - TOTALIZAÇÃO DOS CUSTOS VARIÁVEIS
B73: 5. CUSTOS FIXOS (PESSOAL) | C73: 5. - CÁLCULO DOS CUSTOS FIXOS (COM PESSOAL)
C74: 5.1. - CÁLCULO DOS CUSTEIOS COM PESSOAL DE OPERAÇÃO
C75: 5.1.1. - CUSTEIOS COM MOTORISTAS
C76: 5.1.2. - CUSTEIOS COM PESSOAL DE FISCALIZAÇÃO
C77: 5.1.3. - CUSTEIOS COM COBRADOR
C78: 5.2. - CÁLCULO DOS CUSTEIOS COM PESSOAL DE MANUTENÇÃO
C79: 5.3. - CÁLCULO DOS CUSTEIOS COM PESSOAL ADMINISTRATIVO
C80: 5.4. - CÁLCULO DOS CUSTEIOS COM BENEFÍCIOS
C81: 5.5. - RESUMO DA TOTALIZAÇÃO DOS CUSTOS FIXOS (PESSOAL)
B82: 6. CUSTOS ADMINISTRATIVOS | C82: 6. - CÁLCULO DOS CUSTOS ADMINISTRATIVOS
C83: 6.1. - CÁLCULO DOS CUSTEIOS COM SEGUROS
C84: 6.1.1. - CÁLCULO DOS CUSTEIOS COM SEGURO OBRIGATÓRIO
C85: 6.1.2. - CÁLCULO DOS CUSTEIOS COM SEGURO RESPONSABILIDADE CIVIL
C86: 6.2. - CÁLCULO DAS DESPESAS GERAIS
C87: 6.3. - CÁLCULO DOS CUSTEIOS COM PRÓ-LABORE
C88: 6.4. - CÁLCULO DA REMUNERAÇÃO DO ALMOXARIFADO
C89: 6.5. - CÁLCULO PARA MANUTENÇÃO DOS CUSTEIOS DO SISTEMA DE BILHETAGEM ELETRÔNICA, ITS, CÂMERAS E MONITORAMENTO
C90: 6.6. - CÁLCULO DE LOCAÇÃO DE GARAGEM
C91: 6.7. - RESUMO DA TOTALIZAÇÃO DOS CUSTEIOS ADMINISTRATIVOS
B92: 7. INVESTIMENTO FROTA | C92: 7. - INVESTIMENTOS EM FROTA
C93: 7.1. - AQUISIÇÃO, REVENDA E MOVIMENTAÇÃO DA FROTA (QUANTITATIVO)
C94: 7.1.1. - AQUISIÇÃO DE VEÍCULOS DA FROTA
C95: ="7.1.1.1 - "&TIPOLOGIA!$E$10 -> 7.1.1.1 - MICROÔNIBUS
C96: ="7.1.1.2 - "&TIPOLOGIA!$E$11 -> 7.1.1.2 - CONVENCIONAL
C97: ="7.1.1.3 - "&TIPOLOGIA!$E$12 -> 7.1.1.3 - -
C98: 7.1.2. - REVENDA DE VEÍCULOS DA FROTA
C99: ="7.1.2.1 - "&TIPOLOGIA!$E$10 -> 7.1.2.1 - MICROÔNIBUS
C100: ="7.1.2.2 - "&TIPOLOGIA!$E$11 -> 7.1.2.2 - CONVENCIONAL
C101: ="7.1.2.3 - "&TIPOLOGIA!$E$12 -> 7.1.2.3 - -
C102: 7.1.3. - MOVIMENTAÇÃO DE VEÍCULOS DA FROTA
C103: ="7.1.3.1 - "&TIPOLOGIA!$E$10 -> 7.1.3.1 - MICROÔNIBUS
C104: ="7.1.3.2 - "&TIPOLOGIA!$E$11 -> 7.1.3.2 - CONVENCIONAL
C105: ="7.1.3.3 - "&TIPOLOGIA!$E$12 -> 7.1.3.3 - -
C106: 7.1.3.4 - TOTALIZAÇÃO DE VEÍCULOS DA FROTA
C107: 7.2. - AQUISIÇÃO, REVENDA E MOVIMENTAÇÃO DA FROTA (INVESTIMENTO VALORES EM REAIS - R$)
C108: 7.2.1. - INVESTIMENTOS EM VEÍCULOS DA FROTA (valores em Reais - R$)
C109: ="7.2.1.1 - "&TIPOLOGIA!$E$10 -> 7.2.1.1 - MICROÔNIBUS
C110: ="7.2.1.2 - "&TIPOLOGIA!$E$11 -> 7.2.1.2 - CONVENCIONAL
C111: ="7.2.1.3 - "&TIPOLOGIA!$E$12 -> 7.2.1.3 - -
C112: 7.2.2. - REVENDA DE VEÍCULOS DA FROTA (valores em Reais - R$)
C113: ="7.2.2.1 - "&TIPOLOGIA!$E$10 -> 7.2.2.1 - MICROÔNIBUS
...

Sheet TIPOLOGIA
E2: SECRETARIA MUNICIPAL DE DESENVOLVIMENTO URBANO
E3: =MENU!$B$3&" - "&+MENU!$B$4 -> CONCORRÊNCIA Nº 003/18 -
E4: =+MENU!$C$2 -> ESTUDO TÉCNICO DE VIABILIDADE ECONÔMICA DA OPERAÇÃO DO SERVIÇO DE TRANSPORTE COLETIVO DA CIDADE DE AMPARO
E5: =+MENU!$C$3 -> ANEXO IV.1 - ESTUDO TÉCNICO DE VIABILIDADE ECONÔMICA - ORÇAMENTO ESTIMADO | P5: =+MENU!$C$5 -> DATA BASE DE CÁLCULO: MARÇO 2020
B7: =+MENU!C9 -> TIPOLOGIA DA FROTA
D9: FROTA | E9: TERMINOLOGIA | K9: LEGENDAS
D10: 1 | E10: MICROÔNIBUS | K10: (Veíc./Mês) | M10: Veículo por mês
D11: 2 | E11: CONVENCIONAL | K11: (km/Mês) | M11: Quilômetargem Mensal
D12: 3 | E12: - | K12: (km/ANUAL) | M12: Quilômetargem Anual
K13: (Passag./Mês) | M13: Passageiro Mensal
K14: (ℓ/km.) | M14: Litro por Quilômetro
B15: CAMPOS A SEREM PREENCHIDOS NESTE ARQUIVO | K15: (%/Mês) | M15: Coeficiente Percentual Mensal
K16: (km/Mês/pneu) | M16: Quilômetargem Mensal por Pneu
B17: ELEMENTO | G17: CAMPO A SER DIGITADO | K17: (un./jogos) | M17: Unidade por jogos de Pneu
B18: Campos NA COR AMARELA deverão ser Prenchidos (Entrada de dados) | K18: (% a.m.) | M18: Coeficiente Percentual Mensal
K19: (%/Veíc.) | M19: Coeficiente Percentual por Veículo
K20: (Func./Veíc. Op.) | M20: Funcionário por Veículo Operacional
K21: (%/P. Op.) | M21: Coeficiente Percentual sobre Pessoal de Operação
K22: (Un./Mês) | M22: Unidade Mensal
K23: (Ticket/Mês) | M23: Quantitativo de Ticket por Mês
K24: (R$/ℓ) | M24: Valor em Reais por Litro
K25: (R$/un.) | M25: Valor em Reais por Unidade
K26: (R$/Veíc.) | M26: Valor em Reais por Veículo
K27: (R$/km) | M27: Valor em Reais por Quilômetro
K28: (R$/Veíc./ano) | M28: Valor em Reais por Veículo Ano
K29: (R$/Func./Mês) | M29: Valor em Reais por Funciónario por Mês
K30: (R$/Dia/Func.) | M30: Valor em Reais Diário por Funciónario
... K34: (Func./Veíc. Op.) | M34: Funcionário por Veículo Operacional

Sheet 1. DADOS OPERACIONAIS
E2: SECRETARIA MUNICIPAL DE DESENVOLVIMENTO URBANO
E3: =MENU!$B$3&" - "&+MENU!$B$4 -> CONCORRÊNCIA Nº 003/18 -
E4: =+MENU!$C$2 -> ESTUDO TÉCNICO DE VIABILIDADE ECONÔMICA DA OPERAÇÃO DO SERVIÇO DE TRANSPORTE COLETIVO DA CIDADE DE AMPARO
E5: =+MENU!$C$3 -> ANEXO IV.1 - ESTUDO TÉCNICO DE VIABILIDADE ECONÔMICA - ORÇAMENTO ESTIMADO | T5: =+MENU!$C$5 -> DATA BASE DE CÁLCULO: MARÇO 2020
B7: =+MENU!C10 -> 1. - DADOS OPERACIONAIS
C9: =+MENU!$C$11 -> 1.1. - COMPOSIÇÃO DA FROTA
D11: FROTA | E11: Un. | F11: 1 | G11: =+F11+1 -> 2 | H11: =+G11+1 -> 3 | I11: =+H11+1 -> 4 | J11: =+I11+1 -> 5 | K11: =+J11+1 -> 6 | L11: =+K11+1 -> 7 | M11: =+L11+1 -> 8 | N11: =+M11+1 -> 9 | ... T11: =+S11+1 -> 15
A12: 1 | D12: =VLOOKUP(A12,TIPOLOGIA!$D$10:$E$12,2,0) -> MICROÔNIBUS | E12: (Veíc./Mês) | F12: 4 | G12: =+F12 -> 4 | H12: =+G12 -> 4 | I12: =+H12 -> 4 | J12: =+I12 -> 4 | K12: =+J12 -> 4 | L12: =+K12 -> 4 | M12: =+L12 -> 4 | N12: =+M12 -> 4 | ... T12: =+S12 -> 4
A13: 2 | D13: =VLOOKUP(A13,TIPOLOGIA!$D$10:$E$12,2,0) -> CONVENCIONAL | E13: (Veíc./Mês) | F13: 8 | G13: =+F13 -> 8 | H13: =+G13 -> 8 | I13: =+H13 -> 8 | J13: =+I13 -> 8 | K13: =+J13 -> 8 | L13: =+K13 -> 8 | M13: =+L13 -> 8 | N13: =+M13 -> 8 | ... T13: =+S13 -> 8
A14: 3 | D14: =VLOOKUP(A14,TIPOLOGIA!$D$10:$E$12,2,0) -> - | E14: (Veíc./Mês) | F14: 0 | G14: =+F14 -> 0 | H14: =+G14 -> 0 | I14: =+H14 -> 0 | J14: =+I14 -> 0 | K14: =+J14 -> 0 | L14: =+K14 -> 0 | M14: =+L14 -> 0 | N14: =+M14 -> 0 | ... T14: =+S14 -> 0
C15: FROTA OPERACIONAL | E15: =E14 -> (Veíc./Mês) | F15: =SUM(F12:F14) -> 12 | G15: =SUM(G12:G14) -> 12 | H15: =SUM(H12:H14) -> 12 | I15: =SUM(I12:I14) -> 12 | J15: =SUM(J12:J14) -> 12 | K15: =SUM(K12:K14) -> 12 | L15: =SUM(L12:L14) -> 12 | M15: =SUM(M12:M14) -> 12 | ... T15: =SUM(T12:T14) -> 12
A16: 1 | D16: =VLOOKUP(A16,TIPOLOGIA!$D$10:$E$12,2,0) -> MICROÔNIBUS | E16: (Veíc./Mês) | F16: 0 | G16: =+F16 -> 0 | H16: =+G16 -> 0 | I16: =+H16 -> 0 | J16: =+I16 -> 0 | K16: =+J16 -> 0 | L16: =+K16 -> 0 | M16: =+L16 -> 0 | N16: =+M16 -> 0 | ... T16: =+S16 -> 0
A17: 2 | D17: =VLOOKUP(A17,TIPOLOGIA!$D$10:$E$12,2,0) -> CONVENCIONAL | E17: (Veíc./Mês) | F17: 2 | G17: =+F17 -> 2 | H17: =+G17 -> 2 | I17: =+H17 -> 2 | J17: =+I17 -> 2 | K17: =+J17 -> 2 | L17: =+K17 -> 2 | M17: =+L17 -> 2 | N17: =+M17 -> 2 | ... T17: =+S17 -> 2
A18: 3 | D18: =VLOOKUP(A18,TIPOLOGIA!$D$10:$E$12,2,0) -> - | E18: (Veíc./Mês) | F18: 0 | G18: =+F18 -> 0 | H18: =+G18 -> 0 | I18: =+H18 -> 0 | J18: =+I18 -> 0 | K18: =+J18 -> 0 | L18: =+K18 -> 0 | M18: =+L18 -> 0 | N18: =+M18 -> 0 | ... T18: =+S18 -> 0
C19: FROTA RESERVA | E19: =E18 -> (Veíc./Mês) | F19: =SUM(F16:F18) -> 2 | G19: =SUM(G16:G18) -> 2 | H19: =SUM(H16:H18) -> 2 | I19: =SUM(I16:I18) -> 2 | J19: =SUM(J16:J18) -> 2 | K19: =SUM(K16:K18) -> 2 | L19: =SUM(L16:L18) -> 2 | M19: =SUM(M16:M18) -> 2 | ... T19: =SUM(T16:T18) -> 2
A20: 1 | D20: =VLOOKUP(A20,TIPOLOGIA!$D$10:$E$12,2,0) -> MICROÔNIBUS | E20: (Veíc./Mês) | F20: =SUM(F12,F16) -> 4 | G20: =SUM(G12,G16) -> 4 | H20: =SUM(H12,H16) -> 4 | I20: =SUM(I12,I16) -> 4 | J20: =SUM(J12,J16) -> 4 | K20: =SUM(K12,K16) -> 4 | L20: =SUM(L12,L16) -> 4 | M20: =SUM(M12,M16) -> 4 | ... T20: =SUM(T12,T16) -> 4
A21: 2 | D21: =VLOOKUP(A21,TIPOLOGIA!$D$10:$E$12,2,0) -> CONVENCIONAL | E21: (Veíc./Mês) | F21: =SUM(F13,F17) -> 10 | G21: =SUM(G13,G17) -> 10 | H21: =SUM(H13,H17) -> 10 | I21: =SUM(I13,I17) -> 10 | J21: =SUM(J13,J17) -> 10 | K21: =SUM(K13,K17) -> 10 | L21: =SUM(L13,L17) -> 10 | M21: =SUM(M13,M17) -> 10 | ... T21: =SUM(T13,T17) -> 10
A22: 3 | D22: =VLOOKUP(A22,TIPOLOGIA!$D$10:$E$12,2,0) -> - | E22: (Veíc./Mês) | F22: =SUM(F14,F18) -> 0 | G22: =SUM(G14,G18) -> 0 | H22: =SUM(H14,H18) -> 0 | I22: =SUM(I14,I18) -> 0 | J22: =SUM(J14,J18) -> 0 | K22: =SUM(K14,K18) -> 0 | L22: =SUM(L14,L18) -> 0 | M22: =SUM(M14,M18) -> 0 | ... T22: =SUM(T14,T18) -> 0
C23: FROTA TOTAL | E23: =E22 -> (Veíc./Mês) | F23: =SUM(F20:F22) -> 14 | G23: =SUM(G20:G22) -> 14 | H23: =SUM(H20:H22) -> 14 | I23: =SUM(I20:I22) -> 14 | J23: =SUM(J20:J22) -> 14 | K23: =SUM(K20:K22) -> 14 | L23: =SUM(L20:L22) -> 14 | M23: =SUM(M20:M22) -> 14 | ... T23: =SUM(T20:T22) -> 14
C26: =+MENU!$C$12 -> 1.2. - COMPOSIÇÃO DA QUILOMETRAGEM | F26: 5935.9936 | S26: PERCENTUAL ADOTADO DE OCIOSIDADE DE QUILOMETRAGEM: | T26: 0.05
D28: QUILOMETRAGEM | F28: 1 | G28: =+F28+1 -> 2 | H28: =+G28+1 -> 3 | I28: =+H28+1 -> 4 | J28: =+I28+1 -> 5 | K28: =+J28+1 -> 6 | L28: =+K28+1 -> 7 | M28: =+L28+1 -> 8 | N28: =+M28+1 -> 9 | ... T28: =+S28+1 -> 15
A29: 1 | D29: =VLOOKUP(A29,TIPOLOGIA!$D$10:$E$12,2,0) -> MICROÔNIBUS | E29: (km/Mês) | F29: =+F26*F12 -> 23743.974 | G29: =F29 -> 23743.974 | H29: =G29 -> 23743.974 | I29: =H29 -> 23743.974 | J29: =I29 -> 23743.974 | K29: =J29 -> 23743.974 | L29: =K29 -> 23743.974 | M29: =L29 -> 23743.974 | N29: =M29 -> 23743.974 | ... T29: =S29 -> 23743.974
A30: 2 | D30: =VLOOKUP(A30,TIPOLOGIA!$D$10:$E$12,2,0) -> CONVENCIONAL | E30: (km/Mês) | F30: =+F13*F26 -> 47487.948 | G30: =F30 -> 47487.948 | H30: =G30 -> 47487.948 | I30: =H30 -> 47487.948 | J30: =I30 -> 47487.948 | K30: =J30 -> 47487.948 | L30: =K30 -> 47487.948 | M30: =L30 -> 47487.948 | N30: =M30 -> 47487.948 | ... T30: =S30 -> 47487.948
A31: 3 | D31: =VLOOKUP(A31,TIPOLOGIA!$D$10:$E$12,2,0) -> - | E31: (km/Mês) | F31: 0 | G31: =F31 -> 0 | H31: =G31 -> 0 | I31: =H31 -> 0 | J31: =I31 -> 0 | K31: =J31 -> 0 | L31: =K31 -> 0 | M31: =L31 -> 0 | N31: =M31 -> 0 | ... T31: =S31 -> 0
C32: QUILOMETRAGEM EFETIVA | E32: (km/Mês) | F32: =SUM(F29:F31) -> 71231.923 | G32: =SUM(G29:G31) -> 71231.923 | H32: =SUM(H29:H31) -> 71231.923 | I32: =SUM(I29:I31) -> 71231.923 | J32: =SUM(J29:J31) -> 71231.923 | K32: =SUM(K29:K31) -> 71231.923 | L32: =SUM(L29:L31) -> 71231.923 | M32: =SUM(M29:M31) -> 71231.923 | ... T32: =SUM(T29:T31) -> 71231.923
A33: 1 | D33: =VLOOKUP(A33,TIPOLOGIA!$D$10:$E$12,2,0) -> MICROÔNIBUS | E33: (km/Mês) | F33: =+F29*$T$26 -> 1187.1987 | G33: =+G29*$T$26 -> 1187.1987 | H33: =+H29*$T$26 -> 1187.1987 | I33: =+I29*$T$26 -> 1187.1987 | J33: =+J29*$T$26 -> 1187.1987 | K33: =+K29*$T$26 -> 1187.1987 | L33: =+L29*$T$26 -> 1187.1987 | M33: =+M29*$T$26 -> 1187.1987 | ... T33: =+T29*$T$26 -> 1187.1987
A34: 2 | D34: =VLOOKUP(A34,TIPOLOGIA!$D$10:$E$12,2,0) -> CONVENCIONAL | E34: (km/Mês) | F34: =+F30*$T$26 -> 2374.3974 | G34: =+G30*$T$26 -> 2374.3974 | H34: =+H30*$T$26 -> 2374.3974 | I34: =+I30*$T$26 -> 2374.3974 | J34: =+J30*$T$26 -> 2374.3974 | K34: =+K30*$T$26 -> 2374.3974 | L34: =+L30*$T$26 -> 2374.3974 | M34: =+M30*$T$26 -> 2374.3974 | ... T34: =+T30*$T$26 -> 2374.3974
A35: 3 | D35: =VLOOKUP(A35,TIPOLOGIA!$D$10:$E$12,2,0) -> - | E35: (km/Mês) | F35: =+F31*$T$26 -> 0 | G35: =+G31*$T$26 -> 0 | H35: =+H31*$T$26 -> 0 | I35: =+I31*$T$26 -> 0 | J35: =+J31*$T$26 -> 0 | K35: =+K31*$T$26 -> 0 | L35: =+L31*$T$26 -> 0 | M35: =+M31*$T$26 -> 0 | ... T35: =+T31*$T$26 -> 0
C36: QUILOMETRAGEM OCIOSA | E36: (km/Mês) | F36: =SUM(F33:F35) -> 3561.5961 | G36: =SUM(G33:G35) -> 3561.5961 | H36: =SUM(H33:H35) -> 3561.5961 | I36: =SUM(I33:I35) -> 3561.5961 | J36: =SUM(J33:J35) -> 3561.5961 | K36: =SUM(K33:K35) -> 3561.5961 | L36: =SUM(L33:L35) -> 3561.5961 | M36: =SUM(M33:M35) -> 3561.5961 | ... T36: =SUM(T33:T35) -> 3561.5961
A37: 1 | D37: =VLOOKUP(A37,TIPOLOGIA!$D$10:$E$12,2,0) -> MICROÔNIBUS | E37: (km/Mês) | F37: =SUM(F29,F33) -> 24931.173 | G37: =SUM(G29,G33) -> 24931.173 | H37: =SUM(H29,H33) -> 24931.173 | I37: =SUM(I29,I33) -> 24931.173 | J37: =SUM(J29,J33) -> 24931.173 | K37: =SUM(K29,K33) -> 24931.173 | L37: =SUM(L29,L33) -> 24931.173 | M37: =SUM(M29,M33) -> 24931.173 | ... T37: =SUM(T29,T33) -> 24931.173
A38: 2 | D38: =VLOOKUP(A38,TIPOLOGIA!$D$10:$E$12,2,0) -> CONVENCIONAL | E38: (km/Mês) | F38: =SUM(F30,F34) -> 49862.346 | G38: =SUM(G30,G34) -> 49862.346 | H38: =SUM(H30,H34) -> 49862.346 | I38: =SUM(I30,I34) -> 49862.346 | J38: =SUM(J30,J34) -> 49862.346 | K38: =SUM(K30,K34) -> 49862.346 | L38: =SUM(L30,L34) -> 49862.346 | M38: =SUM(M30,M34) -> 49862.346 | ... T38: =SUM(T30,T34) -> 49862.346
A39: 3 | D39: =VLOOKUP(A39,TIPOLOGIA!$D$10:$E$12,2,0) -> - | E39: (km/Mês) | F39: =SUM(F31,F35) -> 0 | G39: =SUM(G31,G35) -> 0 | H39: =SUM(H31,H35) -> 0 | I39: =SUM(I31,I35) -> 0 | J39: =SUM(J31,J35) -> 0 | K39: =SUM(K31,K35) -> 0 | L39: =SUM(L31,L35) -> 0 | M39: =SUM(M31,M35) -> 0 | ... T39: =SUM(T31,T35) -> 0
C40: QUILOMETRAGEM MENSAL TOTAL | E40: (km/Mês) | F40: =SUM(F37:F39) -> 74793.519 | G40: =SUM(G37:G39) -> 74793.519 | H40: =SUM(H37:H39) -> 74793.519 | I40: =SUM(I37:I39) -> 74793.519 | J40: =SUM(J37:J39) -> 74793.519 | K40: =SUM(K37:K39) -> 74793.519 | L40: =SUM(L37:L39) -> 74793.519 | M40: =SUM(M37:M39) -> 74793.519 | ... T40: =SUM(T37:T39) -> 74793.519
C41: QUILOMETRAGEM ANUAL TOTAL | E41: (km/ANUAL) | F41: =+F40*12 -> 897522.23 | G41: =+G40*12 -> 897522.23 | H41: =+H40*12 -> 897522.23 | I41: =+I40*12 -> 897522.23 | J41: =+J40*12 -> 897522.23 | K41: =+K40*12 -> 897522.23 | L41: =+L40*12 -> 897522.23 | M41: =+M40*12 -> 897522.23 | ... T41: =+T40*12 -> 897522.23
C43: =+MENU!$C$13 -> 1.2.1 - PERCURSO MÉDIO MENSAL - PMM
D45: QUILOMETRAGEM | F45: 1 | G45: =+F45+1 -> 2 | H45: =+G45+1 -> 3 | I45: =+H45+1 -> 4 | J45: =+I45+1 -> 5 | K45: =+J45+1 -> 6 | L45: =+K45+1 -> 7 | M45: =+L45+1 -> 8 | N45: =+M45+1 -> 9 | ... T45: =+S45+1 -> 15
A46: 1 | D46: =VLOOKUP(A46,TIPOLOGIA!$D$10:$E$12,2,0) -> MICROÔNIBUS | E46: (km/Mês) | F46: =IFERROR(F37/F12,0) -> 6232.7932 | G46: =IFERROR(G37/G12,0) -> 6232.7932 | H46: =IFERROR(H37/H12,0) -> 6232.7932 | I46: =IFERROR(I37/I12,0) -> 6232.7932 | J46: =IFERROR(J37/J12,0) -> 6232.7932 | K46: =IFERROR(K37/K12,0) -> 6232.7932 | L46: =IFERROR(L37/L12,0) -> 6232.7932 | M46: =IFERROR(M37/M12,0) -> 6232.7932 | ... T46: =IFERROR(T37/T12,0) -> 6232.7932
A47: 2 | D47: =VLOOKUP(A47,TIPOLOGIA!$D$10:$E$12,2,0) -> CONVENCIONAL | E47: (km/Mês) | F47: =IFERROR(F38/F13,2) -> 6232.7932 | G47: =IFERROR(G38/G13,2) -> 6232.7932 | H47: =IFERROR(H38/H13,2) -> 6232.7932 | I47: =IFERROR(I38/I13,2) -> 6232.7932 | J47: =IFERROR(J38/J13,2) -> 6232.7932 | K47: =IFERROR(K38/K13,2) -> 6232.7932 | L47: =IFERROR(L38/L13,2) -> 6232.7932 | M47: =IFERROR(M38/M13,2) -> 6232.7932 | ... T47: =IFERROR(T38/T13,2) -> 6232.7932
A48: 3 | D48: =VLOOKUP(A48,TIPOLOGIA!$D$10:$E$12,2,0) -> - | E48: (km/Mês) | F48: =IFERROR(F39/F14,0) -> 0 | G48: =IFERROR(G39/G14,0) -> 0 | H48: =IFERROR(H39/H14,0) -> 0 | I48: =IFERROR(I39/I14,0) -> 0 | J48: =IFERROR(J39/J14,0) -> 0 | K48: =IFERROR(K39/K14,0) -> 0 | L48: =IFERROR(L39/L14,0) -> 0 | M48: =IFERROR(M39/M14,0) -> 0 | ... T48: =IFERROR(T39/T14,0) -> 0
C50: =+MENU!$C$14 -> 1.3. - PASSAGEIROS TRANSPORTADOS
D52: PASSAGEIROS | F52: 1 | G52: =+F52+1 -> 2 | H52: =+G52+1 -> 3 | I52: =+H52+1 -> 4 | J52: =+I52+1 -> 5 | K52: =+J52+1 -> 6 | L52: =+K52+1 -> 7 | M52: =+L52+1 -> 8 | N52: =+M52+1 -> 9 | ... T52: =+S52+1 -> 15
C53: PASSAGEIROS TRANSPORTADOS | E53: Un. | F53: =SUM(F54,F55,F57) -> 118377 | G53: =SUM(G54,G55,G57) -> 118377 | H53: =SUM(H54,H55,H57) -> 118377 | I53: =SUM(I54,I55,I57) -> 118377 | J53: =SUM(J54,J55,J57) -> 118377 | K53: =SUM(K54,K55,K57) -> 118377 | L53: =SUM(L54,L55,L57) -> 118377 | M53: =SUM(M54,M55,M57) -> 118377 | ... T53: =SUM(T54,T55,T57) -> 118377
D54: Média Passageiros Transportados Pagantes * | E54: (Passag./Mês) | F54: 92078 | G54: =F54 -> 92078 | H54: =G54 -> 92078 | I54: =H54 -> 92078 | J54: =I54 -> 92078 | K54: =J54 -> 92078 | L54: =K54 -> 92078 | M54: =L54 -> 92078 | N54: =M54 -> 92078 | ... T54: =S54 -> 92078
D55: Média Passageiros Transportados Estudantes | E55: (Passag./Mês) | F55: 1291 | G55: =F55 -> 1291 | H55: =G55 -> 1291 | I55: =H55 -> 1291 | J55: =I55 -> 1291 | K55: =J55 -> 1291 | L55: =K55 -> 1291 | M55: =L55 -> 1291 | N55: =M55 -> 1291 | ... T55: =S55 -> 1291
D56: Média Passageiros Transportados Estudantes (Equivalentes) 50% | E56: (Passag./Mês) | F56: =ROUNDUP(F55*0.5,0) -> 646 | G56: =ROUNDUP(G55*0.5,0) -> 646 | H56: =ROUNDUP(H55*0.5,0) -> 646 | I56: =ROUNDUP(I55*0.5,0) -> 646 | J56: =ROUNDUP(J55*0.5,0) -> 646 | K56: =ROUNDUP(K55*0.5,0) -> 646 | L56: =ROUNDUP(L55*0.5,0) -> 646 | M56: =ROUNDUP(M55*0.5,0) -> 646 | ... T56: =ROUNDUP(T55*0.5,0) -> 646
D57: Média Passageiros Transportados Gratuidade | E57: (Passag./Mês) | F57: 25008 | G57: =F57 -> 25008 | H57: =G57 -> 25008 | I57: =H57 -> 25008 | J57: =I57 -> 25008 | K57: =J57 -> 25008 | L57: =K57 -> 25008 | M57: =L57 -> 25008 | N57: =M57 -> 25008 | ... S57: =R57 -> 25008 | T57: =+S57 -> 25008
D58: Média Passageiros Equivalentes MENSAL | E58: (Passag./Mês) | F58: =+F54+F56 -> 92724 | G58: =+G54+G56 -> 92724 | H58: =+H54+H56 -> 92724 | I58: =+I54+I56 -> 92724 | J58: =+J54+J56 -> 92724 | K58: =+K54+K56 -> 92724 | L58: =+L54+L56 -> 92724 | M58: =+M54+M56 -> 92724 | ... T58: =+T54+T56 -> 92724
D59: Média Passageiros Equivalentes ANUAL | E59: (Passag./ANUAL) | F59: =+F58*12 -> 1112688 | G59: =+G58*12 -> 1112688 | H59: =+H58*12 -> 1112688 | I59: =+I58*12 -> 1112688 | J59: =+J58*12 -> 1112688 | K59: =+K58*12 -> 1112688 | L59: =+L58*12 -> 1112688 | M59: =+M58*12 -> 1112688 | ... T59: =+T58*12 -> 1112688
D60: * - Pagantes + Comum + Vale Transporte

Sheet 2. COEFICIENTES
E2: SECRETARIA MUNICIPAL DE DESENVOLVIMENTO URBANO
E3: =MENU!$B$3&" - "&+MENU!$B$4 -> CONCORRÊNCIA Nº 003/18 -
E4: =+MENU!$C$2 -> ESTUDO TÉCNICO DE VIABILIDADE ECONÔMICA DA OPERAÇÃO DO SERVIÇO DE TRANSPORTE COLETIVO DA CIDADE DE AMPARO
E5: =+MENU!$C$3 -> ANEXO IV.1 - ESTUDO TÉCNICO DE VIABILIDADE ECONÔMICA - ORÇAMENTO ESTIMADO | T5: =+MENU!$C$5 -> DATA BASE DE CÁLCULO: MARÇO 2020
B7: =+MENU!$C$15 -> 2. - COEFICIENTES DE CONSUMOS E PARÂMETROS ADOTADOS
C9: =+MENU!$C$16 -> 2.1. - COEFICIENTES DE CONSUMO DE COMBUSTÍVEIS
C11: =+MENU!$C$17 -> 2.1.1. - COEFICIENTES DE CONSUMO DE ÓLEO DIESEL
C13: ÓLEO DIESEL | E13: Un. | F13: 1 | G13: =+F13+1 -> 2 | H13: =+G13+1 -> 3 | I13: =+H13+1 -> 4 | J13: =+I13+1 -> 5 | K13: =+J13+1 -> 6 | L13: =+K13+1 -> 7 | M13: =+L13+1 -> 8 | N13: =+M13+1 -> 9 | ... T13: =+S13+1 -> 15
A14: 1 | D14: =VLOOKUP(A14,TIPOLOGIA!$D$10:$E$12,2,0) -> MICROÔNIBUS | E14: (ℓ/km.) | F14: 0.2505 | G14: =+F14 -> 0.2505 | H14: =+G14 -> 0.2505 | I14: =+H14 -> 0.2505 | J14: =+I14 -> 0.2505 | K14: =+J14 -> 0.2505 | L14: =+K14 -> 0.2505 | M14: =+L14 -> 0.2505 | N14: =+M14 -> 0.2505 | ... T14: =+S14 -> 0.2505
A15: 2 | D15: =VLOOKUP(A15,TIPOLOGIA!$D$10:$E$12,2,0) -> CONVENCIONAL | E15: =+E14 -> (ℓ/km.) | F15: 0.4102 | G15: =+F15 -> 0.4102 | H15: =+G15 -> 0.4102 | I15: =+H15 -> 0.4102 | J15: =+I15 -> 0.4102 | K15: =+J15 -> 0.4102 | L15: =+K15 -> 0.4102 | M15: =+L15 -> 0.4102 | N15: =+M15 -> 0.4102 | ... T15: =+S15 -> 0.4102
A16: 3 | D16: =VLOOKUP(A16,TIPOLOGIA!$D$10:$E$12,2,0) -> - | E16: =+E15 -> (ℓ/km.) | F16: 0 | G16: =+F16 -> 0 | H16: =+G16 -> 0 | I16: =+H16 -> 0 | J16: =+I16 -> 0 | K16: =+J16 -> 0 | L16: =+K16 -> 0 | M16: =+L16 -> 0 | N16: =+M16 -> 0 | ... T16: =+S16 -> 0
C18: =+MENU!$C$18 -> 2.1.2. - COEFICIENTES DE CONSUMO DE ARLA32
C20: ARLA32 | E20: Un. | F20: 1 | G20: =+F20+1 -> 2 | H20: =+G20+1 -> 3 | I20: =+H20+1 -> 4 | J20: =+I20+1 -> 5 | K20: =+J20+1 -> 6 | L20: =+K20+1 -> 7 | M20: =+L20+1 -> 8 | N20: =+M20+1 -> 9 | ... T20: =+S20+1 -> 15
A21: 1 | D21: Coeficiente de correlação de consumo do Arla32 relacionado ao consumo de diesel | E21: (%/Mês) | F21: 0.032 | G21: =+F21 -> 0.032 | H21: =+G21 -> 0.032 | I21: =+H21 -> 0.032 | J21: =+I21 -> 0.032 | K21: =+J21 -> 0.032 | L21: =+K21 -> 0.032 | M21: =+L21 -> 0.032 | N21: =+M21 -> 0.032 | ... T21: =+S21 -> 0.032
C24: =+MENU!$C$19 -> 2.2. - COEFICIENTE DE CONSUMO DE LUBRIFICANTES
C26: LUBRIFICANTES | E26: Un. | F26: 1 | G26: =+F26+1 -> 2 | H26: =+G26+1 -> 3 | I26: =+H26+1 -> 4 | J26: =+I26+1 -> 5 | K26: =+J26+1 -> 6 | L26: =+K26+1 -> 7 | M26: =+L26+1 -> 8 | N26: =+M26+1 -> 9 | ... T26: =+S26+1 -> 15
D27: Coef. % sobre Preço de Óleo Diesel | E27: (%/Mês) | F27: 0.045 | G27: =+F27 -> 0.045 | H27: =+G27 -> 0.045 | I27: =+H27 -> 0.045 | J27: =+I27 -> 0.045 | K27: =+J27 -> 0.045 | L27: =+K27 -> 0.045 | M27: =+L27 -> 0.045 | N27: =+M27 -> 0.045 | ... S27: =+R27 -> 0.045 | T27: =S27 -> 0.045
C30: =+MENU!$C$20 -> 2.3. - PARÂMETROS DE MATERIAL DE RODAGEM
C32: =+MENU!$C$21 -> 2.3.1. - VIDA ÚTIL DE PNEU
C34: VIDA ÚTIL PNEU | E34: Un. | F34: 1 | G34: =+F34+1 -> 2 | H34: =+G34+1 -> 3 | I34: =+H34+1 -> 4 | J34: =+I34+1 -> 5 | K34: =+J34+1 -> 6 | L34: =+K34+1 -> 7 | M34: =+L34+1 -> 8 | N34: =+M34+1 -> 9 | ... T34: =+S34+1 -> 15
A35: 1 | D35: =VLOOKUP(A35,TIPOLOGIA!$D$10:$E$12,2,0) -> MICROÔNIBUS | E35: (km/Mês/pneu) | F35: 105000 | G35: =F35 -> 105000 | H35: =G35 -> 105000 | I35: =H35 -> 105000 | J35: =I35 -> 105000 | K35: =J35 -> 105000 | L35: =K35 -> 105000 | M35: =L35 -> 105000 | N35: =M35 -> 105000 | ... T35: =S35 -> 105000
A36: 2 | D36: =VLOOKUP(A36,TIPOLOGIA!$D$10:$E$12,2,0) -> CONVENCIONAL | E36: =+E35 -> (km/Mês/pneu) | F36: 105000 | G36: =F36 -> 105000 | H36: =G36 -> 105000 | I36: =H36 -> 105000 | J36: =I36 -> 105000 | K36: =J36 -> 105000 | L36: =K36 -> 105000 | M36: =L36 -> 105000 | N36: =M36 -> 105000 | ... T36: =S36 -> 105000
A37: 3 | D37: =VLOOKUP(A37,TIPOLOGIA!$D$10:$E$12,2,0) -> - | E37: =+E36 -> (km/Mês/pneu) | F37: 0 | G37: =F37 -> 0 | H37: =G37 -> 0 | I37: =H37 -> 0 | J37: =I37 -> 0 | K37: =J37 -> 0 | L37: =K37 -> 0 | M37: =L37 -> 0 | N37: =M37 -> 0 | ... T37: =S37 -> 0
C39: =+MENU!$C$22 -> 2.3.2. - NÚMERO DE PNEU POR JOGOS
C41: NÚMERO DE PNEUS POR JOGOS | E41: Un. | F41: 1 | G41: =+F41+1 -> 2 | H41: =+G41+1 -> 3 | I41: =+H41+1 -> 4 | J41: =+I41+1 -> 5 | K41: =+J41+1 -> 6 | L41: =+K41+1 -> 7 | M41: =+L41+1 -> 8 | N41: =+M41+1 -> 9 | ... T41: =+S41+1 -> 15
A42: 1 | D42: =VLOOKUP(A42,TIPOLOGIA!$D$10:$E$12,2,0) -> MICROÔNIBUS | E42: (un./jogos) | F42: 4 | G42: =F42 -> 4 | H42: =G42 -> 4 | I42: =H42 -> 4 | J42: =I42 -> 4 | K42: =J42 -> 4 | L42: =K42 -> 4 | M42: =L42 -> 4 | N42: =M42 -> 4 | ... T42: =S42 -> 4
A43: 2 | D43: =VLOOKUP(A43,TIPOLOGIA!$D$10:$E$12,2,0) -> CONVENCIONAL | E43: =+E42 -> (un./jogos) | F43: 6 | G43: =F43 -> 6 | H43: =G43 -> 6 | I43: =H43 -> 6 | J43: =I43 -> 6 | K43: =J43 -> 6 | L43: =K43 -> 6 | M43: =L43 -> 6 | N43: =M43 -> 6 | ... T43: =S43 -> 6
A44: 3 | D44: =VLOOKUP(A44,TIPOLOGIA!$D$10:$E$12,2,0) -> - | E44: =+E43 -> (un./jogos) | F44: 0 | G44: =F44 -> 0 | H44: =G44 -> 0 | I44: =H44 -> 0 | J44: =I44 -> 0 | K44: =J44 -> 0 | L44: =K44 -> 0 | M44: =L44 -> 0 | N44: =M44 -> 0 | ... T44: =S44 -> 0
C46: =+MENU!$C$23 -> 2.3.3. - NÚMERO DE RECAPAGEM
C48: NÚMERO DE RECAPAGEM | E48: Un. | F48: 1 | G48: =+F48+1 -> 2 | H48: =+G48+1 -> 3 | I48: =+H48+1 -> 4 | J48: =+I48+1 -> 5 | K48: =+J48+1 -> 6 | L48: =+K48+1 -> 7 | M48: =+L48+1 -> 8 | N48: =+M48+1 -> 9 | ... T48: =+S48+1 -> 15
A49: 1 | D49: =VLOOKUP(A49,TIPOLOGIA!$D$10:$E$12,2,0) -> MICROÔNIBUS | E49: (un./jogos) | F49: 1 | G49: =F49 -> 1 | H49: =G49 -> 1 | I49: =H49 -> 1 | J49: =I49 -> 1 | K49: =J49 -> 1 | L49: =K49 -> 1 | M49: =L49 -> 1 | N49: =M49 -> 1 | ... T49: =S49 -> 1
A50: 2 | D50: =VLOOKUP(A50,TIPOLOGIA!$D$10:$E$12,2,0) -> CONVENCIONAL | E50: =+E49 -> (un./jogos) | F50: 2 | G50: =F50 -> 2 | H50: =G50 -> 2 | I50: =H50 -> 2 | J50: =I50 -> 2 | K50: =J50 -> 2 | L50: =K50 -> 2 | M50: =L50 -> 2 | N50: =M50 -> 2 | ... T50: =S50 -> 2
A51: 3 | D51: =VLOOKUP(A51,TIPOLOGIA!$D$10:$E$12,2,0) -> - | E51: =+E50 -> (un./jogos) | F51: 0 | G51: =F51 -> 0 | H51: =G51 -> 0 | I51: =H51 -> 0 | J51: =I51 -> 0 | K51: =J51 -> 0 | L51: =K51 -> 0 | M51: =L51 -> 0 | N51: =M51 -> 0 | ... T51: =S51 -> 0
C54: =+MENU!$C$24 -> 2.4. - COEFICIENTE PEÇAS E ACESSÓRIOS
D56: PEÇAS E ACESSÓRIOS | E56: Un. | F56: 1 | G56: =+F56+1 -> 2 | H56: =+G56+1 -> 3 | I56: =+H56+1 -> 4 | J56: =+I56+1 -> 5 | K56: =+J56+1 -> 6 | L56: =+K56+1 -> 7 | M56: =+L56+1 -> 8 | N56: =+M56+1 -> 9 | ... T56: =+S56+1 -> 15
D57: Coeficiente Anual sobre preço de Veículo Novo ponderado | E57: (% a.m.) | F57: =ROUND(((4%+5%)/2)/12,4) -> 0.0038 | G57: =F57 -> 0.0038 | H57: =G57 -> 0.0038 | I57: =H57 -> 0.0038 | J57: =I57 -> 0.0038 | K57: =J57 -> 0.0038 | L57: =K57 -> 0.0038 | M57: =L57 -> 0.0038 | N57: =M57 -> 0.0038 | ... T57: =S57 -> 0.0038
C60: =+MENU!$C$25 -> 2.5. - CAPITAL INVESTIDO EM VEÍCULOS
C62: =+MENU!$C$26 -> 2.5.1. - VIDA ECONOMICAMENTE ÚTIL DE VEÍCULOS DA FROTA
C64: VIDA ÚTIL VEÍCULO DA FROTA | E64: Un. | F64: 1 | G64: =+F64+1 -> 2 | H64: =+G64+1 -> 3 | I64: =+H64+1 -> 4 | J64: =+I64+1 -> 5 | K64: =+J64+1 -> 6 | L64: =+K64+1 -> 7 | M64: =+L64+1 -> 8 | N64: =+M64+1 -> 9 | ... T64: =+S64+1 -> 15
A65: 1 | D65: =VLOOKUP(A65,TIPOLOGIA!$D$10:$E$12,2,0) -> MICROÔNIBUS | E65: (ano) | F65: 8 | G65: =F65 -> 8 | H65: =G65 -> 8 | I65: =H65 -> 8 | J65: =I65 -> 8 | K65: =J65 -> 8 | L65: =K65 -> 8 | M65: =L65 -> 8 | N65: =M65 -> 8 | ... T65: =S65 -> 8
A66: 2 | D66: =VLOOKUP(A66,TIPOLOGIA!$D$10:$E$12,2,0) -> CONVENCIONAL | E66: =+E65 -> (ano) | F66: 8 | G66: =F66 -> 8 | H66: =G66 -> 8 | I66: =H66 -> 8 | J66: =I66 -> 8 | K66: =J66 -> 8 | L66: =K66 -> 8 | M66: =L66 -> 8 | N66: =M66 -> 8 | ... T66: =S66 -> 8
A67: 3 | D67: =VLOOKUP(A67,TIPOLOGIA!$D$10:$E$12,2,0) -> - | E67: =+E66 -> (ano) | F67: 0 | G67: =F67 -> 0 | H67: =G67 -> 0 | I67: =H67 -> 0 | J67: =I67 -> 0 | K67: =J67 -> 0 | L67: =K67 -> 0 | M67: =L67 -> 0 | N67: =M67 -> 0 | ... T67: =S67 -> 0
C69: =+MENU!$C$27 -> 2.5.2. - VALOR RESIDUAL DE VEÍCULOS DA FROTA
C71: VALOR RESIDUAL | E71: Un. | F71: 1 | G71: =+F71+1 -> 2 | H71: =+G71+1 -> 3 | I71: =+H71+1 -> 4 | J71: =+I71+1 -> 5 | K71: =+J71+1 -> 6 | L71: =+K71+1 -> 7 | M71: =+L71+1 -> 8 | N71: =+M71+1 -> 9 | ... T71: =+S71+1 -> 15
A72: 1 | D72: =VLOOKUP(A72,TIPOLOGIA!$D$10:$E$12,2,0) -> MICROÔNIBUS | E72: (%/Veíc.) | F72: 0.15 | G72: =F72 -> 0.15 | H72: =G72 -> 0.15 | I72: =H72 -> 0.15 | J72: =I72 -> 0.15 | K72: =J72 -> 0.15 | L72: =K72 -> 0.15 | M72: =L72 -> 0.15 | N72: =M72 -> 0.15 | ... T72: =S72 -> 0.15
A73: 2 | D73: =VLOOKUP(A73,TIPOLOGIA!$D$10:$E$12,2,0) -> CONVENCIONAL | E73: =+E72 -> (%/Veíc.) | F73: 0.1 | G73: =F73 -> 0.1 | H73: =G73 -> 0.1 | I73: =H73 -> 0.1 | J73: =I73 -> 0.1 | K73: =J73 -> 0.1 | L73: =K73 -> 0.1 | M73: =L73 -> 0.1 | N73: =M73 -> 0.1 | ... T73: =S73 -> 0.1
A74: 3 | D74: =VLOOKUP(A74,TIPOLOGIA!$D$10:$E$12,2,0) -> - | E74: =+E73 -> (%/Veíc.) | F74: 0 | G74: =F74 -> 0 | H74: =G74 -> 0 | I74: =H74 -> 0 | J74: =I74 -> 0 | K74: =J74 -> 0 | L74: =K74 -> 0 | M74: =L74 -> 0 | N74: =M74 -> 0 | ... T74: =S74 -> 0
C77: =+MENU!$C$28 -> 2.6. - FATOR DE UTILIZAÇÃO, PARÂMETROS, QUANTITATIVO DE BENEFÍCIOS E ENCARGOS SOCIAIS
C79: =+MENU!$C$29 -> 2.6.1. - FATOR DE UTILIZAÇÃO DO PESSOAL DE OPERAÇÃO
C81: FATOR DE UTILIZAÇÃO | E81: Un. | F81: 1 | G81: =+F81+1 -> 2 | H81: =+G81+1 -> 3 | I81: =+H81+1 -> 4 | J81: =+I81+1 -> 5 | K81: =+J81+1 -> 6 | L81: =+K81+1 -> 7 | M81: =+L81+1 -> 8 | N81: =+M81+1 -> 9 | ... T81: =+S81+1 -> 15
A82: 1 | D82: Motorista | E82: (Func./Veíc. Op.) | F82: 2.21 | G82: =F82 -> 2.21 | H82: =G82 -> 2.21 | I82: =H82 -> 2.21 | J82: =I82 -> 2.21 | K82: =J82 -> 2.21 | L82: =K82 -> 2.21 | M82: =L82 -> 2.21 | N82: =M82 -> 2.21 | ... T82: =S82 -> 2.21
A83: 2 | D83: Pessoal de Fiscalização | E83: =+E82 -> (Func./Veíc. Op.) | F83: 0.2 | G83: =+F83 -> 0.2 | H83: =+G83 -> 0.2 | I83: =+H83 -> 0.2 | J83: =+I83 -> 0.2 | K83: =+J83 -> 0.2 | L83: =+K83 -> 0.2 | M83: =+L83 -> 0.2 | N83: =+M83 -> 0.2 | ... S83: =+R83 -> 0.2 | T83: =S83 -> 0.2
A84: 3 | D84: Cobrador | E84: =+E83 -> (Func./Veíc. Op.) | F84: 0.2 | G84: =+F84 -> 0.2 | H84: =+G84 -> 0.2 | I84: =+H84 -> 0.2 | J84: =+I84 -> 0.2 | K84: =+J84 -> 0.2 | L84: =+K84 -> 0.2 | M84: =+L84 -> 0.2 | N84: =+M84 -> 0.2 | ... S84: =+R84 -> 0.2 | T84: =S84 -> 0.2
C86: =+MENU!$C$30 -> 2.6.2. - FATOR DE UTILIZAÇÃO DO PESSOAL DE OPERAÇÃO (FÍSICO) PARA CÁLCULOS DOS BENEFÍCIOS
C88: FATOR DE UTILIZAÇÃO PARA CÁLCULO DOS CUSTEIOS COM BENEFICIOS | E88: Un. | F88: 1 | G88: =+F88+1 -> 2 | H88: =+G88+1 -> 3 | I88: =+H88+1 -> 4 | J88: =+I88+1 -> 5 | K88: =+J88+1 -> 6 | L88: =+K88+1 -> 7 | M88: =+L88+1 -> 8 | N88: =+M88+1 -> 9 | ... T88: =+S88+1 -> 15
A89: 1 | D89: Motorista | E89: =+E82 -> (Func./Veíc. Op.) | F89: 2.21 | G89: =F89 -> 2.21 | H89: =G89 -> 2.21 | I89: =H89 -> 2.21 | J89: =I89 -> 2.21 | K89: =J89 -> 2.21 | L89: =K89 -> 2.21 | M89: =L89 -> 2.21 | N89: =M89 -> 2.21 | ... T89: =S89 -> 2.21
A90: 2 | D90: Pessoal de Fiscalização | E90: =+E89 -> (Func./Veíc. Op.) | F90: 0.2 | G90: =+F90 -> 0.2 | H90: =+G90 -> 0.2 | I90: =+H90 -> 0.2 | J90: =+I90 -> 0.2 | K90: =+J90 -> 0.2 | L90: =+K90 -> 0.2 | M90: =+L90 -> 0.2 | N90: =+M90 -> 0.2 | ... S90: =+R90 -> 0.2 | T90: =S90 -> 0.2
A91: 3 | D91: Cobrador | E91: =+E90 -> (Func./Veíc. Op.) | F91: 0.2 | G91: =+F91 -> 0.2 | H91: =+G91 -> 0.2 | I91: =+H91 -> 0.2 | J91: =+I91 -> 0.2 | K91: =+J91 -> 0.2 | L91: =+K91 -> 0.2 | M91: =+L91 -> 0.2 | N91: =+M91 -> 0.2 | ... S91: =+R91 -> 0.2 | T91: =S91 -> 0.2
C94: =+MENU!$C$31 -> 2.6.3. - PARÂMETRO PESSOAL DE MANUTEÇÃO
C96: PESSOAL DE MANUTENÇÃO | E96: Un. | F96: 1 | G96: =+F96+1 -> 2 | H96: =+G96+1 -> 3 | I96: =+H96+1 -> 4 | J96: =+I96+1 -> 5 | K96: =+J96+1 -> 6 | L96: =+K96+1 -> 7 | M96: =+L96+1 -> 8 | N96: =+M96+1 -> 9 | ... T96: =+S96+1 -> 15
A97: 1 | D97: % sobre pessoal de operação | E97: (%/P. Op.) | F97: =ROUND((12%+13%)/2,4) -> 0.125 | G97: =F97 -> 0.125 | H97: =G97 -> 0.125 | I97: =H97 -> 0.125 | J97: =I97 -> 0.125 | K97: =J97 -> 0.125 | L97: =K97 -> 0.125 | M97: =L97 -> 0.125 | N97: =M97 -> 0.125 | ... T97: =S97 -> 0.125
C100: =+MENU!$C$32 -> 2.6.4. - PARÂMETRO PESSOAL DE ADMINISTRATIVO
C102: PESSOAL ADMINISTRATIVO | E102: Un. | F102: 1 | G102: =+F102+1 -> 2 | H102: =+G102+1 -> 3 | I102: =+H102+1 -> 4 | J102: =+I102+1 -> 5 | K102: =+J102+1 -> 6 | L102: =+K102+1 -> 7 | M102: =+L102+1 -> 8 | N102: =+M102+1 -> 9 | ... T102: =+S102+1 -> 15
D103: % sobre pessoal de operação | E103: (%/P. Op.) | F103: =ROUND((8%+9%)/2,4) -> 0.085 | G103: =F103 -> 0.085 | H103: =G103 -> 0.085 | I103: =H103 -> 0.085 | J103: =I103 -> 0.085 | K103: =J103 -> 0.085 | L103: =K103 -> 0.085 | M103: =L103 -> 0.085 | N103: =M103 -> 0.085 | ... T103: =S103 -> 0.085
C106: =+MENU!$C$33 -> 2.6.5. - QUANTITATIVO DE BENEFÍCIOS
C108: QUANTITATIVO DE BENEFÍCIOS | E108: Un. | F108: 1 | G108: =+F108+1 -> 2 | H108: =+G108+1 -> 3 | I108: =+H108+1 -> 4 | J108: =+I108+1 -> 5 | K108: =+J108+1 -> 6 | L108: =+K108+1 -> 7 | M108: =+L108+1 -> 8 | N108: =+M108+1 -> 9 | ... T108: =+S108+1 -> 15
A109: 1 | D109: Cesta Básica | E109: (Un./Mês) | F109: 1 | G109: =+F109 -> 1 | H109: =+G109 -> 1 | I109: =+H109 -> 1 | J109: =+I109 -> 1 | K109: =+J109 -> 1 | L109: =+K109 -> 1 | M109: =+L109 -> 1 | N109: =+M109 -> 1 | ... S109: =+R109 -> 1 | T109: =S109 -> 1
A110: 2 | D110: Vale Refeição | E110: (Ticket/Mês) | F110: 30 | G110: =+F110 -> 30 | H110: =+G110 -> 30 | I110: =+H110 -> 30 | J110: =+I110 -> 30 | K110: =+J110 -> 30 | L110: =+K110 -> 30 | M110: =+L110 -> 30 | N110: =+M110 -> 30 | ... S110: =+R110 -> 30 | T110: =S110 -> 30
A111: 3 | D111: Convenio Médico | E111: =+E109 -> (Un./Mês) | F111: 0 | G111: =+F111 -> 0 | H111: =+G111 -> 0 | I111: =+H111 -> 0 | J111: =+I111 -> 0 | K111: =+J111 -> 0 | L111: =+K111 -> 0 | M111: =+L111 -> 0 | N111: =+M111 -> 0 | ... S111: =+R111 -> 0 | T111: =S111 -> 0
A112: 3 | D112: Participação nos Lucros e Resultados | E112: =+E111 -> (Un./Mês) | F112: 0 | G112: =+F112 -> 0 | H112: =+G112 -> 0 | I112: =+H112 -> 0 | J112: =+I112 -> 0 | K112: =+J112 -> 0 | L112: =+K112 -> 0 | M112: =+L112 -> 0 | N112: =+M112 -> 0 | ... S112: =+R112 -> 0 | T112: =S112 -> 0
A113: 3 | D113: Cafe da Manhã | E113: =+E112 -> (Un./Mês) | F113: 0 | G113: =+F113 -> 0 | H113: =+G113 -> 0 | I113: =+H113 -> 0 | J113: =+I113 -> 0 | K113: =+J113 -> 0 | L113: =+K113 -> 0 | M113: =+L113 -> 0 | N113: =+M113 -> 0 | ... S113: =+R113 -> 0 | T113: =S113 -> 0
C116: =+MENU!$C$34 -> 2.7. - TOTAL DE ENCARGOS SOCIAIS
C118: ENCARGOS SOCIAIS | E118: Un. | F118: 1 | G118: =+F118+1 -> 2 | H118: =+G118+1 -> 3 | I118: =+H118+1 -> 4 | J118: =+I118+1 -> 5 | K118: =+J118+1 -> 6 | L118: =+K118+1 -> 7 | M118: =+L118+1 -> 8 | N118: =+M118+1 -> 9 | ... T118: =+S118+1 -> 15
A119: 1 | D119: Total de Encargos Sociais | E119: (%/mês) | F119: =+'9. ENCARGOS SOCIAIS'!C42 -> 0.42713 | G119: =+'9. ENCARGOS SOCIAIS'!D42 -> 0.65419 | H119: =+'9. ENCARGOS SOCIAIS'!E42 -> 0.65419 | I119: =+'9. ENCARGOS SOCIAIS'!F42 -> 0.65419 | J119: =+'9. ENCARGOS SOCIAIS'!G42 -> 0.65419 | K119: =+'9. ENCARGOS SOCIAIS'!H42 -> 0.65419 | L119: =+'9. ENCARGOS SOCIAIS'!I42 -> 0.65419 | M119: =+'9. ENCARGOS SOCIAIS'!J42 -> 0.65419 | ... T119: =+'9. ENCARGOS SOCIAIS'!Q42 -> 0.65419
C122: =+MENU!$C$35 -> 2.8. - DESPESAS ADMINISTRATIVAS
C124: =+MENU!$C$36 -> 2.8.1 - DESPESAS GERAIS
C126: DESPESAS GERAIS | E126: Un. | F126: 1 | G126: =+F126+1 -> 2 | H126: =+G126+1 -> 3 | I126: =+H126+1 -> 4 | J126: =+I126+1 -> 5 | K126: =+J126+1 -> 6 | L126: =+K126+1 -> 7 | M126: =+L126+1 -> 8 | N126: =+M126+1 -> 9 | ... T126: =+S126+1 -> 15
A127: 1 | D127: % Desp. Gerais sobre preço Veículo Leve Novo Completo | E127: (%/mês) | F127: =2.2%/12 -> 0.0018333333 | G127: =+F127 -> 0.0018333333 | H127: =+G127 -> 0.0018333333 | I127: =+H127 -> 0.0018333333 | J127: =+I127 -> 0.0018333333 | K127: =+J127 -> 0.0018333333 | L127: =+K127 -> 0.0018333333 | M127: =+L127 -> 0.0018333333 | N127: =+M127 -> 0.0018333333 | ... T127: =+S127 -> 0.0018333333
C129: =+MENU!$C$37 -> 2.8.2 - CUSTEIOS COM PRÓ-LABORE
C131: PRÓ-LABORE | E131: Un. | F131: 1 | G131: =+F131+1 -> 2 | H131: =+G131+1 -> 3 | I131: =+H131+1 -> 4 | J131: =+I131+1 -> 5 | K131: =+J131+1 -> 6 | L131: =+K131+1 -> 7 | M131: =+L131+1 -> 8 | N131: =+M131+1 -> 9 | ... T131: =+S131+1 -> 15
A132: 1 | D132: % Sobre Pessoal de Operação | E132: (%/mês) | F132: 0.1 | G132: =+F132 -> 0.1 | H132: =+G132 -> 0.1 | I132: =+H132 -> 0.1 | J132: =+I132 -> 0.1 | K132: =+J132 -> 0.1 | L132: =+K132 -> 0.1 | M132: =+L132 -> 0.1 | N132: =+M132 -> 0.1 | ... T132: =+S132 -> 0.1
C134: =+MENU!$C$38 -> 2.8.3 - REMUNERAÇÃO DO ALMOXARIFADO
C136: ALMOXARIFADO | E136: Un. | F136: 1 | G136: =+F136+1 -> 2 | H136: =+G136+1 -> 3 | I136: =+H136+1 -> 4 | J136: =+I136+1 -> 5 | K136: =+J136+1 -> 6 | L136: =+K136+1 -> 7 | M136: =+L136+1 -> 8 | N136: =+M136+1 -> 9 | ... T136: =+S136+1 -> 15
A137: 1 | D137: % sobre preço Veículo Novo Ponderado Completo | E137: (%/mês) | F137: 0.0003 | G137: =+F137 -> 0.0003 | H137: =+G137 -> 0.0003 | I137: =+H137 -> 0.0003 | J137: =+I137 -> 0.0003 | K137: =+J137 -> 0.0003 | L137: =+K137 -> 0.0003 | M137: =+L137 -> 0.0003 | N137: =+M137 -> 0.0003 | ... T137: =+S137 -> 0.0003

Sheet 3. PREÇOS INSUMOS
F2: SECRETARIA MUNICIPAL DE DESENVOLVIMENTO URBANO
F3: =MENU!$B$3&" - "&+MENU!$B$4 -> CONCORRÊNCIA Nº 003/18 -
F4: =+MENU!$C$2 -> ESTUDO TÉCNICO DE VIABILIDADE ECONÔMICA DA OPERAÇÃO DO SERVIÇO DE TRANSPORTE COLETIVO DA CIDADE DE AMPARO
F5: =+MENU!$C$3 -> ANEXO IV.1 - ESTUDO TÉCNICO DE VIABILIDADE ECONÔMICA - ORÇAMENTO ESTIMADO | U5: =+MENU!$C$5 -> DATA BASE DE CÁLCULO: MARÇO 2020
B7: =+MENU!$C$39 -> 3. - PREÇOS DE INSUMOS, SALÁRIOS E BENEFÍCIOS
C9: =+MENU!$C$40 -> 3.1. - PREÇOS DE COMBUSTÍVEIS
C11: COMBUSTÍVEIS | F11: Un. | G11: 1 | H11: =+G11+1 -> 2 | I11: =+H11+1 -> 3 | J11: =+I11+1 -> 4 | K11: =+J11+1 -> 5 | L11: =+K11+1 -> 6 | M11: =+L11+1 -> 7 | N11: =+M11+1 -> 8 | O11: =+N11+1 -> 9 | ... U11: =+T11+1 -> 15
D12: Preço de Óleo Diesel | F12: (R$/ℓ) | G12: 2.659 | H12: =+G12 -> 2.659 | I12: =+H12 -> 2.659 | J12: =+I12 -> 2.659 | K12: =+J12 -> 2.659 | L12: =+K12 -> 2.659 | M12: =+L12 -> 2.659 | N12: =+M12 -> 2.659 | O12: =+N12 -> 2.659 | ... U12: =+T12 -> 2.659
D13: Preço de Arla32 | F13: (R$/ℓ) | G13: 1.2 | H13: =+G13 -> 1.2 | I13: =+H13 -> 1.2 | J13: =+I13 -> 1.2 | K13: =+J13 -> 1.2 | L13: =+K13 -> 1.2 | M13: =+L13 -> 1.2 | N13: =+M13 -> 1.2 | O13: =+N13 -> 1.2 | ... U13: =+T13 -> 1.2
C16: =+MENU!$C$41 -> 3.2. - PREÇO DE LUBRIFICANTES
C18: LUBRIFICANTES | F18: Un. | G18: 1 | H18: =+G18+1 -> 2 | I18: =+H18+1 -> 3 | J18: =+I18+1 -> 4 | K18: =+J18+1 -> 5 | L18: =+K18+1 -> 6 | M18: =+L18+1 -> 7 | N18: =+M18+1 -> 8 | O18: =+N18+1 -> 9 | ... U18: =+T18+1 -> 15
D19: Valor de Lubrificantes por Litro | F19: (R$/ℓ) | G19: =ROUND('2. COEFICIENTES'!F27*G12,4) -> 0.1197 | H19: =ROUND('2. COEFICIENTES'!G27*H12,4) -> 0.1197 | I19: =ROUND('2. COEFICIENTES'!H27*I12,4) -> 0.1197 | J19: =ROUND('2. COEFICIENTES'!I27*J12,4) -> 0.1197 | K19: =ROUND('2. COEFICIENTES'!J27*K12,4) -> 0.1197 | L19: =ROUND('2. COEFICIENTES'!K27*L12,4) -> 0.1197 | M19: =ROUND('2. COEFICIENTES'!L27*M12,4) -> 0.1197 | N19: =ROUND('2. COEFICIENTES'!M27*N12,4) -> 0.1197 | ... U19: =ROUND('2. COEFICIENTES'!T27*U12,4) -> 0.1197
C22: =+MENU!$C$42 -> 3.3. - PREÇOS DE MATERIAL DE RODAGEM
C24: =+MENU!$C$43 -> 3.3.1. - PREÇOS DE PNEU NOVO
C26: PNEU NOVO | F26: Un. | G26: 1 | H26: =+G26+1 -> 2 | I26: =+H26+1 -> 3 | J26: =+I26+1 -> 4 | K26: =+J26+1 -> 5 | L26: =+K26+1 -> 6 | M26: =+L26+1 -> 7 | N26: =+M26+1 -> 8 | O26: =+N26+1 -> 9 | ... U26: =+T26+1 -> 15
A27: 1 | D27: =VLOOKUP(A27,TIPOLOGIA!$D$10:$E$12,2,0) -> MICROÔNIBUS | F27: (R$/un.) | G27: 512.56 | H27: =G27 -> 512.56 | I27: =H27 -> 512.56 | J27: =I27 -> 512.56 | K27: =J27 -> 512.56 | L27: =K27 -> 512.56 | M27: =L27 -> 512.56 | N27: =M27 -> 512.56 | O27: =N27 -> 512.56 | ... U27: =T27 -> 512.56
A28: 2 | D28: =VLOOKUP(A28,TIPOLOGIA!$D$10:$E$12,2,0) -> CONVENCIONAL | F28: =+F27 -> (R$/un.) | G28: 1252.15 | H28: =G28 -> 1252.15 | I28: =H28 -> 1252.15 | J28: =I28 -> 1252.15 | K28: =J28 -> 1252.15 | L28: =K28 -> 1252.15 | M28: =L28 -> 1252.15 | N28: =M28 -> 1252.15 | O28: =N28 -> 1252.15 | ... U28: =T28 -> 1252.15
A29: 3 | D29: =VLOOKUP(A29,TIPOLOGIA!$D$10:$E$12,2,0) -> - | F29: =+F28 -> (R$/un.) | G29: 0 | H29: =G29 -> 0 | I29: =H29 -> 0 | J29: =I29 -> 0 | K29: =J29 -> 0 | L29: =K29 -> 0 | M29: =L29 -> 0 | N29: =M29 -> 0 | O29: =N29 -> 0 | ... U29: =T29 -> 0
C31: =+MENU!$C$44 -> 3.3.2. - PREÇOS DE RECAPAGEM
C33: RECAPAGEM | F33: Un. | G33: 1 | H33: =+G33+1 -> 2 | I33: =+H33+1 -> 3 | J33: =+I33+1 -> 4 | K33: =+J33+1 -> 5 | L33: =+K33+1 -> 6 | M33: =+L33+1 -> 7 | N33: =+M33+1 -> 8 | O33: =+N33+1 -> 9 | ... U33: =+T33+1 -> 15
A34: 1 | D34: =VLOOKUP(A34,TIPOLOGIA!$D$10:$E$12,2,0) -> MICROÔNIBUS | F34: (R$/un.) | G34: 298 | H34: =G34 -> 298 | I34: =H34 -> 298 | J34: =I34 -> 298 | K34: =J34 -> 298 | L34: =K34 -> 298 | M34: =L34 -> 298 | N34: =M34 -> 298 | O34: =N34 -> 298 | ... U34: =T34 -> 298
A35: 2 | D35: =VLOOKUP(A35,TIPOLOGIA!$D$10:$E$12,2,0) -> CONVENCIONAL | F35: (R$/un.) | G35: 457 | H35: =G35 -> 457 | I35: =H35 -> 457 | J35: =I35 -> 457 | K35: =J35 -> 457 | L35: =K35 -> 457 | M35: =L35 -> 457 | N35: =M35 -> 457 | O35: =N35 -> 457 | ... U35: =T35 -> 457
A36: 3 | D36: =VLOOKUP(A36,TIPOLOGIA!$D$10:$E$12,2,0) -> - | F36: (R$/un.) | G36: 0 | H36: =G36 -> 0 | I36: =H36 -> 0 | J36: =I36 -> 0 | K36: =J36 -> 0 | L36: =K36 -> 0 | M36: =L36 -> 0 | N36: =M36 -> 0 | O36: =N36 -> 0 | ... U36: =T36 -> 0
C39: =+MENU!$C$45 -> 3.4. - PREÇOS DE VEÍCULOS
C41: =+MENU!$C$46 -> 3.4.1. - PREÇO DE VEÍCULO NOVO COMPLETO COM RODAGEM
C43: Preço de Veículo Novo Completo | F43: Un. | G43: 1 | H43: =+G43+1 -> 2 | I43: =+H43+1 -> 3 | J43: =+I43+1 -> 4 | K43: =+J43+1 -> 5 | L43: =+K43+1 -> 6 | M43: =+L43+1 -> 7 | N43: =+M43+1 -> 8 | O43: =+N43+1 -> 9 | ... U43: =+T43+1 -> 15
A44: 1 | D44: ="Preço de 1 Veíc. "&VLOOKUP(A44,TIPOLOGIA!$D$10:$E$12,2,0) -> Preço de 1 Veíc. MICROÔNIBUS | F44: (R$/Veíc.) | G44: 309000 | H44: =G44 -> 309000 | I44: =H44 -> 309000 | J44: =I44 -> 309000 | K44: =J44 -> 309000 | L44: =K44 -> 309000 | M44: =L44 -> 309000 | N44: =M44 -> 309000 | O44: =N44 -> 309000 | ... U44: =T44 -> 309000
A45: 2 | D45: ="Preço de 1 Veíc. "&VLOOKUP(A45,TIPOLOGIA!$D$10:$E$12,2,0) -> Preço de 1 Veíc. CONVENCIONAL | F45: =+F44 -> (R$/Veíc.) | G45: 388000 | H45: =G45 -> 388000 | I45: =H45 -> 388000 | J45: =I45 -> 388000 | K45: =J45 -> 388000 | L45: =K45 -> 388000 | M45: =L45 -> 388000 | N45: =M45 -> 388000 | O45: =N45 -> 388000 | ... U45: =T45 -> 388000
A46: 3 | D46: ="Preço de 1 Veíc. "&VLOOKUP(A46,TIPOLOGIA!$D$10:$E$12,2,0) -> Preço de 1 Veíc. - | F46: =+F45 -> (R$/Veíc.) | G46: 0 | H46: =G46 -> 0 | I46: =H46 -> 0 | J46: =I46 -> 0 | K46: =J46 -> 0 | L46: =K46 -> 0 | M46: =L46 -> 0 | N46: =M46 -> 0 | O46: =N46 -> 0 | ... U46: =T46 -> 0
A48: 1 | C48: =+MENU!$C$47 -> 3.4.1.1 - PREÇO DE VEÍCULO COM FATOR DE DEPRECIAÇÃO - MICROÔNIBUS
C50: FAIXA ETÁRIA | E50: Fator de depreciação | F50: % valor do veíc. novo | G50: 1 | H50: =+G50+1 -> 2 | I50: =+H50+1 -> 3 | J50: =+I50+1 -> 4 | K50: =+J50+1 -> 5 | L50: =+K50+1 -> 6 | M50: =+L50+1 -> 7 | N50: =+M50+1 -> 8 | O50: =+N50+1 -> 9 | ... U50: =+T50+1 -> 15
C51: 0 | D51: 00 a 01 ano | E51: =(1-'2. COEFICIENTES'!$F$72)*('2. COEFICIENTES'!$F$65/SUM($C$51:$C$59)) -> 0.18888889 | F51: 1 | G51: =G$44*$F51 -> 309000 | H51: =H$44*$F51 -> 309000 | I51: =I$44*$F51 -> 309000 | J51: =J$44*$F51 -> 309000 | K51: =K$44*$F51 -> 309000 | L51: =L$44*$F51 -> 309000 | M51: =M$44*$F51 -> 309000 | N51: =N$44*$F51 -> 309000 | ... U51: =U$44*$F51 -> 309000
C52: 1 | D52: 01 a 02 ano | E52: =(1-'2. COEFICIENTES'!$F$72)*(('2. COEFICIENTES'!$F$65-MAX($C$51:C52))/SUM($C$51:$C$59)) -> 0.16527778 | F52: =F51-E51 -> 0.81111111 | G52: =G$44*$F52 -> 250633.33 | H52: =H$44*$F52 -> 250633.33 | I52: =I$44*$F52 -> 250633.33 | J52: =J$44*$F52 -> 250633.33 | K52: =K$44*$F52 -> 250633.33 | L52: =L$44*$F52 -> 250633.33 | M52: =M$44*$F52 -> 250633.33 | N52: =N$44*$F52 -> 250633.33 | ... U52: =U$44*$F52 -> 250633.33
C53: 2 | D53: 02 a 03 ano | E53: =(1-'2. COEFICIENTES'!$F$72)*(('2. COEFICIENTES'!$F$65-MAX($C$51:C53))/SUM($C$51:$C$59)) -> 0.14166667 | F53: =F52-E52 -> 0.64583333 | G53: =G$44*$F53 -> 199562.5 | H53: =H$44*$F53 -> 199562.5 | I53: =I$44*$F53 -> 199562.5 | J53: =J$44*$F53 -> 199562.5 | K53: =K$44*$F53 -> 199562.5 | L53: =L$44*$F53 -> 199562.5 | M53: =M$44*$F53 -> 199562.5 | N53: =N$44*$F53 -> 199562.5 | ... U53: =U$44*$F53 -> 199562.5
C54: 3 | D54: 03 a 04 ano | E54: =(1-'2. COEFICIENTES'!$F$72)*(('2. COEFICIENTES'!$F$65-MAX($C$51:C54))/SUM($C$51:$C$59)) -> 0.11805556 | F54: =F53-E53 -> 0.50416667 | G54: =G$44*$F54 -> 155787.5 | H54: =H$44*$F54 -> 155787.5 | I54: =I$44*$F54 -> 155787.5 | J54: =J$44*$F54 -> 155787.5 | K54: =K$44*$F54 -> 155787.5 | L54: =L$44*$F54 -> 155787.5 | M54: =M$44*$F54 -> 155787.5 | N54: =N$44*$F54 -> 155787.5 | ... U54: =U$44*$F54 -> 155787.5
C55: 4 | D55: 04 a 05 ano | E55: =(1-'2. COEFICIENTES'!$F$72)*(('2. COEFICIENTES'!$F$65-MAX($C$51:C55))/SUM($C$51:$C$59)) -> 0.094444444 | F55: =F54-E54 -> 0.38611111 | G55: =G$44*$F55 -> 119308.33 | H55: =H$44*$F55 -> 119308.33 | I55: =I$44*$F55 -> 119308.33 | J55: =J$44*$F55 -> 119308.33 | K55: =K$44*$F55 -> 119308.33 | L55: =L$44*$F55 -> 119308.33 | M55: =M$44*$F55 -> 119308.33 | N55: =N$44*$F55 -> 119308.33 | ... U55: =U$44*$F55 -> 119308.33
C56: 5 | D56: 05 a 06 ano | E56: =(1-'2. COEFICIENTES'!$F$72)*(('2. COEFICIENTES'!$F$65-MAX($C$51:C56))/SUM($C$51:$C$59)) -> 0.070833333 | F56: =F55-E55 -> 0.29166667 | G56: =G$44*$F56 -> 90125 | H56: =H$44*$F56 -> 90125 | I56: =I$44*$F56 -> 90125 | J56: =J$44*$F56 -> 90125 | K56: =K$44*$F56 -> 90125 | L56: =L$44*$F56 -> 90125 | M56: =M$44*$F56 -> 90125 | N56: =N$44*$F56 -> 90125 | ... U56: =U$44*$F56 -> 90125
C57: 6 | D57: 06 a 07 ano | E57: =(1-'2. COEFICIENTES'!$F$72)*(('2. COEFICIENTES'!$F$65-MAX($C$51:C57))/SUM($C$51:$C$59)) -> 0.047222222 | F57: =F56-E56 -> 0.22083333 | G57: =G$44*$F57 -> 68237.5 | H57: =H$44*$F57 -> 68237.5 | I57: =I$44*$F57 -> 68237.5 | J57: =J$44*$F57 -> 68237.5 | K57: =K$44*$F57 -> 68237.5 | L57: =L$44*$F57 -> 68237.5 | M57: =M$44*$F57 -> 68237.5 | N57: =N$44*$F57 -> 68237.5 | ... U57: =U$44*$F57 -> 68237.5
C58: 7 | D58: 07 a 08 ano | E58: =(1-'2. COEFICIENTES'!$F$72)*(('2. COEFICIENTES'!$F$65-MAX($C$51:C58))/SUM($C$51:$C$59)) -> 0.023611111 | F58: =F57-E57 -> 0.17361111 | G58: =G$44*$F58 -> 53645.833 | H58: =H$44*$F58 -> 53645.833 | I58: =I$44*$F58 -> 53645.833 | J58: =J$44*$F58 -> 53645.833 | K58: =K$44*$F58 -> 53645.833 | L58: =L$44*$F58 -> 53645.833 | M58: =M$44*$F58 -> 53645.833 | N58: =N$44*$F58 -> 53645.833 | ... U58: =U$44*$F58 -> 53645.833
C59: 8 | D59: 08 a 09 ano | E59: =IF(C59>'2. COEFICIENTES'!$F$65,0,(1-'2. COEFICIENTES'!$F$72)*(('2. COEFICIENTES'!$F$65-MAX($C$51:C59))/SUM($C$51:$C$59))) -> 0 | F59: =F58-E58 -> 0.15 | G59: =G$44*$F59 -> 46350 | H59: =H$44*$F59 -> 46350 | I59: =I$44*$F59 -> 46350 | J59: =J$44*$F59 -> 46350 | K59: =K$44*$F59 -> 46350 | L59: =L$44*$F59 -> 46350 | M59: =M$44*$F59 -> 46350 | N59: =N$44*$F59 -> 46350 | ... U59: =U$44*$F59 -> 46350
C60: 9 | D60: 09 a 10 ano | E60: =IF(C60>'2. COEFICIENTES'!$F$65,0,(1-'2. COEFICIENTES'!$F$72)*(('2. COEFICIENTES'!$F$65-MAX($C$51:C60))/SUM($C$51:$C$59))) -> 0 | F60: =IF(E59=0,0,F59-E59) -> 0 | G60: =G$44*$F60 -> 0 | H60: =H$44*$F60 -> 0 | I60: =I$44*$F60 -> 0 | J60: =J$44*$F60 -> 0 | K60: =K$44*$F60 -> 0 | L60: =L$44*$F60 -> 0 | M60: =M$44*$F60 -> 0 | N60: =N$44*$F60 -> 0 | ... U60: =U$44*$F60 -> 0
C61: 10 | D61: +10 anos | E61: =IF(C61>'2. COEFICIENTES'!$F$65,0,(1-'2. COEFICIENTES'!$F$72)*(('2. COEFICIENTES'!$F$65-MAX($C$51:C61))/SUM($C$51:$C$59))) -> 0 | F61: =IF(E60=0,0,F60-E60) -> 0 | G61: =G$44*$F61 -> 0 | H61: =H$44*$F61 -> 0 | I61: =I$44*$F61 -> 0 | J61: =J$44*$F61 -> 0 | K61: =K$44*$F61 -> 0 | L61: =L$44*$F61 -> 0 | M61: =M$44*$F61 -> 0 | N61: =N$44*$F61 -> 0 | ... U61: =U$44*$F61 -> 0
A63: 2 | C63: =+MENU!$C$48 -> 3.4.1.2 - PREÇO DE VEÍCULO COM FATOR DE DEPRECIAÇÃO - CONVENCIONAL
C65: FAIXA ETÁRIA | E65: Fator de depreciação | F65: % valor do veíc. novo | G65: 1 | H65: =+G65+1 -> 2 | I65: =+H65+1 -> 3 | J65: =+I65+1 -> 4 | K65: =+J65+1 -> 5 | L65: =+K65+1 -> 6 | M65: =+L65+1 -> 7 | N65: =+M65+1 -> 8 | O65: =+N65+1 -> 9 | ... U65: =+T65+1 -> 15
C66: 0 | D66: 00 a 01 ano | E66: =(1-'2. COEFICIENTES'!$F$73)*('2. COEFICIENTES'!$F$66/SUM($C$51:$C$59)) -> 0.2 | F66: 1 | G66: =G$45*$F66 -> 388000 | H66: =H$45*$F66 -> 388000 | I66: =I$45*$F66 -> 388000 | J66: =J$45*$F66 -> 388000 | K66: =K$45*$F66 -> 388000 | L66: =L$45*$F66 -> 388000 | M66: =M$45*$F66 -> 388000 | N66: =N$45*$F66 -> 388000 | ... U66: =U$45*$F66 -> 388000
C67: 1 | D67: 01 a 02 ano | E67: =IF(C67>'2. COEFICIENTES'!$F$66,0,(1-'2. COEFICIENTES'!$F$73)*(('2. COEFICIENTES'!$F$66-MAX($C$66:C67))/SUM($C$66:$C$74))) -> 0.175 | F67: =F66-E66 -> 0.8 | G67: =G$45*$F67 -> 310400 | H67: =H$45*$F67 -> 310400 | I67: =I$45*$F67 -> 310400 | J67: =J$45*$F67 -> 310400 | K67: =K$45*$F67 -> 310400 | L67: =L$45*$F67 -> 310400 | M67: =M$45*$F67 -> 310400 | N67: =N$45*$F67 -> 310400 | ... U67: =U$45*$F67 -> 310400
C68: 2 | D68: 02 a 03 ano | E68: =IF(C68>'2. COEFICIENTES'!$F$66,0,(1-'2. COEFICIENTES'!$F$73)*(('2. COEFICIENTES'!$F$66-MAX($C$66:C68))/SUM($C$66:$C$74))) -> 0.15 | F68: =F67-E67 -> 0.625 | G68: =G$45*$F68 -> 242500 | H68: =H$45*$F68 -> 242500 | I68: =I$45*$F68 -> 242500 | J68: =J$45*$F68 -> 242500 | K68: =K$45*$F68 -> 242500 | L68: =L$45*$F68 -> 242500 | M68: =M$45*$F68 -> 242500 | N68: =N$45*$F68 -> 242500 | ... U68: =U$45*$F68 -> 242500
C69: 3 | D69: 03 a 04 ano | E69: =IF(C69>'2. COEFICIENTES'!$F$66,0,(1-'2. COEFICIENTES'!$F$73)*(('2. COEFICIENTES'!$F$66-MAX($C$66:C69))/SUM($C$66:$C$74))) -> 0.125 | F69: =F68-E68 -> 0.475 | G69: =G$45*$F69 -> 184300 | H69: =H$45*$F69 -> 184300 | I69: =I$45*$F69 -> 184300 | J69: =J$45*$F69 -> 184300 | K69: =K$45*$F69 -> 184300 | L69: =L$45*$F69 -> 184300 | M69: =M$45*$F69 -> 184300 | N69: =N$45*$F69 -> 184300 | ... U69: =U$45*$F69 -> 184300
C70: 4 | D70: 04 a 05 ano | E70: =IF(C70>'2. COEFICIENTES'!$F$66,0,(1-'2. COEFICIENTES'!$F$73)*(('2. COEFICIENTES'!$F$66-MAX($C$66:C70))/SUM($C$66:$C$74))) -> 0.1 | F70: =F69-E69 -> 0.35 | G70: =G$45*$F70 -> 135800 | H70: =H$45*$F70 -> 135800 | I70: =I$45*$F70 -> 135800 | J70: =J$45*$F70 -> 135800 | K70: =K$45*$F70 -> 135800 | L70: =L$45*$F70 -> 135800 | M70: =M$45*$F70 -> 135800 | N70: =N$45*$F70 -> 135800 | ... U70: =U$45*$F70 -> 135800
C71: 5 | D71: 05 a 06 ano | E71: =IF(C71>'2. COEFICIENTES'!$F$66,0,(1-'2. COEFICIENTES'!$F$73)*(('2. COEFICIENTES'!$F$66-MAX($C$66:C71))/SUM($C$66:$C$74))) -> 0.075 | F71: =F70-E70 -> 0.25 | G71: =G$45*$F71 -> 97000 | H71: =H$45*$F71 -> 97000 | I71: =I$45*$F71 -> 97000 | J71: =J$45*$F71 -> 97000 | K71: =K$45*$F71 -> 97000 | L71: =L$45*$F71 -> 97000 | M71: =M$45*$F71 -> 97000 | N71: =N$45*$F71 -> 97000 | ... U71: =U$45*$F71 -> 97000
C72: 6 | D72: 06 a 07 ano | E72: =IF(C72>'2. COEFICIENTES'!$F$66,0,(1-'2. COEFICIENTES'!$F$73)*(('2. COEFICIENTES'!$F$66-MAX($C$66:C72))/SUM($C$66:$C$74))) -> 0.05 | F72: =F71-E71 -> 0.175 | G72: =G$45*$F72 -> 67900 | H72: =H$45*$F72 -> 67900 | I72: =I$45*$F72 -> 67900 | J72: =J$45*$F72 -> 67900 | K72: =K$45*$F72 -> 67900 | L72: =L$45*$F72 -> 67900 | M72: =M$45*$F72 -> 67900 | N72: =N$45*$F72 -> 67900 | ... U72: =U$45*$F72 -> 67900
C73: 7 | D73: 07 a 08 ano | E73: =IF(C73>'2. COEFICIENTES'!$F$66,0,(1-'2. COEFICIENTES'!$F$73)*(('2. COEFICIENTES'!$F$66-MAX($C$66:C73))/SUM($C$66:$C$74))) -> 0.025 | F73: =F72-E72 -> 0.125 | G73: =G$45*$F73 -> 48500 | H73: =H$45*$F73 -> 48500 | I73: =I$45*$F73 -> 48500 | J73: =J$45*$F73 -> 48500 | K73: =K$45*$F73 -> 48500 | L73: =L$45*$F73 -> 48500 | M73: =M$45*$F73 -> 48500 | N73: =N$45*$F73 -> 48500 | ... U73: =U$45*$F73 -> 48500
C74: 8 | D74: 08 a 09 ano | E74: =IF(C74>'2. COEFICIENTES'!$F$66,0,(1-'2. COEFICIENTES'!$F$73)*(('2. COEFICIENTES'!$F$66-MAX($C$66:C74))/SUM($C$66:$C$74))) -> 0 | F74: =F73-E73 -> 0.1 | G74: =G$45*$F74 -> 38800 | H74: =H$45*$F74 -> 38800 | I74: =I$45*$F74 -> 38800 | J74: =J$45*$F74 -> 38800 | K74: =K$45*$F74 -> 38800 | L74: =L$45*$F74 -> 38800 | M74: =M$45*$F74 -> 38800 | N74: =N$45*$F74 -> 38800 | ... U74: =U$45*$F74 -> 38800
C75: 9 | D75: 09 a 10 ano | E75: =IF(C75>'2. COEFICIENTES'!$F$66,0,(1-'2. COEFICIENTES'!$F$73)*(('2. COEFICIENTES'!$F$66-MAX($C$66:C75))/SUM($C$66:$C$74))) -> 0 | F75: =IF(E74=0,0,F74-E74) -> 0 | G75: =G$45*$F75 -> 0 | H75: =H$45*$F75 -> 0 | I75: =I$45*$F75 -> 0 | J75: =J$45*$F75 -> 0 | K75: =K$45*$F75 -> 0 | L75: =L$45*$F75 -> 0 | M75: =M$45*$F75 -> 0 | N75: =N$45*$F75 -> 0 | ... U75: =U$45*$F75 -> 0
C76: 10 | D76: +10 anos | E76: =IF(C76>'2. COEFICIENTES'!$F$66,0,(1-'2. COEFICIENTES'!$F$73)*(('2. COEFICIENTES'!$F$66-MAX($C$66:C76))/SUM($C$66:$C$74))) -> 0 | F76: =IF(E75=0,0,F75-E75) -> 0 | G76: =G$45*$F76 -> 0 | H76: =H$45*$F76 -> 0 | I76: =I$45*$F76 -> 0 | J76: =J$45*$F76 -> 0 | K76: =K$45*$F76 -> 0 | L76: =L$45*$F76 -> 0 | M76: =M$45*$F76 -> 0 | N76: =N$45*$F76 -> 0 | ... U76: =U$45*$F76 -> 0
A78: 3 | C78: =+MENU!$C$49 -> 3.4.1.3 - PREÇO DE VEÍCULO COM FATOR DE DEPRECIAÇÃO - -
C80: FAIXA ETÁRIA | E80: Fator de depreciação | F80: % valor do veíc. novo | G80: 1 | H80: =+G80+1 -> 2 | I80: =+H80+1 -> 3 | J80: =+I80+1 -> 4 | K80: =+J80+1 -> 5 | L80: =+K80+1 -> 6 | M80: =+L80+1 -> 7 | N80: =+M80+1 -> 8 | O80: =+N80+1 -> 9 | ... U80: =+T80+1 -> 15
C81: 0 | D81: 00 a 01 ano | E81: =(1-'2. COEFICIENTES'!$F$74)*('2. COEFICIENTES'!$F$67/SUM($C$81:$C$91)) -> 0 | F81: 1 | G81: =G$46*$F81 -> 0 | H81: =H$46*$F81 -> 0 | I81: =I$46*$F81 -> 0 | J81: =J$46*$F81 -> 0 | K81: =K$46*$F81 -> 0 | L81: =L$46*$F81 -> 0 | M81: =M$46*$F81 -> 0 | N81: =N$46*$F81 -> 0 | ... U81: =U$46*$F81 -> 0
C82: 1 | D82: 01 a 02 ano | E82: =IF(C82>'2. COEFICIENTES'!$F$67,0,(1-'2. COEFICIENTES'!$F$74)*(('2. COEFICIENTES'!$F$67-MAX($C$81:C82))/SUM($C$81:$C$91))) -> 0 | F82: =F81-E81 -> 1 | G82: =G$46*$F82 -> 0 | H82: =H$46*$F82 -> 0 | I82: =I$46*$F82 -> 0 | J82: =J$46*$F82 -> 0 | K82: =K$46*$F82 -> 0 | L82: =L$46*$F82 -> 0 | M82: =M$46*$F82 -> 0 | N82: =N$46*$F82 -> 0 | ... U82: =U$46*$F82 -> 0
C83: 2 | D83: 02 a 03 ano | E83: =IF(C83>'2. COEFICIENTES'!$F$67,0,(1-'2. COEFICIENTES'!$F$74)*(('2. COEFICIENTES'!$F$67-MAX($C$81:C83))/SUM($C$81:$C$91))) -> 0 | F83: =F82-E82 -> 1 | G83: =G$46*$F83 -> 0 | H83: =H$46*$F83 -> 0 | I83: =I$46*$F83 -> 0 | J83: =J$46*$F83 -> 0 | K83: =K$46*$F83 -> 0 | L83: =L$46*$F83 -> 0 | M83: =M$46*$F83 -> 0 | N83: =N$46*$F83 -> 0 | ... U83: =U$46*$F83 -> 0
C84: 3 | D84: 03 a 04 ano | E84: =IF(C84>'2. COEFICIENTES'!$F$67,0,(1-'2. COEFICIENTES'!$F$74)*(('2. COEFICIENTES'!$F$67-MAX($C$81:C84))/SUM($C$81:$C$91))) -> 0 | F84: =F83-E83 -> 1 | G84: =G$46*$F84 -> 0 | H84: =H$46*$F84 -> 0 | I84: =I$46*$F84 -> 0 | J84: =J$46*$F84 -> 0 | K84: =K$46*$F84 -> 0 | L84: =L$46*$F84 -> 0 | M84: =M$46*$F84 -> 0 | N84: =N$46*$F84 -> 0 | ... U84: =U$46*$F84 -> 0
C85: 4 | D85: 04 a 05 ano | E85: =IF(C85>'2. COEFICIENTES'!$F$67,0,(1-'2. COEFICIENTES'!$F$74)*(('2. COEFICIENTES'!$F$67-MAX($C$81:C85))/SUM($C$81:$C$91))) -> 0 | F85: =F84-E84 -> 1 | G85: =G$46*$F85 -> 0 | H85: =H$46*$F85 -> 0 | I85: =I$46*$F85 -> 0 | J85: =J$46*$F85 -> 0 | K85: =K$46*$F85 -> 0 | L85: =L$46*$F85 -> 0 | M85: =M$46*$F85 -> 0 | N85: =N$46*$F85 -> 0 | ... U85: =U$46*$F85 -> 0
C86: 5 | D86: 05 a 06 ano | E86: =IF(C86>'2. COEFICIENTES'!$F$67,0,(1-'2. COEFICIENTES'!$F$74)*(('2. COEFICIENTES'!$F$67-MAX($C$81:C86))/SUM($C$81:$C$91))) -> 0 | F86: =F85-E85 -> 1 | G86: =G$46*$F86 -> 0 | H86: =H$46*$F86 -> 0 | I86: =I$46*$F86 -> 0 | J86: =J$46*$F86 -> 0 | K86: =K$46*$F86 -> 0 | L86: =L$46*$F86 -> 0 | M86: =M$46*$F86 -> 0 | N86: =N$46*$F86 -> 0 | ... U86: =U$46*$F86 -> 0
C87: 6 | D87: 06 a 07 ano | E87: =IF(C87>'2. COEFICIENTES'!$F$67,0,(1-'2. COEFICIENTES'!$F$74)*(('2. COEFICIENTES'!$F$67-MAX($C$81:C87))/SUM($C$81:$C$91))) -> 0 | F87: =F86-E86 -> 1 | G87: =G$46*$F87 -> 0 | H87: =H$46*$F87 -> 0 | I87: =I$46*$F87 -> 0 | J87: =J$46*$F87 -> 0 | K87: =K$46*$F87 -> 0 | L87: =L$46*$F87 -> 0 | M87: =M$46*$F87 -> 0 | N87: =N$46*$F87 -> 0 | ... U87: =U$46*$F87 -> 0
C88: 7 | D88: 07 a 08 ano | E88: =IF(C88>'2. COEFICIENTES'!$F$67,0,(1-'2. COEFICIENTES'!$F$74)*(('2. COEFICIENTES'!$F$67-MAX($C$81:C88))/SUM($C$81:$C$91))) -> 0 | F88: =F87-E87 -> 1 | G88: =G$46*$F88 -> 0 | H88: =H$46*$F88 -> 0 | I88: =I$46*$F88 -> 0 | J88: =J$46*$F88 -> 0 | K88: =K$46*$F88 -> 0 | L88: =L$46*$F88 -> 0 | M88: =M$46*$F88 -> 0 | N88: =N$46*$F88 -> 0 | ... U88: =U$46*$F88 -> 0
C89: 8 | D89: 08 a 09 ano | E89: =IF(C89>'2. COEFICIENTES'!$F$67,0,(1-'2. COEFICIENTES'!$F$74)*(('2. COEFICIENTES'!$F$67-MAX($C$81:C89))/SUM($C$81:$C$91))) -> 0 | F89: =F88-E88 -> 1 | G89: =G$46*$F89 -> 0 | H89: =H$46*$F89 -> 0 | I89: =I$46*$F89 -> 0 | J89: =J$46*$F89 -> 0 | K89: =K$46*$F89 -> 0 | L89: =L$46*$F89 -> 0 | M89: =M$46*$F89 -> 0 | N89: =N$46*$F89 -> 0 | ... U89: =U$46*$F89 -> 0
C90: 9 | D90: 09 a 10 ano | E90: =IF(C90>'2. COEFICIENTES'!$F$67,0,(1-'2. COEFICIENTES'!$F$74)*(('2. COEFICIENTES'!$F$67-MAX($C$81:C90))/SUM($C$81:$C$91))) -> 0 | F90: =IF(E89=0,0,F89-E89) -> 0 | G90: =G$46*$F90 -> 0 | H90: =H$46*$F90 -> 0 | I90: =I$46*$F90 -> 0 | J90: =J$46*$F90 -> 0 | K90: =K$46*$F90 -> 0 | L90: =L$46*$F90 -> 0 | M90: =M$46*$F90 -> 0 | N90: =N$46*$F90 -> 0 | ... U90: =U$46*$F90 -> 0
C91: 10 | D91: +10 anos | E91: =IF(C91>'2. COEFICIENTES'!$F$67,0,(1-'2. COEFICIENTES'!$F$74)*(('2. COEFICIENTES'!$F$67-MAX($C$81:C91))/SUM($C$81:$C$91))) -> 0 | F91: =IF(E90=0,0,F90-E90) -> 0 | G91: =G$46*$F91 -> 0 | H91: =H$46*$F91 -> 0 | I91: =I$46*$F91 -> 0 | J91: =J$46*$F91 -> 0 | K91: =K$46*$F91 -> 0 | L91: =L$46*$F91 -> 0 | M91: =M$46*$F91 -> 0 | N91: =N$46*$F91 -> 0 | ... U91: =U$46*$F91 -> 0
C94: =+MENU!$C$50 -> 3.4.2. - PREÇO DE VEÍCULO NOVO COMPLETO SEM RODAGEM
C96: Preço de Veículo Sem Rodagem | F96: Un. | G96: 1 | H96: =+G96+1 -> 2 | I96: =+H96+1 -> 3 | J96: =+I96+1 -> 4 | K96: =+J96+1 -> 5 | L96: =+K96+1 -> 6 | M96: =+L96+1 -> 7 | N96: =+M96+1 -> 8 | O96: =+N96+1 -> 9 | ... U96: =+T96+1 -> 15
A97: 1 | D97: ="Preço de 1 Veíc. "&VLOOKUP(A97,TIPOLOGIA!$D$10:$E$12,2,0) -> Preço de 1 Veíc. MICROÔNIBUS | F97: (R$/Veíc.) | G97: =G44-(('3. PREÇOS INSUMOS'!G27*'2. COEFICIENTES'!F42)+('3. PREÇOS INSUMOS'!G34*'2. COEFICIENTES'!F42*'2. COEFICIENTES'!F49)) -> 305757.76 | H97: =H44-(('3. PREÇOS INSUMOS'!H27*'2. COEFICIENTES'!G42)+('3. PREÇOS INSUMOS'!H34*'2. COEFICIENTES'!G42*'2. COEFICIENTES'!G49)) -> 305757.76 | I97: =I44-(('3. PREÇOS INSUMOS'!I27*'2. COEFICIENTES'!H42)+('3. PREÇOS INSUMOS'!I34*'2. COEFICIENTES'!H42*'2. COEFICIENTES'!H49)) -> 305757.76 | J97: =J44-(('3. PREÇOS INSUMOS'!J27*'2. COEFICIENTES'!I42)+('3. PREÇOS INSUMOS'!J34*'2. COEFICIENTES'!I42*'2. COEFICIENTES'!I49)) -> 305757.76 | K97: =K44-(('3. PREÇOS INSUMOS'!K27*'2. COEFICIENTES'!J42)+('3. PREÇOS INSUMOS'!K34*'2. COEFICIENTES'!J42*'2. COEFICIENTES'!J49)) -> 305757.76 | L97: =L44-(('3. PREÇOS INSUMOS'!L27*'2. COEFICIENTES'!K42)+('3. PREÇOS INSUMOS'!L34*'2. COEFICIENTES'!K42*'2. COEFICIENTES'!K49)) -> 305757.76 | M97: =M44-(('3. PREÇOS INSUMOS'!M27*'2. COEFICIENTES'!L42)+('3. PREÇOS INSUMOS'!M34*'2. COEFICIENTES'!L42*'2. COEFICIENTES'!L49)) -> 305757.76 | N97: =N44-(('3. PREÇOS INSUMOS'!N27*'2. COEFICIENTES'!M42)+('3. PREÇOS INSUMOS'!N34*'2. COEFICIENTES'!M42*'2. COEFICIENTES'!M49)) -> 305757.76 | ... U97: =U44-(('3. PREÇOS INSUMOS'!U27*'2. COEFICIENTES'!T42)+('3. PREÇOS INSUMOS'!U34*'2. COEFICIENTES'!T42*'2. COEFICIENTES'!T49)) -> 305757.76
A98: 2 | D98: ="Preço de 1 Veíc. "&VLOOKUP(A98,TIPOLOGIA!$D$10:$E$12,2,0) -> Preço de 1 Veíc. CONVENCIONAL | F98: =+F97 -> (R$/Veíc.) | G98: =G45-(('3. PREÇOS INSUMOS'!G28*'2. COEFICIENTES'!F43)+('3. PREÇOS INSUMOS'!G35*'2. COEFICIENTES'!F43*'2. COEFICIENTES'!F50)) -> 375003.1 | H98: =H45-(('3. PREÇOS INSUMOS'!H28*'2. COEFICIENTES'!G43)+('3. PREÇOS INSUMOS'!H35*'2. COEFICIENTES'!G43*'2. COEFICIENTES'!G50)) -> 375003.1 | I98: =I45-(('3. PREÇOS INSUMOS'!I28*'2. COEFICIENTES'!H43)+('3. PREÇOS INSUMOS'!I35*'2. COEFICIENTES'!H43*'2. COEFICIENTES'!H50)) -> 375003.1 | J98: =J45-(('3. PREÇOS INSUMOS'!J28*'2. COEFICIENTES'!I43)+('3. PREÇOS INSUMOS'!J35*'2. COEFICIENTES'!I43*'2. COEFICIENTES'!I50)) -> 375003.1 | K98: =K45-(('3. PREÇOS INSUMOS'!K28*'2. COEFICIENTES'!J43)+('3. PREÇOS INSUMOS'!K35*'2. COEFICIENTES'!J43*'2. COEFICIENTES'!J50)) -> 375003.1 | L98: =L45-(('3. PREÇOS INSUMOS'!L28*'2. COEFICIENTES'!K43)+('3. PREÇOS INSUMOS'!L35*'2. COEFICIENTES'!K43*'2. COEFICIENTES'!K50)) -> 375003.1 | M98: =M45-(('3. PREÇOS INSUMOS'!M28*'2. COEFICIENTES'!L43)+('3. PREÇOS INSUMOS'!M35*'2. COEFICIENTES'!L43*'2. COEFICIENTES'!L50)) -> 375003.1 | N98: =N45-(('3. PREÇOS INSUMOS'!N28*'2. COEFICIENTES'!M43)+('3. PREÇOS INSUMOS'!N35*'2. COEFICIENTES'!M43*'2. COEFICIENTES'!M50)) -> 375003.1 | ... U98: =U45-(('3. PREÇOS INSUMOS'!U28*'2. COEFICIENTES'!T43)+('3. PREÇOS INSUMOS'!U35*'2. COEFICIENTES'!T43*'2. COEFICIENTES'!T50)) -> 375003.1
A99: 3 | D99: ="Preço de 1 Veíc. "&VLOOKUP(A99,TIPOLOGIA!$D$10:$E$12,2,0) -> Preço de 1 Veíc. - | F99: =+F98 -> (R$/Veíc.) | G99: =G46-(('3. PREÇOS INSUMOS'!G29*'2. COEFICIENTES'!F44)+('3. PREÇOS INSUMOS'!G36*'2. COEFICIENTES'!F44*'2. COEFICIENTES'!F51)) -> 0 | H99: =H46-(('3. PREÇOS INSUMOS'!H29*'2. COEFICIENTES'!G44)+('3. PREÇOS INSUMOS'!H36*'2. COEFICIENTES'!G44*'2. COEFICIENTES'!G51)) -> 0 | I99: =I46-(('3. PREÇOS INSUMOS'!I29*'2. COEFICIENTES'!H44)+('3. PREÇOS INSUMOS'!I36*'2. COEFICIENTES'!H44*'2. COEFICIENTES'!H51)) -> 0 | J99: =J46-(('3. PREÇOS INSUMOS'!J29*'2. COEFICIENTES'!I44)+('3. PREÇOS INSUMOS'!J36*'2. COEFICIENTES'!I44*'2. COEFICIENTES'!I51)) -> 0 | K99: =K46-(('3. PREÇOS INSUMOS'!K29*'2. COEFICIENTES'!J44)+('3. PREÇOS INSUMOS'!K36*'2. COEFICIENTES'!J44*'2. COEFICIENTES'!J51)) -> 0 | L99: =L46-(('3. PREÇOS INSUMOS'!L29*'2. COEFICIENTES'!K44)+('3. PREÇOS INSUMOS'!L36*'2. COEFICIENTES'!K44*'2. COEFICIENTES'!K51)) -> 0 | M99: =M46-(('3. PREÇOS INSUMOS'!M29*'2. COEFICIENTES'!L44)+('3. PREÇOS INSUMOS'!M36*'2. COEFICIENTES'!L44*'2. COEFICIENTES'!L51)) -> 0 | N99: =N46-(('3. PREÇOS INSUMOS'!N29*'2. COEFICIENTES'!M44)+('3. PREÇOS INSUMOS'!N36*'2. COEFICIENTES'!M44*'2. COEFICIENTES'!M51)) -> 0 | ... U99: =U46-(('3. PREÇOS INSUMOS'!U29*'2. COEFICIENTES'!T44)+('3. PREÇOS INSUMOS'!U36*'2. COEFICIENTES'!T44*'2. COEFICIENTES'!T51)) -> 0
A101: 1 | C101: =+MENU!$C$51 -> 3.4.2.1 - PREÇO DE VEÍCULO COM FATOR DE DEPRECIAÇÃO DE VEÍCULO S/ RODAGEM - MICROÔNIBUS
C103: FAIXA ETÁRIA | E103: Fator de depreciação | F103: % valor do veíc. novo | G103: 1 | H103: =+G103+1 -> 2 | I103: =+H103+1 -> 3 | J103: =+I103+1 -> 4 | K103: =+J103+1 -> 5 | L103: =+K103+1 -> 6 | M103: =+L103+1 -> 7 | N103: =+M103+1 -> 8 | O103: =+N103+1 -> 9 | ... U103: =+T103+1 -> 15
C104: 0 | D104: 00 a 01 ano | E104: =+E51 -> 0.18888889 | F104: 1 | G104: =G$97*$F104 -> 305757.76 | H104: =H$97*$F104 -> 305757.76 | I104: =I$97*$F104 -> 305757.76 | J104: =J$97*$F104 -> 305757.76 | K104: =K$97*$F104 -> 305757.76 | L104: =L$97*$F104 -> 305757.76 | M104: =M$97*$F104 -> 305757.76 | N104: =N$97*$F104 -> 305757.76 | ... U104: =U$97*$F104 -> 305757.76
C105: 1 | D105: 01 a 02 ano | E105: =+E52 -> 0.16527778 | F105: =F104-E104 -> 0.81111111 | G105: =G$97*$F105 -> 248003.52 | H105: =H$97*$F105 -> 248003.52 | I105: =I$97*$F105 -> 248003.52 | J105: =J$97*$F105 -> 248003.52 | K105: =K$97*$F105 -> 248003.52 | L105: =L$97*$F105 -> 248003.52 | M105: =M$97*$F105 -> 248003.52 | N105: =N$97*$F105 -> 248003.52 | ... U105: =U$97*$F105 -> 248003.52
C106: 2 | D106: 02 a 03 ano | E106: =+E53 -> 0.14166667 | F106: =F105-E105 -> 0.64583333 | G106: =G$97*$F106 -> 197468.55 | H106: =H$97*$F106 -> 197468.55 | I106: =I$97*$F106 -> 197468.55 | J106: =J$97*$F106 -> 197468.55 | K106: =K$97*$F106 -> 197468.55 | L106: =L$97*$F106 -> 197468.55 | M106: =M$97*$F106 -> 197468.55 | N106: =N$97*$F106 -> 197468.55 | ... U106: =U$97*$F106 -> 197468.55
C107: 3 | D107: 03 a 04 ano | E107: =+E54 -> 0.11805556 | F107: =F106-E106 -> 0.50416667 | G107: =G$97*$F107 -> 154152.87 | H107: =H$97*$F107 -> 154152.87 | I107: =I$97*$F107 -> 154152.87 | J107: =J$97*$F107 -> 154152.87 | K107: =K$97*$F107 -> 154152.87 | L107: =L$97*$F107 -> 154152.87 | M107: =M$97*$F107 -> 154152.87 | N107: =N$97*$F107 -> 154152.87 | ... U107: =U$97*$F107 -> 154152.87
C108: 4 | D108: 04 a 05 ano | E108: =+E55 -> 0.094444444 | F108: =F107-E107 -> 0.38611111 | G108: =G$97*$F108 -> 118056.47 | H108: =H$97*$F108 -> 118056.47 | I108: =I$97*$F108 -> 118056.47 | J108: =J$97*$F108 -> 118056.47 | K108: =K$97*$F108 -> 118056.47 | L108: =L$97*$F108 -> 118056.47 | M108: =M$97*$F108 -> 118056.47 | N108: =N$97*$F108 -> 118056.47 | ... U108: =U$97*$F108 -> 118056.47
C109: 5 | D109: 05 a 06 ano | E109: =+E56 -> 0.070833333 | F109: =F108-E108 -> 0.29166667 | G109: =G$97*$F109 -> 89179.347 | H109: =H$97*$F109 -> 89179.347 | I109: =I$97*$F109 -> 89179.347 | J109: =J$97*$F109 -> 89179.347 | K109: =K$97*$F109 -> 89179.347 | L109: =L$97*$F109 -> 89179.347 | M109: =M$97*$F109 -> 89179.347 | N109: =N$97*$F109 -> 89179.347 | ... U109: =U$97*$F109 -> 89179.347
C110: 6 | D110: 06 a 07 ano | E110: =+E57 -> 0.047222222 | F110: =F109-E109 -> 0.22083333 | G110: =G$97*$F110 -> 67521.505 | H110: =H$97*$F110 -> 67521.505 | I110: =I$97*$F110 -> 67521.505 | J110: =J$97*$F110 -> 67521.505 | K110: =K$97*$F110 -> 67521.505 | L110: =L$97*$F110 -> 67521.505 | M110: =M$97*$F110 -> 67521.505 | N110: =N$97*$F110 -> 67521.505 | ... U110: =U$97*$F110 -> 67521.505
C111: 7 | D111: 07 a 08 ano | E111: =+E58 -> 0.023611111 | F111: =F110-E110 -> 0.17361111 | G111: =G$97*$F111 -> 53082.944 | H111: =H$97*$F111 -> 53082.944 | I111: =I$97*$F111 -> 53082.944 | J111: =J$97*$F111 -> 53082.944 | K111: =K$97*$F111 -> 53082.944 | L111: =L$97*$F111 -> 53082.944 | M111: =M$97*$F111 -> 53082.944 | N111: =N$97*$F111 -> 53082.944 | ... U111: =U$97*$F111 -> 53082.944
C112: 8 | D112: 08 a 09 ano | E112: =+E59 -> 0 | F112: =F111-E111 -> 0.15 | G112: =G$97*$F112 -> 45863.664 | H112: =H$97*$F112 -> 45863.664 | I112: =I$97*$F112 -> 45863.664 | J112: =J$97*$F112 -> 45863.664 | K112: =K$97*$F112 -> 45863.664 | L112: =L$97*$F112 -> 45863.664 | M112: =M$97*$F112 -> 45863.664 | N112: =N$97*$F112 -> 45863.664 | ... U112: =U$97*$F112 -> 45863.664
C113: 9 | D113: 09 a 10 ano | E113: =+E60 -> 0 | F113: =IF(E112=0,0,F112-E112) -> 0 | G113: =G$97*$F113 -> 0 | H113: =H$97*$F113 -> 0 | I113: =I$97*$F113 -> 0 | J113: =J$97*$F113 -> 0 | K113: =K$97*$F113 -> 0 | L113: =L$97*$F113 -> 0 | M113: =M$97*$F113 -> 0 | N113: =N$97*$F113 -> 0 | ... U113: =U$97*$F113 -> 0
C114: 10 | D114: +10 anos | E114: =+E61 -> 0 | F114: =IF(E113=0,0,F113-E113) -> 0 | G114: =G$97*$F114 -> 0 | H114: =H$97*$F114 -> 0 | I114: =I$97*$F114 -> 0 | J114: =J$97*$F114 -> 0 | K114: =K$97*$F114 -> 0 | L114: =L$97*$F114 -> 0 | M114: =M$97*$F114 -> 0 | N114: =N$97*$F114 -> 0 | ... U114: =U$97*$F114 -> 0
A116: 2 | C116: =+MENU!$C$52 -> 3.4.2.2 - PREÇO DE VEÍCULO COM FATOR DE DEPRECIAÇÃO DE VEÍCULO S/ RODAGEM - CONVENCIONAL
C118: FAIXA ETÁRIA | E118: Fator de depreciação | F118: % valor do veíc. novo | G118: 1 | H118: =+G118+1 -> 2 | I118: =+H118+1 -> 3 | J118: =+I118+1 -> 4 | K118: =+J118+1 -> 5 | L118: =+K118+1 -> 6 | M118: =+L118+1 -> 7 | N118: =+M118+1 -> 8 | O118: =+N118+1 -> 9 | ... U118: =+T118+1 -> 15
C119: 0 | D119: 00 a 01 ano | E119: =+E66 -> 0.2 | F119: 1 | G119: =G$98*$F119 -> 375003.1 | H119: =H$98*$F119 -> 375003.1 | I119: =I$98*$F119 -> 375003.1 | J119: =J$98*$F119 -> 375003.1 | K119: =K$98*$F119 -> 375003.1 | L119: =L$98*$F119 -> 375003.1 | M119: =M$98*$F119 -> 375003.1 | N119: =N$98*$F119 -> 375003.1 | ... U119: =U$98*$F119 -> 375003.1
C120: 1 | D120: 01 a 02 ano | E120: =+E67 -> 0.175 | F120: =F119-E119 -> 0.8 | G120: =G$98*$F120 -> 300002.48 | H120: =H$98*$F120 -> 300002.48 | I120: =I$98*$F120 -> 300002.48 | J120: =J$98*$F120 -> 300002.48 | K120: =K$98*$F120 -> 300002.48 | L120: =L$98*$F120 -> 300002.48 | M120: =M$98*$F120 -> 300002.48 | N120: =N$98*$F120 -> 300002.48 | ... U120: =U$98*$F120 -> 300002.48
C121: 2 | D121: 02 a 03 ano | E121: =+E68 -> 0.15 | F121: =F120-E120 -> 0.625 | G121: =G$98*$F121 -> 234376.94 | H121: =H$98*$F121 -> 234376.94 | I121: =I$98*$F121 -> 234376.94 | J121: =J$98*$F121 -> 234376.94 | K121: =K$98*$F121 -> 234376.94 | L121: =L$98*$F121 -> 234376.94 | M121: =M$98*$F121 -> 234376.94 | N121: =N$98*$F121 -> 234376.94 | ... U121: =U$98*$F121 -> 234376.94
C122: 3 | D122: 03 a 04 ano | E122: =+E69 -> 0.125 | F122: =F121-E121 -> 0.475 | G122: =G$98*$F122 -> 178126.47 | H122: =H$98*$F122 -> 178126.47 | I122: =I$98*$F122 -> 178126.47 | J122: =J$98*$F122 -> 178126.47 | K122: =K$98*$F122 -> 178126.47 | L122: =L$98*$F122 -> 178126.47 | M122: =M$98*$F122 -> 178126.47 | N122: =N$98*$F122 -> 178126.47 | ... U122: =U$98*$F122 -> 178126.47
C123: 4 | D123: 04 a 05 ano | E123: =+E70 -> 0.1 | F123: =F122-E122 -> 0.35 | G123: =G$98*$F123 -> 131251.08 | H123: =H$98*$F123 -> 131251.08 | I123: =I$98*$F123 -> 131251.08 | J123: =J$98*$F123 -> 131251.08 | K123: =K$98*$F123 -> 131251.08 | L123: =L$98*$F123 -> 131251.08 | M123: =M$98*$F123 -> 131251.08 | N123: =N$98*$F123 -> 131251.08 | ... U123: =U$98*$F123 -> 131251.08
C124: 5 | D124: 05 a 06 ano | E124: =+E71 -> 0.075 | F124: =F123-E123 -> 0.25 | G124: =G$98*$F124 -> 93750.775 | H124: =H$98*$F124 -> 93750.775 | I124: =I$98*$F124 -> 93750.775 | J124: =J$98*$F124 -> 93750.775 | K124: =K$98*$F124 -> 93750.775 | L124: =L$98*$F124 -> 93750.775 | M124: =M$98*$F124 -> 93750.775 | N124: =N$98*$F124 -> 93750.775 | ... U124: =U$98*$F124 -> 93750.775
C125: 6 | D125: 06 a 07 ano | E125: =+E72 -> 0.05 | F125: =F124-E124 -> 0.175 | G125: =G$98*$F125 -> 65625.542 | H125: =H$98*$F125 -> 65625.542 | I125: =I$98*$F125 -> 65625.542 | J125: =J$98*$F125 -> 65625.542 | K125: =K$98*$F125 -> 65625.542 | L125: =L$98*$F125 -> 65625.542 | M125: =M$98*$F125 -> 65625.542 | N125: =N$98*$F125 -> 65625.542 | ... U125: =U$98*$F125 -> 65625.542
C126: 7 | D126: 07 a 08 ano | E126: =+E73 -> 0.025 | F126: =F125-E125 -> 0.125 | G126: =G$98*$F126 -> 46875.387 | H126: =H$98*$F126 -> 46875.387 | I126: =I$98*$F126 -> 46875.387 | J126: =J$98*$F126 -> 46875.387 | K126: =K$98*$F126 -> 46875.387 | L126: =L$98*$F126 -> 46875.387 | M126: =M$98*$F126 -> 46875.387 | N126: =N$98*$F126 -> 46875.387 | ... U126: =U$98*$F126 -> 46875.387
C127: 8 | D127: 08 a 09 ano | E127: =+E74 -> 0 | F127: =F126-E126 -> 0.1 | G127: =G$98*$F127 -> 37500.31 | H127: =H$98*$F127 -> 37500.31 | I127: =I$98*$F127 -> 37500.31 | J127: =J$98*$F127 -> 37500.31 | K127: =K$98*$F127 -> 37500.31 | L127: =L$98*$F127 -> 37500.31 | M127: =M$98*$F127 -> 37500.31 | N127: =N$98*$F127 -> 37500.31 | ... U127: =U$98*$F127 -> 37500.31
C128: 9 | D128: 09 a 10 ano | E128: =+E75 -> 0 | F128: =IF(E127=0,0,F127-E127) -> 0 | G128: =G$98*$F128 -> 0 | H128: =H$98*$F128 -> 0 | I128: =I$98*$F128 -> 0 | J128: =J$98*$F128 -> 0 | K128: =K$98*$F128 -> 0 | L128: =L$98*$F128 -> 0 | M128: =M$98*$F128 -> 0 | N128: =N$98*$F128 -> 0 | ... U128: =U$98*$F128 -> 0
C129: 10 | D129: +10 anos | E129: =+E76 -> 0 | F129: =IF(E128=0,0,F128-E128) -> 0 | G129: =G$98*$F129 -> 0 | H129: =H$98*$F129 -> 0 | I129: =I$98*$F129 -> 0 | J129: =J$98*$F129 -> 0 | K129: =K$98*$F129 -> 0 | L129: =L$98*$F129 -> 0 | M129: =M$98*$F129 -> 0 | N129: =N$98*$F129 -> 0 | ... U129: =U$98*$F129 -> 0
A131: 3 | C131: =+MENU!$C$53 -> 3.4.2.3 - PREÇO DE VEÍCULO COM FATOR DE DEPRECIAÇÃO DE VEÍCULO S/ RODAGEM - -
...

Sheet 4. CUSTOS VARIÁVEIS
E2: SECRETARIA MUNICIPAL DE DESENVOLVIMENTO URBANO
E3: =MENU!$B$3&" - "&+MENU!$B$4 -> CONCORRÊNCIA Nº 003/18 -
E4: =+MENU!$C$2 -> ESTUDO TÉCNICO DE VIABILIDADE ECONÔMICA DA OPERAÇÃO DO SERVIÇO DE TRANSPORTE COLETIVO DA CIDADE DE AMPARO
E5: =+MENU!$C$3 -> ANEXO IV.1 - ESTUDO TÉCNICO DE VIABILIDADE ECONÔMICA - ORÇAMENTO ESTIMADO | T5: =+MENU!$C$5 -> DATA BASE DE CÁLCULO: MARÇO 2020
B7: =+MENU!$C$63 -> 4. - CÁLCULO DOS CUSTOS VARIÁVEIS
C9: =+MENU!$C$64 -> 4.1. - CÁLCULO DOS CUSTEIOS COM COMBUSTÍVEIS
C11: =+MENU!$C$65 -> 4.1.1. - CUSTEIOS COM ÓLEO DIESEL
C13: ÓLEO DIESEL | E13: Un. | F13: 1 | G13: =+F13+1 -> 2 | H13: =+G13+1 -> 3 | I13: =+H13+1 -> 4 | J13: =+I13+1 -> 5 | K13: =+J13+1 -> 6 | L13: =+K13+1 -> 7 | M13: =+L13+1 -> 8 | N13: =+M13+1 -> 9 | ... T13: =+S13+1 -> 15
A14: 1 | D14: =VLOOKUP(A14,TIPOLOGIA!$D$10:$E$12,2,0) -> MICROÔNIBUS | E14: (R$/mês) | F14: ='3. PREÇOS INSUMOS'!G$12*'2. COEFICIENTES'!F14*'1. DADOS OPERACIONAIS'!F37 -> 16606.143 | G14: ='3. PREÇOS INSUMOS'!H$12*'2. COEFICIENTES'!G14*'1. DADOS OPERACIONAIS'!G37 -> 16606.143 | H14: ='3. PREÇOS INSUMOS'!I$12*'2. COEFICIENTES'!H14*'1. DADOS OPERACIONAIS'!H37 -> 16606.143 | I14: ='3. PREÇOS INSUMOS'!J$12*'2. COEFICIENTES'!I14*'1. DADOS OPERACIONAIS'!I37 -> 16606.143 | J14: ='3. PREÇOS INSUMOS'!K$12*'2. COEFICIENTES'!J14*'1. DADOS OPERACIONAIS'!J37 -> 16606.143 | K14: ='3. PREÇOS INSUMOS'!L$12*'2. COEFICIENTES'!K14*'1. DADOS OPERACIONAIS'!K37 -> 16606.143 | L14: ='3. PREÇOS INSUMOS'!M$12*'2. COEFICIENTES'!L14*'1. DADOS OPERACIONAIS'!L37 -> 16606.143 | M14: ='3. PREÇOS INSUMOS'!N$12*'2. COEFICIENTES'!M14*'1. DADOS OPERACIONAIS'!M37 -> 16606.143 | ... T14: ='3. PREÇOS INSUMOS'!U$12*'2. COEFICIENTES'!T14*'1. DADOS OPERACIONAIS'!T37 -> 16606.143
A15: 2 | D15: =VLOOKUP(A15,TIPOLOGIA!$D$10:$E$12,2,0) -> CONVENCIONAL | E15: =+E14 -> (R$/mês) | F15: ='3. PREÇOS INSUMOS'!G$12*'2. COEFICIENTES'!F15*'1. DADOS OPERACIONAIS'!F38 -> 54385.948 | G15: ='3. PREÇOS INSUMOS'!H$12*'2. COEFICIENTES'!G15*'1. DADOS OPERACIONAIS'!G38 -> 54385.948 | H15: ='3. PREÇOS INSUMOS'!I$12*'2. COEFICIENTES'!H15*'1. DADOS OPERACIONAIS'!H38 -> 54385.948 | I15: ='3. PREÇOS INSUMOS'!J$12*'2. COEFICIENTES'!I15*'1. DADOS OPERACIONAIS'!I38 -> 54385.948 | J15: ='3. PREÇOS INSUMOS'!K$12*'2. COEFICIENTES'!J15*'1. DADOS OPERACIONAIS'!J38 -> 54385.948 | K15: ='3. PREÇOS INSUMOS'!L$12*'2. COEFICIENTES'!K15*'1. DADOS OPERACIONAIS'!K38 -> 54385.948 | L15: ='3. PREÇOS INSUMOS'!M$12*'2. COEFICIENTES'!L15*'1. DADOS OPERACIONAIS'!L38 -> 54385.948 | M15: ='3. PREÇOS INSUMOS'!N$12*'2. COEFICIENTES'!M15*'1. DADOS OPERACIONAIS'!M38 -> 54385.948 | ... T15: ='3. PREÇOS INSUMOS'!U$12*'2. COEFICIENTES'!T15*'1. DADOS OPERACIONAIS'!T38 -> 54385.948
A16: 3 | D16: =VLOOKUP(A16,TIPOLOGIA!$D$10:$E$12,2,0) -> - | E16: =+E15 -> (R$/mês) | F16: ='3. PREÇOS INSUMOS'!G$12*'2. COEFICIENTES'!F16*'1. DADOS OPERACIONAIS'!F39 -> 0 | G16: ='3. PREÇOS INSUMOS'!H$12*'2. COEFICIENTES'!G16*'1. DADOS OPERACIONAIS'!G39 -> 0 | H16: ='3. PREÇOS INSUMOS'!I$12*'2. COEFICIENTES'!H16*'1. DADOS OPERACIONAIS'!H39 -> 0 | I16: ='3. PREÇOS INSUMOS'!J$12*'2. COEFICIENTES'!I16*'1. DADOS OPERACIONAIS'!I39 -> 0 | J16: ='3. PREÇOS INSUMOS'!K$12*'2. COEFICIENTES'!J16*'1. DADOS OPERACIONAIS'!J39 -> 0 | K16: ='3. PREÇOS INSUMOS'!L$12*'2. COEFICIENTES'!K16*'1. DADOS OPERACIONAIS'!K39 -> 0 | L16: ='3. PREÇOS INSUMOS'!M$12*'2. COEFICIENTES'!L16*'1. DADOS OPERACIONAIS'!L39 -> 0 | M16: ='3. PREÇOS INSUMOS'!N$12*'2. COEFICIENTES'!M16*'1. DADOS OPERACIONAIS'!M39 -> 0 | ... T16: ='3. PREÇOS INSUMOS'!U$12*'2. COEFICIENTES'!T16*'1. DADOS OPERACIONAIS'!T39 -> 0
A17: 3 | D17: total de custeios com Óleo Diesel | E17: =+E16 -> (R$/mês) | F17: =SUM(F14:F16) -> 70992.091 | G17: =SUM(G14:G16) -> 70992.091 | H17: =SUM(H14:H16) -> 70992.091 | I17: =SUM(I14:I16) -> 70992.091 | J17: =SUM(J14:J16) -> 70992.091 | K17: =SUM(K14:K16) -> 70992.091 | L17: =SUM(L14:L16) -> 70992.091 | M17: =SUM(M14:M16) -> 70992.091 | ... T17: =SUM(T14:T16) -> 70992.091
A18: 3 | D18: total de custeios com Óleo Diesel | E18: (R$/ANUAL) | F18: =+F17*12 -> 851905.09 | G18: =+G17*12 -> 851905.09 | H18: =+H17*12 -> 851905.09 | I18: =+I17*12 -> 851905.09 | J18: =+J17*12 -> 851905.09 | K18: =+K17*12 -> 851905.09 | L18: =+L17*12 -> 851905.09 | M18: =+M17*12 -> 851905.09 | ... T18: =+T17*12 -> 851905.09
C20: =+MENU!$C$66 -> 4.1.2. - CUSTEIOS COM ARLA32
C22: ARLA32 | E22: Un. | F22: 1 | G22: =+F22+1 -> 2 | H22: =+G22+1 -> 3 | I22: =+H22+1 -> 4 | J22: =+I22+1 -> 5 | K22: =+J22+1 -> 6 | L22: =+K22+1 -> 7 | M22: =+L22+1 -> 8 | N22: =+M22+1 -> 9 | ... T22: =+S22+1 -> 15
A23: 1 | D23: =VLOOKUP(A23,TIPOLOGIA!$D$10:$E$12,2,0) -> MICROÔNIBUS | E23: (R$/mês) | F23: =+'2. COEFICIENTES'!F14*'2. COEFICIENTES'!F$21*'3. PREÇOS INSUMOS'!G$13*'1. DADOS OPERACIONAIS'!F37 -> 239.81794 | G23: =+'2. COEFICIENTES'!G14*'2. COEFICIENTES'!G$21*'3. PREÇOS INSUMOS'!H$13*'1. DADOS OPERACIONAIS'!G37 -> 239.81794 | H23: =+'2. COEFICIENTES'!H14*'2. COEFICIENTES'!H$21*'3. PREÇOS INSUMOS'!I$13*'1. DADOS OPERACIONAIS'!H37 -> 239.81794 | I23: =+'2. COEFICIENTES'!I14*'2. COEFICIENTES'!I$21*'3. PREÇOS INSUMOS'!J$13*'1. DADOS OPERACIONAIS'!I37 -> 239.81794 | J23: =+'2. COEFICIENTES'!J14*'2. COEFICIENTES'!J$21*'3. PREÇOS INSUMOS'!K$13*'1. DADOS OPERACIONAIS'!J37 -> 239.81794 | K23: =+'2. COEFICIENTES'!K14*'2. COEFICIENTES'!K$21*'3. PREÇOS INSUMOS'!L$13*'1. DADOS OPERACIONAIS'!K37 -> 239.81794 | L23: =+'2. COEFICIENTES'!L14*'2. COEFICIENTES'!L$21*'3. PREÇOS INSUMOS'!M$13*'1. DADOS OPERACIONAIS'!L37 -> 239.81794 | M23: =+'2. COEFICIENTES'!M14*'2. COEFICIENTES'!M$21*'3. PREÇOS INSUMOS'!N$13*'1. DADOS OPERACIONAIS'!M37 -> 239.81794 | ... T23: =+'2. COEFICIENTES'!T14*'2. COEFICIENTES'!T$21*'3. PREÇOS INSUMOS'!U$13*'1. DADOS OPERACIONAIS'!T37 -> 239.81794
A24: 2 | D24: =VLOOKUP(A24,TIPOLOGIA!$D$10:$E$12,2,0) -> CONVENCIONAL | E24: =+E23 -> (R$/mês) | F24: =+'2. COEFICIENTES'!F15*'2. COEFICIENTES'!F$21*'3. PREÇOS INSUMOS'!G$13*'1. DADOS OPERACIONAIS'!F38 -> 785.41572 | G24: =+'2. COEFICIENTES'!G15*'2. COEFICIENTES'!G$21*'3. PREÇOS INSUMOS'!H$13*'1. DADOS OPERACIONAIS'!G38 -> 785.41572 | H24: =+'2. COEFICIENTES'!H15*'2. COEFICIENTES'!H$21*'3. PREÇOS INSUMOS'!I$13*'1. DADOS OPERACIONAIS'!H38 -> 785.41572 | I24: =+'2. COEFICIENTES'!I15*'2. COEFICIENTES'!I$21*'3. PREÇOS INSUMOS'!J$13*'1. DADOS OPERACIONAIS'!I38 -> 785.41572 | J24: =+'2. COEFICIENTES'!J15*'2. COEFICIENTES'!J$21*'3. PREÇOS INSUMOS'!K$13*'1. DADOS OPERACIONAIS'!J38 -> 785.41572 | K24: =+'2. COEFICIENTES'!K15*'2. COEFICIENTES'!K$21*'3. PREÇOS INSUMOS'!L$13*'1. DADOS OPERACIONAIS'!K38 -> 785.41572 | L24: =+'2. COEFICIENTES'!L15*'2. COEFICIENTES'!L$21*'3. PREÇOS INSUMOS'!M$13*'1. DADOS OPERACIONAIS'!L38 -> 785.41572 | M24: =+'2. COEFICIENTES'!M15*'2. COEFICIENTES'!M$21*'3. PREÇOS INSUMOS'!N$13*'1. DADOS OPERACIONAIS'!M38 -> 785.41572 | ... T24: =+'2. COEFICIENTES'!T15*'2. COEFICIENTES'!T$21*'3. PREÇOS INSUMOS'!U$13*'1. DADOS OPERACIONAIS'!T38 -> 785.41572
A25: 3 | D25: =VLOOKUP(A25,TIPOLOGIA!$D$10:$E$12,2,0) -> - | E25: =+E24 -> (R$/mês) | F25: =+'2. COEFICIENTES'!F16*'2. COEFICIENTES'!F$21*'3. PREÇOS INSUMOS'!G$13*'1. DADOS OPERACIONAIS'!F39 -> 0 | G25: =+'2. COEFICIENTES'!G16*'2. COEFICIENTES'!G$21*'3. PREÇOS INSUMOS'!H$13*'1. DADOS OPERACIONAIS'!G39 -> 0 | H25: =+'2. COEFICIENTES'!H16*'2. COEFICIENTES'!H$21*'3. PREÇOS INSUMOS'!I$13*'1. DADOS OPERACIONAIS'!H39 -> 0 | I25: =+'2. COEFICIENTES'!I16*'2. COEFICIENTES'!I$21*'3. PREÇOS INSUMOS'!J$13*'1. DADOS OPERACIONAIS'!I39 -> 0 | J25: =+'2. COEFICIENTES'!J16*'2. COEFICIENTES'!J$21*'3. PREÇOS INSUMOS'!K$13*'1. DADOS OPERACIONAIS'!J39 -> 0 | K25: =+'2. COEFICIENTES'!K16*'2. COEFICIENTES'!K$21*'3. PREÇOS INSUMOS'!L$13*'1. DADOS OPERACIONAIS'!K39 -> 0 | L25: =+'2. COEFICIENTES'!L16*'2. COEFICIENTES'!L$21*'3. PREÇOS INSUMOS'!M$13*'1. DADOS OPERACIONAIS'!L39 -> 0 | M25: =+'2. COEFICIENTES'!M16*'2. COEFICIENTES'!M$21*'3. PREÇOS INSUMOS'!N$13*'1. DADOS OPERACIONAIS'!M39 -> 0 | ... T25: =+'2. COEFICIENTES'!T16*'2. COEFICIENTES'!T$21*'3. PREÇOS INSUMOS'!U$13*'1. DADOS OPERACIONAIS'!T39 -> 0
D26: total de custeios com Arla32 | E26: =+E25 -> (R$/mês) | F26: =SUM(F23:F25) -> 1025.2337 | G26: =SUM(G23:G25) -> 1025.2337 | H26: =SUM(H23:H25) -> 1025.2337 | I26: =SUM(I23:I25) -> 1025.2337 | J26: =SUM(J23:J25) -> 1025.2337 | K26: =SUM(K23:K25) -> 1025.2337 | L26: =SUM(L23:L25) -> 1025.2337 | M26: =SUM(M23:M25) -> 1025.2337 | ... T26: =SUM(T23:T25) -> 1025.2337
D27: total de custeios com Arla32 | E27: (R$/ANUAL) | F27: =+F26*12 -> 12302.804 | G27: =+G26*12 -> 12302.804 | H27: =+H26*12 -> 12302.804 | I27: =+I26*12 -> 12302.804 | J27: =+J26*12 -> 12302.804 | K27: =+K26*12 -> 12302.804 | L27: =+L26*12 -> 12302.804 | M27: =+M26*12 -> 12302.804 | ... T27: =+T26*12 -> 12302.804
C30: =+MENU!$C$67 -> 4.2. - CÁLCULO DOS CUSTEIOS COM LUBRIFICANTES
C32: LUBRIFICANTES | E32: Un. | F32: 1 | G32: =+F32+1 -> 2 | H32: =+G32+1 -> 3 | I32: =+H32+1 -> 4 | J32: =+I32+1 -> 5 | K32: =+J32+1 -> 6 | L32: =+K32+1 -> 7 | M32: =+L32+1 -> 8 | N32: =+M32+1 -> 9 | ... T32: =+S32+1 -> 15
A33: 1 | D33: =VLOOKUP(A33,TIPOLOGIA!$D$10:$E$12,2,0) -> MICROÔNIBUS | E33: (R$/mês) | F33: =+'3. PREÇOS INSUMOS'!G$19*'1. DADOS OPERACIONAIS'!F37 -> 2984.2614 | G33: =+'3. PREÇOS INSUMOS'!H$19*'1. DADOS OPERACIONAIS'!G37 -> 2984.2614 | H33: =+'3. PREÇOS INSUMOS'!I$19*'1. DADOS OPERACIONAIS'!H37 -> 2984.2614 | I33: =+'3. PREÇOS INSUMOS'!J$19*'1. DADOS OPERACIONAIS'!I37 -> 2984.2614 | J33: =+'3. PREÇOS INSUMOS'!K$19*'1. DADOS OPERACIONAIS'!J37 -> 2984.2614 | K33: =+'3. PREÇOS INSUMOS'!L$19*'1. DADOS OPERACIONAIS'!K37 -> 2984.2614 | L33: =+'3. PREÇOS INSUMOS'!M$19*'1. DADOS OPERACIONAIS'!L37 -> 2984.2614 | M33: =+'3. PREÇOS INSUMOS'!N$19*'1. DADOS OPERACIONAIS'!M37 -> 2984.2614 | ... T33: =+'3. PREÇOS INSUMOS'!U$19*'1. DADOS OPERACIONAIS'!T37 -> 2984.2614
A34: 2 | D34: =VLOOKUP(A34,TIPOLOGIA!$D$10:$E$12,2,0) -> CONVENCIONAL | E34: =+E33 -> (R$/mês) | F34: =+'3. PREÇOS INSUMOS'!G$19*'1. DADOS OPERACIONAIS'!F38 -> 5968.5228 | G34: =+'3. PREÇOS INSUMOS'!H$19*'1. DADOS OPERACIONAIS'!G38 -> 5968.5228 | H34: =+'3. PREÇOS INSUMOS'!I$19*'1. DADOS OPERACIONAIS'!H38 -> 5968.5228 | I34: =+'3. PREÇOS INSUMOS'!J$19*'1. DADOS OPERACIONAIS'!I38 -> 5968.5228 | J34: =+'3. PREÇOS INSUMOS'!K$19*'1. DADOS OPERACIONAIS'!J38 -> 5968.5228 | K34: =+'3. PREÇOS INSUMOS'!L$19*'1. DADOS OPERACIONAIS'!K38 -> 5968.5228 | L34: =+'3. PREÇOS INSUMOS'!M$19*'1. DADOS OPERACIONAIS'!L38 -> 5968.5228 | M34: =+'3. PREÇOS INSUMOS'!N$19*'1. DADOS OPERACIONAIS'!M38 -> 5968.5228 | ... T34: =+'3. PREÇOS INSUMOS'!U$19*'1. DADOS OPERACIONAIS'!T38 -> 5968.5228
A35: 3 | D35: =VLOOKUP(A35,TIPOLOGIA!$D$10:$E$12,2,0) -> - | E35: =+E34 -> (R$/mês) | F35: =+'3. PREÇOS INSUMOS'!G$19*'1. DADOS OPERACIONAIS'!F39 -> 0 | G35: =+'3. PREÇOS INSUMOS'!H$19*'1. DADOS OPERACIONAIS'!G39 -> 0 | H35: =+'3. PREÇOS INSUMOS'!I$19*'1. DADOS OPERACIONAIS'!H39 -> 0 | I35: =+'3. PREÇOS INSUMOS'!J$19*'1. DADOS OPERACIONAIS'!I39 -> 0 | J35: =+'3. PREÇOS INSUMOS'!K$19*'1. DADOS OPERACIONAIS'!J39 -> 0 | K35: =+'3. PREÇOS INSUMOS'!L$19*'1. DADOS OPERACIONAIS'!K39 -> 0 | L35: =+'3. PREÇOS INSUMOS'!M$19*'1. DADOS OPERACIONAIS'!L39 -> 0 | M35: =+'3. PREÇOS INSUMOS'!N$19*'1. DADOS OPERACIONAIS'!M39 -> 0 | ... T35: =+'3. PREÇOS INSUMOS'!U$19*'1. DADOS OPERACIONAIS'!T39 -> 0
D36: total de custeios com Lubrificantes | E36: =+E35 -> (R$/mês) | F36: =SUM(F33:F35) -> 8952.7842 | G36: =SUM(G33:G35) -> 8952.7842 | H36: =SUM(H33:H35) -> 8952.7842 | I36: =SUM(I33:I35) -> 8952.7842 | J36: =SUM(J33:J35) -> 8952.7842 | K36: =SUM(K33:K35) -> 8952.7842 | L36: =SUM(L33:L35) -> 8952.7842 | M36: =SUM(M33:M35) -> 8952.7842 | ... T36: =SUM(T33:T35) -> 8952.7842
D37: total de custeios com Lubrificantes | E37: (R$/ANUAL) | F37: =+F36*12 -> 107433.41 | G37: =+G36*12 -> 107433.41 | H37: =+H36*12 -> 107433.41 | I37: =+I36*12 -> 107433.41 | J37: =+J36*12 -> 107433.41 | K37: =+K36*12 -> 107433.41 | L37: =+L36*12 -> 107433.41 | M37: =+M36*12 -> 107433.41 | ... T37: =+T36*12 -> 107433.41
C40: =+MENU!$C$68 -> 4.3. - CÁLCULO DOS CUSTEIOS COM RODAGEM
C42: =+MENU!$C$69 -> 4.3.1. - CUSTEIOS COM PNEU NOVO
C44: PNEU NOVO | E44: Un. | F44: 1 | G44: =+F44+1 -> 2 | H44: =+G44+1 -> 3 | I44: =+H44+1 -> 4 | J44: =+I44+1 -> 5 | K44: =+J44+1 -> 6 | L44: =+K44+1 -> 7 | M44: =+L44+1 -> 8 | N44: =+M44+1 -> 9 | ... T44: =+S44+1 -> 15
A45: 1 | D45: =VLOOKUP(A45,TIPOLOGIA!$D$10:$E$12,2,0) -> MICROÔNIBUS | E45: (R$/mês) | F45: =IFERROR(('2. COEFICIENTES'!F42*'3. PREÇOS INSUMOS'!G$27*'1. DADOS OPERACIONAIS'!F37)/'2. COEFICIENTES'!F35,0) -> 486.80846 | G45: =IFERROR(('2. COEFICIENTES'!G42*'3. PREÇOS INSUMOS'!H$27*'1. DADOS OPERACIONAIS'!G37)/'2. COEFICIENTES'!G35,0) -> 486.80846 | H45: =IFERROR(('2. COEFICIENTES'!H42*'3. PREÇOS INSUMOS'!I$27*'1. DADOS OPERACIONAIS'!H37)/'2. COEFICIENTES'!H35,0) -> 486.80846 | I45: =IFERROR(('2. COEFICIENTES'!I42*'3. PREÇOS INSUMOS'!J$27*'1. DADOS OPERACIONAIS'!I37)/'2. COEFICIENTES'!I35,0) -> 486.80846 | J45: =IFERROR(('2. COEFICIENTES'!J42*'3. PREÇOS INSUMOS'!K$27*'1. DADOS OPERACIONAIS'!J37)/'2. COEFICIENTES'!J35,0) -> 486.80846 | K45: =IFERROR(('2. COEFICIENTES'!K42*'3. PREÇOS INSUMOS'!L$27*'1. DADOS OPERACIONAIS'!K37)/'2. COEFICIENTES'!K35,0) -> 486.80846 | L45: =IFERROR(('2. COEFICIENTES'!L42*'3. PREÇOS INSUMOS'!M$27*'1. DADOS OPERACIONAIS'!L37)/'2. COEFICIENTES'!L35,0) -> 486.80846 | M45: =IFERROR(('2. COEFICIENTES'!M42*'3. PREÇOS INSUMOS'!N$27*'1. DADOS OPERACIONAIS'!M37)/'2. COEFICIENTES'!M35,0) -> 486.80846 | ... T45: =IFERROR(('2. COEFICIENTES'!T42*'3. PREÇOS INSUMOS'!U$27*'1. DADOS OPERACIONAIS'!T37)/'2. COEFICIENTES'!T35,0) -> 486.80846
A46: 2 | D46: =VLOOKUP(A46,TIPOLOGIA!$D$10:$E$12,2,0) -> CONVENCIONAL | E46: =+E45 -> (R$/mês) | F46: =IFERROR(('2. COEFICIENTES'!F43*'3. PREÇOS INSUMOS'!G$27*'1. DADOS OPERACIONAIS'!F38)/'2. COEFICIENTES'!F36,0) -> 1460.4254 | G46: =IFERROR(('2. COEFICIENTES'!G43*'3. PREÇOS INSUMOS'!H$27*'1. DADOS OPERACIONAIS'!G38)/'2. COEFICIENTES'!G36,0) -> 1460.4254 | H46: =IFERROR(('2. COEFICIENTES'!H43*'3. PREÇOS INSUMOS'!I$27*'1. DADOS OPERACIONAIS'!H38)/'2. COEFICIENTES'!H36,0) -> 1460.4254 | I46: =IFERROR(('2. COEFICIENTES'!I43*'3. PREÇOS INSUMOS'!J$27*'1. DADOS OPERACIONAIS'!I38)/'2. COEFICIENTES'!I36,0) -> 1460.4254 | J46: =IFERROR(('2. COEFICIENTES'!J43*'3. PREÇOS INSUMOS'!K$27*'1. DADOS OPERACIONAIS'!J38)/'2. COEFICIENTES'!J36,0) -> 1460.4254 | K46: =IFERROR(('2. COEFICIENTES'!K43*'3. PREÇOS INSUMOS'!L$27*'1. DADOS OPERACIONAIS'!K38)/'2. COEFICIENTES'!K36,0) -> 1460.4254 | L46: =IFERROR(('2. COEFICIENTES'!L43*'3. PREÇOS INSUMOS'!M$27*'1. DADOS OPERACIONAIS'!L38)/'2. COEFICIENTES'!L36,0) -> 1460.4254 | M46: =IFERROR(('2. COEFICIENTES'!M43*'3. PREÇOS INSUMOS'!N$27*'1. DADOS OPERACIONAIS'!M38)/'2. COEFICIENTES'!M36,0) -> 1460.4254 | ... T46: =IFERROR(('2. COEFICIENTES'!T43*'3. PREÇOS INSUMOS'!U$27*'1. DADOS OPERACIONAIS'!T38)/'2. COEFICIENTES'!T36,0) -> 1460.4254
A47: 3 | D47: =VLOOKUP(A47,TIPOLOGIA!$D$10:$E$12,2,0) -> - | E47: =+E46 -> (R$/mês) | F47: =IFERROR(('2. COEFICIENTES'!F44*'3. PREÇOS INSUMOS'!G$27*'1. DADOS OPERACIONAIS'!F39)/'2. COEFICIENTES'!F37,0) -> 0 | G47: =IFERROR(('2. COEFICIENTES'!G44*'3. PREÇOS INSUMOS'!H$27*'1. DADOS OPERACIONAIS'!G39)/'2. COEFICIENTES'!G37,0) -> 0 | H47: =IFERROR(('2. COEFICIENTES'!H44*'3. PREÇOS INSUMOS'!I$27*'1. DADOS OPERACIONAIS'!H39)/'2. COEFICIENTES'!H37,0) -> 0 | I47: =IFERROR(('2. COEFICIENTES'!I44*'3. PREÇOS INSUMOS'!J$27*'1. DADOS OPERACIONAIS'!I39)/'2. COEFICIENTES'!I37,0) -> 0 | J47: =IFERROR(('2. COEFICIENTES'!J44*'3. PREÇOS INSUMOS'!K$27*'1. DADOS OPERACIONAIS'!J39)/'2. COEFICIENTES'!J37,0) -> 0 | K47: =IFERROR(('2. COEFICIENTES'!K44*'3. PREÇOS INSUMOS'!L$27*'1. DADOS OPERACIONAIS'!K39)/'2. COEFICIENTES'!K37,0) -> 0 | L47: =IFERROR(('2. COEFICIENTES'!L44*'3. PREÇOS INSUMOS'!M$27*'1. DADOS OPERACIONAIS'!L39)/'2. COEFICIENTES'!L37,0) -> 0 | M47: =IFERROR(('2. COEFICIENTES'!M44*'3. PREÇOS INSUMOS'!N$27*'1. DADOS OPERACIONAIS'!M39)/'2. COEFICIENTES'!M37,0) -> 0 | ... T47: =IFERROR(('2. COEFICIENTES'!T44*'3. PREÇOS INSUMOS'!U$27*'1. DADOS OPERACIONAIS'!T39)/'2. COEFICIENTES'!T37,0) -> 0
D48: total de custeios com Pneu Novo | E48: =+E47 -> (R$/mês) | F48: =SUM(F45:F47) -> 1947.2338 | G48: =SUM(G45:G47) -> 1947.2338 | H48: =SUM(H45:H47) -> 1947.2338 | I48: =SUM(I45:I47) -> 1947.2338 | J48: =SUM(J45:J47) -> 1947.2338 | K48: =SUM(K45:K47) -> 1947.2338 | L48: =SUM(L45:L47) -> 1947.2338 | M48: =SUM(M45:M47) -> 1947.2338 | ... T48: =SUM(T45:T47) -> 1947.2338
D49: total de custeios com Pneu Novo | E49: (R$/ANUAL) | F49: =+F48*12 -> 23366.806 | G49: =+G48*12 -> 23366.806 | H49: =+H48*12 -> 23366.806 | I49: =+I48*12 -> 23366.806 | J49: =+J48*12 -> 23366.806 | K49: =+K48*12 -> 23366.806 | L49: =+L48*12 -> 23366.806 | M49: =+M48*12 -> 23366.806 | ... T49: =+T48*12 -> 23366.806
C51: =+MENU!$C$70 -> 4.3.2. - CUSTEIOS COM RECAPAGEM
C53: RECAPAGEM | E53: Un. | F53: 1 | G53: =+F53+1 -> 2 | H53: =+G53+1 -> 3 | I53: =+H53+1 -> 4 | J53: =+I53+1 -> 5 | K53: =+J53+1 -> 6 | L53: =+K53+1 -> 7 | M53: =+L53+1 -> 8 | N53: =+M53+1 -> 9 | ... T53: =+S53+1 -> 15
A54: 1 | D54: =VLOOKUP(A54,TIPOLOGIA!$D$10:$E$12,2,0) -> MICROÔNIBUS | E54: (R$/mês) | F54: =IFERROR(('2. COEFICIENTES'!F42*'2. COEFICIENTES'!F49*'3. PREÇOS INSUMOS'!G$34*'1. DADOS OPERACIONAIS'!F37)/'2. COEFICIENTES'!F35,0) -> 283.02817 | G54: =IFERROR(('2. COEFICIENTES'!G42*'2. COEFICIENTES'!G49*'3. PREÇOS INSUMOS'!H$34*'1. DADOS OPERACIONAIS'!G37)/'2. COEFICIENTES'!G35,0) -> 283.02817 | H54: =IFERROR(('2. COEFICIENTES'!H42*'2. COEFICIENTES'!H49*'3. PREÇOS INSUMOS'!I$34*'1. DADOS OPERACIONAIS'!H37)/'2. COEFICIENTES'!H35,0) -> 283.02817 | I54: =IFERROR(('2. COEFICIENTES'!I42*'2. COEFICIENTES'!I49*'3. PREÇOS INSUMOS'!J$34*'1. DADOS OPERACIONAIS'!I37)/'2. COEFICIENTES'!I35,0) -> 283.02817 | J54: =IFERROR(('2. COEFICIENTES'!J42*'2. COEFICIENTES'!J49*'3. PREÇOS INSUMOS'!K$34*'1. DADOS OPERACIONAIS'!J37)/'2. COEFICIENTES'!J35,0) -> 283.02817 | K54: =IFERROR(('2. COEFICIENTES'!K42*'2. COEFICIENTES'!K49*'3. PREÇOS INSUMOS'!L$34*'1. DADOS OPERACIONAIS'!K37)/'2. COEFICIENTES'!K35,0) -> 283.02817 | L54: =IFERROR(('2. COEFICIENTES'!L42*'2. COEFICIENTES'!L49*'3. PREÇOS INSUMOS'!M$34*'1. DADOS OPERACIONAIS'!L37)/'2. COEFICIENTES'!L35,0) -> 283.02817 | M54: =IFERROR(('2. COEFICIENTES'!M42*'2. COEFICIENTES'!M49*'3. PREÇOS INSUMOS'!N$34*'1. DADOS OPERACIONAIS'!M37)/'2. COEFICIENTES'!M35,0) -> 283.02817 | ... T54: =IFERROR(('2. COEFICIENTES'!T42*'2. COEFICIENTES'!T49*'3. PREÇOS INSUMOS'!U$34*'1. DADOS OPERACIONAIS'!T37)/'2. COEFICIENTES'!T35,0) -> 283.02817
A55: 2 | D55: =VLOOKUP(A55,TIPOLOGIA!$D$10:$E$12,2,0) -> CONVENCIONAL | E55: =+E54 -> (R$/mês) | F55: =IFERROR(('2. COEFICIENTES'!F43*'2. COEFICIENTES'!F50*'3. PREÇOS INSUMOS'!G$34*'1. DADOS OPERACIONAIS'!F38)/'2. COEFICIENTES'!F36,0) -> 1698.169 | G55: =IFERROR(('2. COEFICIENTES'!G43*'2. COEFICIENTES'!G50*'3. PREÇOS INSUMOS'!H$34*'1. DADOS OPERACIONAIS'!G38)/'2. COEFICIENTES'!G36,0) -> 1698.169 | H55: =IFERROR(('2. COEFICIENTES'!H43*'2. COEFICIENTES'!H50*'3. PREÇOS INSUMOS'!I$34*'1. DADOS OPERACIONAIS'!H38)/'2. COEFICIENTES'!H36,0) -> 1698.169 | I55: =IFERROR(('2. COEFICIENTES'!I43*'2. COEFICIENTES'!I50*'3. PREÇOS INSUMOS'!J$34*'1. DADOS OPERACIONAIS'!I38)/'2. COEFICIENTES'!I36,0) -> 1698.169 | J55: =IFERROR(('2. COEFICIENTES'!J43*'2. COEFICIENTES'!J50*'3. PREÇOS INSUMOS'!K$34*'1. DADOS OPERACIONAIS'!J38)/'2. COEFICIENTES'!J36,0) -> 1698.169 | K55: =IFERROR(('2. COEFICIENTES'!K43*'2. COEFICIENTES'!K50*'3. PREÇOS INSUMOS'!L$34*'1. DADOS OPERACIONAIS'!K38)/'2. COEFICIENTES'!K36,0) -> 1698.169 | L55: =IFERROR(('2. COEFICIENTES'!L43*'2. COEFICIENTES'!L50*'3. PREÇOS INSUMOS'!M$34*'1. DADOS OPERACIONAIS'!L38)/'2. COEFICIENTES'!L36,0) -> 1698.169 | M55: =IFERROR(('2. COEFICIENTES'!M43*'2. COEFICIENTES'!M50*'3. PREÇOS INSUMOS'!N$34*'1. DADOS OPERACIONAIS'!M38)/'2. COEFICIENTES'!M36,0) -> 1698.169 | ... T55: =IFERROR(('2. COEFICIENTES'!T43*'2. COEFICIENTES'!T50*'3. PREÇOS INSUMOS'!U$34*'1. DADOS OPERACIONAIS'!T38)/'2. COEFICIENTES'!T36,0) -> 1698.169
A56: 3 | D56: =VLOOKUP(A56,TIPOLOGIA!$D$10:$E$12,2,0) -> - | E56: =+E55 -> (R$/mês) | F56: =IFERROR(('2. COEFICIENTES'!F44*'2. COEFICIENTES'!F51*'3. PREÇOS INSUMOS'!G$34*'1. DADOS OPERACIONAIS'!F39)/'2. COEFICIENTES'!F37,0) -> 0 | G56: =IFERROR(('2. COEFICIENTES'!G44*'2. COEFICIENTES'!G51*'3. PREÇOS INSUMOS'!H$34*'1. DADOS OPERACIONAIS'!G39)/'2. COEFICIENTES'!G37,0) -> 0 | H56: =IFERROR(('2. COEFICIENTES'!H44*'2. COEFICIENTES'!H51*'3. PREÇOS INSUMOS'!I$34*'1. DADOS OPERACIONAIS'!H39)/'2. COEFICIENTES'!H37,0) -> 0 | I56: =IFERROR(('2. COEFICIENTES'!I44*'2. COEFICIENTES'!I51*'3. PREÇOS INSUMOS'!J$34*'1. DADOS OPERACIONAIS'!I39)/'2. COEFICIENTES'!I37,0) -> 0 | J56: =IFERROR(('2. COEFICIENTES'!J44*'2. COEFICIENTES'!J51*'3. PREÇOS INSUMOS'!K$34*'1. DADOS OPERACIONAIS'!J39)/'2. COEFICIENTES'!J37,0) -> 0 | K56: =IFERROR(('2. COEFICIENTES'!K44*'2. COEFICIENTES'!K51*'3. PREÇOS INSUMOS'!L$34*'1. DADOS OPERACIONAIS'!K39)/'2. COEFICIENTES'!K37,0) -> 0 | L56: =IFERROR(('2. COEFICIENTES'!L44*'2. COEFICIENTES'!L51*'3. PREÇOS INSUMOS'!M$34*'1. DADOS OPERACIONAIS'!L39)/'2. COEFICIENTES'!L37,0) -> 0 | M56: =IFERROR(('2. COEFICIENTES'!M44*'2. COEFICIENTES'!M51*'3. PREÇOS INSUMOS'!N$34*'1. DADOS OPERACIONAIS'!M39)/'2. COEFICIENTES'!M37,0) -> 0 | ... T56: =IFERROR(('2. COEFICIENTES'!T44*'2. COEFICIENTES'!T51*'3. PREÇOS INSUMOS'!U$34*'1. DADOS OPERACIONAIS'!T39)/'2. COEFICIENTES'!T37,0) -> 0
D57: total de custeios com Recapagem | E57: =+E56 -> (R$/mês) | F57: =SUM(F54:F56) -> 1981.1972 | G57: =SUM(G54:G56) -> 1981.1972 | H57: =SUM(H54:H56) -> 1981.1972 | I57: =SUM(I54:I56) -> 1981.1972 | J57: =SUM(J54:J56) -> 1981.1972 | K57: =SUM(K54:K56) -> 1981.1972 | L57: =SUM(L54:L56) -> 1981.1972 | M57: =SUM(M54:M56) -> 1981.1972 | ... T57: =SUM(T54:T56) -> 1981.1972
D58: total de custeios com Recapagem | E58: (R$/ANUAL) | F58: =+F57*12 -> 23774.366 | G58: =+G57*12 -> 23774.366 | H58: =+H57*12 -> 23774.366 | I58: =+I57*12 -> 23774.366 | J58: =+J57*12 -> 23774.366 | K58: =+K57*12 -> 23774.366 | L58: =+L57*12 -> 23774.366 | M58: =+M57*12 -> 23774.366 | ... T58: =+T57*12 -> 23774.366
C61: =+MENU!$C$71 -> 4.4. - CÁLCULO DOS CUSTEIOS COM PEÇAS E ACESSÓRIOS
C63: PEÇAS E ACESSÓRIOS | E63: Un. | F63: 1 | G63: =+F63+1 -> 2 | H63: =+G63+1 -> 3 | I63: =+H63+1 -> 4 | J63: =+I63+1 -> 5 | K63: =+J63+1 -> 6 | L63: =+K63+1 -> 7 | M63: =+L63+1 -> 8 | N63: =+M63+1 -> 9 | ... T63: =+S63+1 -> 15
A64: 1 | D64: =VLOOKUP(A64,TIPOLOGIA!$D$10:$E$12,2,0) -> MICROÔNIBUS | E64: (R$/mês) | F64: =+'3. PREÇOS INSUMOS'!G150*'1. DADOS OPERACIONAIS'!F37 -> 4697.033 | G64: =+'3. PREÇOS INSUMOS'!H150*'1. DADOS OPERACIONAIS'!G37 -> 4697.033 | H64: =+'3. PREÇOS INSUMOS'!I150*'1. DADOS OPERACIONAIS'!H37 -> 4697.033 | I64: =+'3. PREÇOS INSUMOS'!J150*'1. DADOS OPERACIONAIS'!I37 -> 4697.033 | J64: =+'3. PREÇOS INSUMOS'!K150*'1. DADOS OPERACIONAIS'!J37 -> 4697.033 | K64: =+'3. PREÇOS INSUMOS'!L150*'1. DADOS OPERACIONAIS'!K37 -> 4697.033 | L64: =+'3. PREÇOS INSUMOS'!M150*'1. DADOS OPERACIONAIS'!L37 -> 4697.033 | M64: =+'3. PREÇOS INSUMOS'!N150*'1. DADOS OPERACIONAIS'!M37 -> 4697.033 | ... T64: =+'3. PREÇOS INSUMOS'!U150*'1. DADOS OPERACIONAIS'!T37 -> 4697.033
A65: 2 | D65: =VLOOKUP(A65,TIPOLOGIA!$D$10:$E$12,2,0) -> CONVENCIONAL | E65: =+E64 -> (R$/mês) | F65: =+'3. PREÇOS INSUMOS'!G151*'1. DADOS OPERACIONAIS'!F38 -> 11797.431 | G65: =+'3. PREÇOS INSUMOS'!H151*'1. DADOS OPERACIONAIS'!G38 -> 11797.431 | H65: =+'3. PREÇOS INSUMOS'!I151*'1. DADOS OPERACIONAIS'!H38 -> 11797.431 | I65: =+'3. PREÇOS INSUMOS'!J151*'1. DADOS OPERACIONAIS'!I38 -> 11797.431 | J65: =+'3. PREÇOS INSUMOS'!K151*'1. DADOS OPERACIONAIS'!J38 -> 11797.431 | K65: =+'3. PREÇOS INSUMOS'!L151*'1. DADOS OPERACIONAIS'!K38 -> 11797.431 | L65: =+'3. PREÇOS INSUMOS'!M151*'1. DADOS OPERACIONAIS'!L38 -> 11797.431 | M65: =+'3. PREÇOS INSUMOS'!N151*'1. DADOS OPERACIONAIS'!M38 -> 11797.431 | ... T65: =+'3. PREÇOS INSUMOS'!U151*'1. DADOS OPERACIONAIS'!T38 -> 11797.431
A66: 3 | D66: =VLOOKUP(A66,TIPOLOGIA!$D$10:$E$12,2,0) -> - | E66: =+E65 -> (R$/mês) | F66: =+'3. PREÇOS INSUMOS'!G152*'1. DADOS OPERACIONAIS'!F39 -> 0 | G66: =+'3. PREÇOS INSUMOS'!H152*'1. DADOS OPERACIONAIS'!G39 -> 0 | H66: =+'3. PREÇOS INSUMOS'!I152*'1. DADOS OPERACIONAIS'!H39 -> 0 | I66: =+'3. PREÇOS INSUMOS'!J152*'1. DADOS OPERACIONAIS'!I39 -> 0 | J66: =+'3. PREÇOS INSUMOS'!K152*'1. DADOS OPERACIONAIS'!J39 -> 0 | K66: =+'3. PREÇOS INSUMOS'!L152*'1. DADOS OPERACIONAIS'!K39 -> 0 | L66: =+'3. PREÇOS INSUMOS'!M152*'1. DADOS OPERACIONAIS'!L39 -> 0 | M66: =+'3. PREÇOS INSUMOS'!N152*'1. DADOS OPERACIONAIS'!M39 -> 0 | ... T66: =+'3. PREÇOS INSUMOS'!U152*'1. DADOS OPERACIONAIS'!T39 -> 0
D67: total de custeios com Pç. Acessórios | E67: =+E66 -> (R$/mês) | F67: =SUM(F64:F66) -> 16494.464 | G67: =SUM(G64:G66) -> 16494.464 | H67: =SUM(H64:H66) -> 16494.464 | I67: =SUM(I64:I66) -> 16494.464 | J67: =SUM(J64:J66) -> 16494.464 | K67: =SUM(K64:K66) -> 16494.464 | L67: =SUM(L64:L66) -> 16494.464 | M67: =SUM(M64:M66) -> 16494.464 | ... T67: =SUM(T64:T66) -> 16494.464
D68: total de custeios com Pç. Acessórios | E68: (R$/ANUAL) | F68: =+F67*12 -> 197933.57 | G68: =+G67*12 -> 197933.57 | H68: =+H67*12 -> 197933.57 | I68: =+I67*12 -> 197933.57 | J68: =+J67*12 -> 197933.57 | K68: =+K67*12 -> 197933.57 | L68: =+L67*12 -> 197933.57 | M68: =+M67*12 -> 197933.57 | ... T68: =+T67*12 -> 197933.57
C71: =+MENU!$C$72 -> 4.5. - TOTALIZAÇÃO DOS CUSTOS VARIÁVEIS
C73: CUSTOS VARIÁVEIS VALORES | E73: Un. | F73: 1 | G73: =+F73+1 -> 2 | H73: =+G73+1 -> 3 | I73: =+H73+1 -> 4 | J73: =+I73+1 -> 5 | K73: =+J73+1 -> 6 | L73: =+K73+1 -> 7 | M73: =+L73+1 -> 8 | N73: =+M73+1 -> 9 | ... T73: =+S73+1 -> 15
D74: Custeios com Óleo Diesel | E74: (R$/mês) | F74: =+F17 -> 70992.091 | G74: =+G17 -> 70992.091 | H74: =+H17 -> 70992.091 | I74: =+I17 -> 70992.091 | J74: =+J17 -> 70992.091 | K74: =+K17 -> 70992.091 | L74: =+L17 -> 70992.091 | M74: =+M17 -> 70992.091 | ... T74: =+T17 -> 70992.091
D75: Custeios com Arla32 | E75: =+E74 -> (R$/mês) | F75: =F26 -> 1025.2337 | G75: =G26 -> 1025.2337 | H75: =H26 -> 1025.2337 | I75: =I26 -> 1025.2337 | J75: =J26 -> 1025.2337 | K75: =K26 -> 1025.2337 | L75: =L26 -> 1025.2337 | M75: =M26 -> 1025.2337 | ... T75: =T26 -> 1025.2337
D76: Custeios com Lubrificantes | E76: =+E75 -> (R$/mês) | F76: =+F36 -> 8952.7842 | G76: =+G36 -> 8952.7842 | H76: =+H36 -> 8952.7842 | I76: =+I36 -> 8952.7842 | J76: =+J36 -> 8952.7842 | K76: =+K36 -> 8952.7842 | L76: =+L36 -> 8952.7842 | M76: =+M36 -> 8952.7842 | ... T76: =+T36 -> 8952.7842
D77: Custeios com Material de Rodagem | E77: =+E76 -> (R$/mês) | F77: =+F48+F57 -> 3928.431 | G77: =+G48+G57 -> 3928.431 | H77: =+H48+H57 -> 3928.431 | I77: =+I48+I57 -> 3928.431 | J77: =+J48+J57 -> 3928.431 | K77: =+K48+K57 -> 3928.431 | L77: =+L48+L57 -> 3928.431 | M77: =+M48+M57 -> 3928.431 | ... T77: =+T48+T57 -> 3928.431
D78: Custeios com Peças Acessórios | E78: =+E77 -> (R$/mês) | F78: =+F67 -> 16494.464 | G78: =+G67 -> 16494.464 | H78: =+H67 -> 16494.464 | I78: =+I67 -> 16494.464 | J78: =+J67 -> 16494.464 | K78: =+K67 -> 16494.464 | L78: =+L67 -> 16494.464 | M78: =+M67 -> 16494.464 | ... T78: =+T67 -> 16494.464
D79: total de Custos Variáveis | E79: (R$/mês) | F79: =SUM(F74:F78) -> 101393 | G79: =SUM(G74:G78) -> 101393 | H79: =SUM(H74:H78) -> 101393 | I79: =SUM(I74:I78) -> 101393 | J79: =SUM(J74:J78) -> 101393 | K79: =SUM(K74:K78) -> 101393 | L79: =SUM(L74:L78) -> 101393 | M79: =SUM(M74:M78) -> 101393 | ... T79: =SUM(T74:T78) -> 101393
D80: total de Custos Variáveis | E80: (R$/ANUAL) | F80: =+F79*12 -> 1216716 | G80: =+G79*12 -> 1216716 | H80: =+H79*12 -> 1216716 | I80: =+I79*12 -> 1216716 | J80: =+J79*12 -> 1216716 | K80: =+K79*12 -> 1216716 | L80: =+L79*12 -> 1216716 | M80: =+M79*12 -> 1216716 | ... T80: =+T79*12 -> 1216716

Sheet 5. CUSTOS FIXOS (PESSOAL)
E2: SECRETARIA MUNICIPAL DE DESENVOLVIMENTO URBANO
E3: =MENU!$B$3&" - "&+MENU!$B$4 -> CONCORRÊNCIA Nº 003/18 -
E4: =+MENU!$C$2 -> ESTUDO TÉCNICO DE VIABILIDADE ECONÔMICA DA OPERAÇÃO DO SERVIÇO DE TRANSPORTE COLETIVO DA CIDADE DE AMPARO
E5: =+MENU!$C$3 -> ANEXO IV.1 - ESTUDO TÉCNICO DE VIABILIDADE ECONÔMICA - ORÇAMENTO ESTIMADO | T5: =+MENU!$C$5 -> DATA BASE DE CÁLCULO: MARÇO 2020
B7: =+MENU!$C$73 -> 5. - CÁLCULO DOS CUSTOS FIXOS (COM PESSOAL)
C9: =+MENU!$C$74 -> 5.1. - CÁLCULO DOS CUSTEIOS COM PESSOAL DE OPERAÇÃO
C11: =+MENU!$C$75 -> 5.1.1. - CUSTEIOS COM MOTORISTAS
C13: MOTORISTAS | E13: Un. | F13: 1 | G13: =+F13+1 -> 2 | H13: =+G13+1 -> 3 | I13: =+H13+1 -> 4 | J13: =+I13+1 -> 5 | K13: =+J13+1 -> 6 | L13: =+K13+1 -> 7 | M13: =+L13+1 -> 8 | N13: =+M13+1 -> 9 | ... T13: =+S13+1 -> 15
D14: ="FROTA OPERACIONAL" -> FROTA OPERACIONAL | E14: (Veíc. Op./mês) | F14: =+'1. DADOS OPERACIONAIS'!F15 -> 12 | G14: =+'1. DADOS OPERACIONAIS'!G15 -> 12 | H14: =+'1. DADOS OPERACIONAIS'!H15 -> 12 | I14: =+'1. DADOS OPERACIONAIS'!I15 -> 12 | J14: =+'1. DADOS OPERACIONAIS'!J15 -> 12 | K14: =+'1. DADOS OPERACIONAIS'!K15 -> 12 | L14: =+'1. DADOS OPERACIONAIS'!L15 -> 12 | M14: =+'1. DADOS OPERACIONAIS'!M15 -> 12 | ... T14: =+'1. DADOS OPERACIONAIS'!T15 -> 12
D15: FATOR DE UTILIZAÇÃO | E15: (Func./Veíc. Op.) | F15: =+'2. COEFICIENTES'!F82 -> 2.21 | G15: =+'2. COEFICIENTES'!G82 -> 2.21 | H15: =+'2. COEFICIENTES'!H82 -> 2.21 | I15: =+'2. COEFICIENTES'!I82 -> 2.21 | J15: =+'2. COEFICIENTES'!J82 -> 2.21 | K15: =+'2. COEFICIENTES'!K82 -> 2.21 | L15: =+'2. COEFICIENTES'!L82 -> 2.21 | M15: =+'2. COEFICIENTES'!M82 -> 2.21 | ... T15: =+'2. COEFICIENTES'!T82 -> 2.21
D16: SALÁRIO BASE MENSAL | E16: (R$/Func.) | F16: =+'3. PREÇOS INSUMOS'!G178 -> 1919.66 | G16: =+'3. PREÇOS INSUMOS'!H178 -> 1919.66 | H16: =+'3. PREÇOS INSUMOS'!I178 -> 1919.66 | I16: =+'3. PREÇOS INSUMOS'!J178 -> 1919.66 | J16: =+'3. PREÇOS INSUMOS'!K178 -> 1919.66 | K16: =+'3. PREÇOS INSUMOS'!L178 -> 1919.66 | L16: =+'3. PREÇOS INSUMOS'!M178 -> 1919.66 | M16: =+'3. PREÇOS INSUMOS'!N178 -> 1919.66 | ... T16: =+'3. PREÇOS INSUMOS'!U178 -> 1919.66
D17: ENCARGOS SOCIAIS | E17: (%/mês) | F17: ='2. COEFICIENTES'!$F$119 -> 0.42713 | G17: ='2. COEFICIENTES'!G119 -> 0.65419 | H17: ='2. COEFICIENTES'!H119 -> 0.65419 | I17: ='2. COEFICIENTES'!I119 -> 0.65419 | J17: ='2. COEFICIENTES'!J119 -> 0.65419 | K17: ='2. COEFICIENTES'!K119 -> 0.65419 | L17: ='2. COEFICIENTES'!L119 -> 0.65419 | M17: ='2. COEFICIENTES'!M119 -> 0.65419 | N17: ='2. COEFICIENTES'!N119 -> 0.65419 | ... T17: ='2. COEFICIENTES'!T119 -> 0.65419
D18: TOTAL DE CUSTEIOS - MOTORISTAS | E18: (R$/mês) | F18: =(F14*F15*F16)*(1+F17) -> 72654.308 | G18: =(G14*G15*G16)*(1+G17) -> 84213.793 | H18: =(H14*H15*H16)*(1+H17) -> 84213.793 | I18: =(I14*I15*I16)*(1+I17) -> 84213.793 | J18: =(J14*J15*J16)*(1+J17) -> 84213.793 | K18: =(K14*K15*K16)*(1+K17) -> 84213.793 | L18: =(L14*L15*L16)*(1+L17) -> 84213.793 | M18: =(M14*M15*M16)*(1+M17) -> 84213.793 | ... T18: =(T14*T15*T16)*(1+T17) -> 84213.793
D19: TOTAL DE CUSTEIOS - MOTORISTAS | E19: (R$/Anual) | F19: =+F18*12 -> 871851.7 | G19: =+G18*12 -> 1010565.5 | H19: =+H18*12 -> 1010565.5 | I19: =+I18*12 -> 1010565.5 | J19: =+J18*12 -> 1010565.5 | K19: =+K18*12 -> 1010565.5 | L19: =+L18*12 -> 1010565.5 | M19: =+M18*12 -> 1010565.5 | ... T19: =+T18*12 -> 1010565.5
C21: =+MENU!$C$76 -> 5.1.2. - CUSTEIOS COM PESSOAL DE FISCALIZAÇÃO
C23: FISCALIZAÇÃO | E23: Un. | F23: 1 | G23: =+F23+1 -> 2 | H23: =+G23+1 -> 3 | I23: =+H23+1 -> 4 | J23: =+I23+1 -> 5 | K23: =+J23+1 -> 6 | L23: =+K23+1 -> 7 | M23: =+L23+1 -> 8 | N23: =+M23+1 -> 9 | ... T23: =+S23+1 -> 15
D24: ="FROTA OPERACIONAL" -> FROTA OPERACIONAL | E24: (Veíc. Op/mês) | F24: =+'1. DADOS OPERACIONAIS'!F15 -> 12 | G24: =+'1. DADOS OPERACIONAIS'!G15 -> 12 | H24: =+'1. DADOS OPERACIONAIS'!H15 -> 12 | I24: =+'1. DADOS OPERACIONAIS'!I15 -> 12 | J24: =+'1. DADOS OPERACIONAIS'!J15 -> 12 | K24: =+'1. DADOS OPERACIONAIS'!K15 -> 12 | L24: =+'1. DADOS OPERACIONAIS'!L15 -> 12 | M24: =+'1. DADOS OPERACIONAIS'!M15 -> 12 | ... T24: =+'1. DADOS OPERACIONAIS'!T15 -> 12
D25: FATOR DE UTILIZAÇÃO | E25: (Func./Veíc. Op) | F25: =+'2. COEFICIENTES'!F83 -> 0.2 | G25: =+'2. COEFICIENTES'!G83 -> 0.2 | H25: =+'2. COEFICIENTES'!H83 -> 0.2 | I25: =+'2. COEFICIENTES'!I83 -> 0.2 | J25: =+'2. COEFICIENTES'!J83 -> 0.2 | K25: =+'2. COEFICIENTES'!K83 -> 0.2 | L25: =+'2. COEFICIENTES'!L83 -> 0.2 | M25: =+'2. COEFICIENTES'!M83 -> 0.2 | ... T25: =+'2. COEFICIENTES'!T83 -> 0.2
D26: SALÁRIO BASE MENSAL | E26: (R$/Func.) | F26: =+'3. PREÇOS INSUMOS'!G179 -> 2204.99 | G26: =+'3. PREÇOS INSUMOS'!H179 -> 2204.99 | H26: =+'3. PREÇOS INSUMOS'!I179 -> 2204.99 | I26: =+'3. PREÇOS INSUMOS'!J179 -> 2204.99 | J26: =+'3. PREÇOS INSUMOS'!K179 -> 2204.99 | K26: =+'3. PREÇOS INSUMOS'!L179 -> 2204.99 | L26: =+'3. PREÇOS INSUMOS'!M179 -> 2204.99 | M26: =+'3. PREÇOS INSUMOS'!N179 -> 2204.99 | ... T26: =+'3. PREÇOS INSUMOS'!U179 -> 2204.99
D27: ENCARGOS SOCIAIS | E27: (%/mês) | F27: ='2. COEFICIENTES'!F119 -> 0.42713 | G27: ='2. COEFICIENTES'!G119 -> 0.65419 | H27: ='2. COEFICIENTES'!H119 -> 0.65419 | I27: ='2. COEFICIENTES'!I119 -> 0.65419 | J27: ='2. COEFICIENTES'!J119 -> 0.65419 | K27: ='2. COEFICIENTES'!K119 -> 0.65419 | L27: ='2. COEFICIENTES'!L119 -> 0.65419 | M27: ='2. COEFICIENTES'!M119 -> 0.65419 | ... T27: ='2. COEFICIENTES'!T119 -> 0.65419
D28: TOTAL DE CUSTEIOS - FISCALIZAÇÃO | E28: (R$/mês) | F28: =(F24*F25*F26)*(1+F27) -> 7552.3377 | G28: =(G24*G25*G26)*(1+G27) -> 8753.9338 | H28: =(H24*H25*H26)*(1+H27) -> 8753.9338 | I28: =(I24*I25*I26)*(1+I27) -> 8753.9338 | J28: =(J24*J25*J26)*(1+J27) -> 8753.9338 | K28: =(K24*K25*K26)*(1+K27) -> 8753.9338 | L28: =(L24*L25*L26)*(1+L27) -> 8753.9338 | M28: =(M24*M25*M26)*(1+M27) -> 8753.9338 | ... T28: =(T24*T25*T26)*(1+T27) -> 8753.9338
D29: TOTAL DE CUSTEIOS - FISCALIZAÇÃO | E29: (R$/Anual) | F29: =+F28*12 -> 90628.053 | G29: =+G28*12 -> 105047.21 | H29: =+H28*12 -> 105047.21 | I29: =+I28*12 -> 105047.21 | J29: =+J28*12 -> 105047.21 | K29: =+K28*12 -> 105047.21 | L29: =+L28*12 -> 105047.21 | M29: =+M28*12 -> 105047.21 | ... T29: =+T28*12 -> 105047.21
C31: =+MENU!$C$77 -> 5.1.3. - CUSTEIOS COM COBRADOR
C33: COBRADOR | E33: Un. | F33: 1 | G33: =+F33+1 -> 2 | H33: =+G33+1 -> 3 | I33: =+H33+1 -> 4 | J33: =+I33+1 -> 5 | K33: =+J33+1 -> 6 | L33: =+K33+1 -> 7 | M33: =+L33+1 -> 8 | N33: =+M33+1 -> 9 | ... T33: =+S33+1 -> 15
D34: ="FROTA OPERACIONAL" -> FROTA OPERACIONAL | E34: (Veíc. Op/mês) | F34: =+'1. DADOS OPERACIONAIS'!F15 -> 12 | G34: =+'1. DADOS OPERACIONAIS'!G15 -> 12 | H34: =+'1. DADOS OPERACIONAIS'!H15 -> 12 | I34: =+'1. DADOS OPERACIONAIS'!I15 -> 12 | J34: =+'1. DADOS OPERACIONAIS'!J15 -> 12 | K34: =+'1. DADOS OPERACIONAIS'!K15 -> 12 | L34: =+'1. DADOS OPERACIONAIS'!L15 -> 12 | M34: =+'1. DADOS OPERACIONAIS'!M15 -> 12 | ... T34: =+'1. DADOS OPERACIONAIS'!T15 -> 12
D35: FATOR DE UTILIZAÇÃO | E35: (Func./Veíc. Op) | F35: =+'2. COEFICIENTES'!F84 -> 0.2 | G35: =+'2. COEFICIENTES'!G84 -> 0.2 | H35: =+'2. COEFICIENTES'!H84 -> 0.2 | I35: =+'2. COEFICIENTES'!I84 -> 0.2 | J35: =+'2. COEFICIENTES'!J84 -> 0.2 | K35: =+'2. COEFICIENTES'!K84 -> 0.2 | L35: =+'2. COEFICIENTES'!L84 -> 0.2 | M35: =+'2. COEFICIENTES'!M84 -> 0.2 | ... T35: =+'2. COEFICIENTES'!T84 -> 0.2
D36: SALÁRIO BASE MENSAL | E36: (R$/Func.) | F36: =+'3. PREÇOS INSUMOS'!G180 -> 1200.56 | G36: =+'3. PREÇOS INSUMOS'!H180 -> 1200.56 | H36: =+'3. PREÇOS INSUMOS'!I180 -> 1200.56 | I36: =+'3. PREÇOS INSUMOS'!J180 -> 1200.56 | J36: =+'3. PREÇOS INSUMOS'!K180 -> 1200.56 | K36: =+'3. PREÇOS INSUMOS'!L180 -> 1200.56 | L36: =+'3. PREÇOS INSUMOS'!M180 -> 1200.56 | M36: =+'3. PREÇOS INSUMOS'!N180 -> 1200.56 | ... T36: =+'3. PREÇOS INSUMOS'!U180 -> 1200.56
D37: ENCARGOS SOCIAIS | E37: (%/mês) | F37: ='2. COEFICIENTES'!F119 -> 0.42713 | G37: ='2. COEFICIENTES'!G119 -> 0.65419 | H37: ='2. COEFICIENTES'!H119 -> 0.65419 | I37: ='2. COEFICIENTES'!I119 -> 0.65419 | J37: ='2. COEFICIENTES'!J119 -> 0.65419 | K37: ='2. COEFICIENTES'!K119 -> 0.65419 | L37: ='2. COEFICIENTES'!L119 -> 0.65419 | M37: ='2. COEFICIENTES'!M119 -> 0.65419 | ... T37: ='2. COEFICIENTES'!T119 -> 0.65419
D38: TOTAL DE CUSTEIOS - COBRADOR | E38: (R$/mês) | F38: =(F34*F35*F36)*(1+F37) -> 4112.0525 | G38: =(G34*G35*G36)*(1+G37) -> 4766.2904 | H38: =(H34*H35*H36)*(1+H37) -> 4766.2904 | I38: =(I34*I35*I36)*(1+I37) -> 4766.2904 | J38: =(J34*J35*J36)*(1+J37) -> 4766.2904 | K38: =(K34*K35*K36)*(1+K37) -> 4766.2904 | L38: =(L34*L35*L36)*(1+L37) -> 4766.2904 | M38: =(M34*M35*M36)*(1+M37) -> 4766.2904 | ... T38: =(T34*T35*T36)*(1+T37) -> 4766.2904
D39: TOTAL DE CUSTEIOS - COBRADOR | E39: (R$/Anual) | F39: =+F38*12 -> 49344.63 | G39: =+G38*12 -> 57195.485 | H39: =+H38*12 -> 57195.485 | I39: =+I38*12 -> 57195.485 | J39: =+J38*12 -> 57195.485 | K39: =+K38*12 -> 57195.485 | L39: =+L38*12 -> 57195.485 | M39: =+M38*12 -> 57195.485 | ... T39: =+T38*12 -> 57195.485
D41: TOTAL CUSTEIROS PESSOAL DE OPERAÇÃO - R$/mês | F41: =+F28+F18+F38 -> 84318.698 | G41: =+G28+G18+G38 -> 97734.017 | H41: =+H28+H18+H38 -> 97734.017 | I41: =+I28+I18+I38 -> 97734.017 | J41: =+J28+J18+J38 -> 97734.017 | K41: =+K28+K18+K38 -> 97734.017 | L41: =+L28+L18+L38 -> 97734.017 | M41: =+M28+M18+M38 -> 97734.017 | ... T41: =+T28+T18+T38 -> 97734.017
D42: TOTAL CUSTEIROS PESSOAL DE OPERAÇÃO - R$/Anual | F42: =+F29+F19+F39 -> 1011824.4 | G42: =+G29+G19+G39 -> 1172808.2 | H42: =+H29+H19+H39 -> 1172808.2 | I42: =+I29+I19+I39 -> 1172808.2 | J42: =+J29+J19+J39 -> 1172808.2 | K42: =+K29+K19+K39 -> 1172808.2 | L42: =+L29+L19+L39 -> 1172808.2 | M42: =+M29+M19+M39 -> 1172808.2 | ... T42: =+T29+T19+T39 -> 1172808.2
C45: =+MENU!$C$78 -> 5.2. - CÁLCULO DOS CUSTEIOS COM PESSOAL DE MANUTENÇÃO
C47: PESSOAL DE MANUTENÇÃO | E47: Un. | F47: 1 | G47: =+F47+1 -> 2 | H47: =+G47+1 -> 3 | I47: =+H47+1 -> 4 | J47: =+I47+1 -> 5 | K47: =+J47+1 -> 6 | L47: =+K47+1 -> 7 | M47: =+L47+1 -> 8 | N47: =+M47+1 -> 9 | ... T47: =+S47+1 -> 15
D48: CUSTEIOS C/ PESSOAL DE OPERACÃO | E48: (R$/mês) | F48: =+F41 -> 84318.698 | G48: =+G41 -> 97734.017 | H48: =+H41 -> 97734.017 | I48: =+I41 -> 97734.017 | J48: =+J41 -> 97734.017 | K48: =+K41 -> 97734.017 | L48: =+L41 -> 97734.017 | M48: =+M41 -> 97734.017 | ... T48: =+T41 -> 97734.017
D49: % sobre pessoal de operação | E49: (%/mês) | F49: =+'2. COEFICIENTES'!$F$97 -> 0.125 | G49: =+'2. COEFICIENTES'!G97 -> 0.125 | H49: =+'2. COEFICIENTES'!H97 -> 0.125 | I49: =+'2. COEFICIENTES'!I97 -> 0.125 | J49: =+'2. COEFICIENTES'!J97 -> 0.125 | K49: =+'2. COEFICIENTES'!K97 -> 0.125 | L49: =+'2. COEFICIENTES'!L97 -> 0.125 | M49: =+'2. COEFICIENTES'!M97 -> 0.125 | N49: =+'2. COEFICIENTES'!N97 -> 0.125 | ... T49: =+'2. COEFICIENTES'!T97 -> 0.125
D50: TOTAL DE CUSTEIOS - MANUTENÇÃO | E50: (R$/mês) | F50: =+F49*F48 -> 10539.837 | G50: =+G49*G48 -> 12216.752 | H50: =+H49*H48 -> 12216.752 | I50: =+I49*I48 -> 12216.752 | J50: =+J49*J48 -> 12216.752 | K50: =+K49*K48 -> 12216.752 | L50: =+L49*L48 -> 12216.752 | M50: =+M49*M48 -> 12216.752 | ... T50: =+T49*T48 -> 12216.752
D51: TOTAL DE CUSTEIOS - MANUTENÇÃO | E51: (R$/mês) | F51: =+F50*12 -> 126478.05 | G51: =+G50*12 -> 146601.03 | H51: =+H50*12 -> 146601.03 | I51: =+I50*12 -> 146601.03 | J51: =+J50*12 -> 146601.03 | K51: =+K50*12 -> 146601.03 | L51: =+L50*12 -> 146601.03 | M51: =+M50*12 -> 146601.03 | ... T51: =+T50*12 -> 146601.03
C54: =+MENU!$C$79 -> 5.3. - CÁLCULO DOS CUSTEIOS COM PESSOAL ADMINISTRATIVO
C56: PESSOAL ADMINISTRATIVO | E56: Un. | F56: 1 | G56: =+F56+1 -> 2 | H56: =+G56+1 -> 3 | I56: =+H56+1 -> 4 | J56: =+I56+1 -> 5 | K56: =+J56+1 -> 6 | L56: =+K56+1 -> 7 | M56: =+L56+1 -> 8 | N56: =+M56+1 -> 9 | ... T56: =+S56+1 -> 15
D57: CUSTEIOS C/ PESSOAL DE OPERACÃO | E57: (R$/mês) | F57: =+F41 -> 84318.698 | G57: =+G41 -> 97734.017 | H57: =+H41 -> 97734.017 | I57: =+I41 -> 97734.017 | J57: =+J41 -> 97734.017 | K57: =+K41 -> 97734.017 | L57: =+L41 -> 97734.017 | M57: =+M41 -> 97734.017 | ... T57: =+T41 -> 97734.017
D58: % sobre pessoal de operação | E58: (%/mês) | F58: =+'2. COEFICIENTES'!$F$103 -> 0.085 | G58: =+'2. COEFICIENTES'!G103 -> 0.085 | H58: =+'2. COEFICIENTES'!H103 -> 0.085 | I58: =+'2. COEFICIENTES'!I103 -> 0.085 | J58: =+'2. COEFICIENTES'!J103 -> 0.085 | K58: =+'2. COEFICIENTES'!K103 -> 0.085 | L58: =+'2. COEFICIENTES'!L103 -> 0.085 | M58: =+'2. COEFICIENTES'!M103 -> 0.085 | N58: =+'2. COEFICIENTES'!N103 -> 0.085 | ... T58: =+'2. COEFICIENTES'!T103 -> 0.085
D59: TOTAL DE CUSTEIOS - ADMINISTAÇÃO | E59: (R$/mês) | F59: =+F58*F57 -> 7167.0893 | G59: =+G58*G57 -> 8307.3914 | H59: =+H58*H57 -> 8307.3914 | I59: =+I58*I57 -> 8307.3914 | J59: =+J58*J57 -> 8307.3914 | K59: =+K58*K57 -> 8307.3914 | L59: =+L58*L57 -> 8307.3914 | M59: =+M58*M57 -> 8307.3914 | ... T59: =+T58*T57 -> 8307.3914
D60: TOTAL DE CUSTEIOS - ADMINISTAÇÃO | E60: (R$/mês) | F60: =+F59*12 -> 86005.072 | G60: =+G59*12 -> 99688.697 | H60: =+H59*12 -> 99688.697 | I60: =+I59*12 -> 99688.697 | J60: =+J59*12 -> 99688.697 | K60: =+K59*12 -> 99688.697 | L60: =+L59*12 -> 99688.697 | M60: =+M59*12 -> 99688.697 | ... T60: =+T59*12 -> 99688.697
C63: =+MENU!$C$80 -> 5.4. - CÁLCULO DOS CUSTEIOS COM BENEFÍCIOS
C65: CUSTEIOS DE BENEFÍCIOS | E65: Un. | F65: 1 | G65: =+F65+1 -> 2 | H65: =+G65+1 -> 3 | I65: =+H65+1 -> 4 | J65: =+I65+1 -> 5 | K65: =+J65+1 -> 6 | L65: =+K65+1 -> 7 | M65: =+L65+1 -> 8 | N65: =+M65+1 -> 9 | ... T65: =+S65+1 -> 15
D66: ="FROTA OPERACIONAL" -> FROTA OPERACIONAL | E66: (Veíc. Op/mês) | F66: =+'1. DADOS OPERACIONAIS'!F15 -> 12 | G66: =+'1. DADOS OPERACIONAIS'!G15 -> 12 | H66: =+'1. DADOS OPERACIONAIS'!H15 -> 12 | I66: =+'1. DADOS OPERACIONAIS'!I15 -> 12 | J66: =+'1. DADOS OPERACIONAIS'!J15 -> 12 | K66: =+'1. DADOS OPERACIONAIS'!K15 -> 12 | L66: =+'1. DADOS OPERACIONAIS'!L15 -> 12 | M66: =+'1. DADOS OPERACIONAIS'!M15 -> 12 | ... T66: =+'1. DADOS OPERACIONAIS'!T15 -> 12
D67: FATOR DE UTILIZAÇÃO MOTORISTA | E67: (Func./Veíc. Op.) | F67: =+'2. COEFICIENTES'!F89 -> 2.21 | G67: =+'2. COEFICIENTES'!G89 -> 2.21 | H67: =+'2. COEFICIENTES'!H89 -> 2.21 | I67: =+'2. COEFICIENTES'!I89 -> 2.21 | J67: =+'2. COEFICIENTES'!J89 -> 2.21 | K67: =+'2. COEFICIENTES'!K89 -> 2.21 | L67: =+'2. COEFICIENTES'!L89 -> 2.21 | M67: =+'2. COEFICIENTES'!M89 -> 2.21 | ... T67: =+'2. COEFICIENTES'!T89 -> 2.21
D68: FATOR DE UTILIZAÇÃO FISCALIZAÇÃO | E68: =E67 -> (Func./Veíc. Op.) | F68: =+'2. COEFICIENTES'!F90 -> 0.2 | G68: =+'2. COEFICIENTES'!G90 -> 0.2 | H68: =+'2. COEFICIENTES'!H90 -> 0.2 | I68: =+'2. COEFICIENTES'!I90 -> 0.2 | J68: =+'2. COEFICIENTES'!J90 -> 0.2 | K68: =+'2. COEFICIENTES'!K90 -> 0.2 | L68: =+'2. COEFICIENTES'!L90 -> 0.2 | M68: =+'2. COEFICIENTES'!M90 -> 0.2 | ... T68: =+'2. COEFICIENTES'!T90 -> 0.2
D69: FATOR DE UTILIZAÇÃO COBRADOR | E69: =E68 -> (Func./Veíc. Op.) | F69: =+'2. COEFICIENTES'!F91 -> 0.2 | G69: =+'2. COEFICIENTES'!G91 -> 0.2 | H69: =+'2. COEFICIENTES'!H91 -> 0.2 | I69: =+'2. COEFICIENTES'!I91 -> 0.2 | J69: =+'2. COEFICIENTES'!J91 -> 0.2 | K69: =+'2. COEFICIENTES'!K91 -> 0.2 | L69: =+'2. COEFICIENTES'!L91 -> 0.2 | M69: =+'2. COEFICIENTES'!M91 -> 0.2 | ... T69: =+'2. COEFICIENTES'!T91 -> 0.2
D70: % PESSOAL DE MANUTENÇÃO | E70: (%/P. Op.) | F70: =+'2. COEFICIENTES'!F97 -> 0.125 | G70: =+'2. COEFICIENTES'!G97 -> 0.125 | H70: =+'2. COEFICIENTES'!H97 -> 0.125 | I70: =+'2. COEFICIENTES'!I97 -> 0.125 | J70: =+'2. COEFICIENTES'!J97 -> 0.125 | K70: =+'2. COEFICIENTES'!K97 -> 0.125 | L70: =+'2. COEFICIENTES'!L97 -> 0.125 | M70: =+'2. COEFICIENTES'!M97 -> 0.125 | ... T70: =+'2. COEFICIENTES'!T97 -> 0.125
D71: % PESSOAL DE ADMINISTRATIVO | E71: =E70 -> (%/P. Op.) | F71: =+'2. COEFICIENTES'!F103 -> 0.085 | G71: =+'2. COEFICIENTES'!G103 -> 0.085 | H71: =+'2. COEFICIENTES'!H103 -> 0.085 | I71: =+'2. COEFICIENTES'!I103 -> 0.085 | J71: =+'2. COEFICIENTES'!J103 -> 0.085 | K71: =+'2. COEFICIENTES'!K103 -> 0.085 | L71: =+'2. COEFICIENTES'!L103 -> 0.085 | M71: =+'2. COEFICIENTES'!M103 -> 0.085 | ... T71: =+'2. COEFICIENTES'!T103 -> 0.085
D72: TOTAL FUNCIONÁRIOS | E72: (Func./Mês) | F72: =ROUND(((F67+F68+F69)+(SUM(F67:F69)*SUM(F70:F71)))*F66,0) -> 38 | G72: =ROUND(((G67+G68+G69)+(SUM(G67:G69)*SUM(G70:G71)))*G66,0) -> 38 | H72: =ROUND(((H67+H68+H69)+(SUM(H67:H69)*SUM(H70:H71)))*H66,0) -> 38 | I72: =ROUND(((I67+I68+I69)+(SUM(I67:I69)*SUM(I70:I71)))*I66,0) -> 38 | J72: =ROUND(((J67+J68+J69)+(SUM(J67:J69)*SUM(J70:J71)))*J66,0) -> 38 | K72: =ROUND(((K67+K68+K69)+(SUM(K67:K69)*SUM(K70:K71)))*K66,0) -> 38 | L72: =ROUND(((L67+L68+L69)+(SUM(L67:L69)*SUM(L70:L71)))*L66,0) -> 38 | M72: =ROUND(((M67+M68+M69)+(SUM(M67:M69)*SUM(M70:M71)))*M66,0) -> 38 | ... T72: =ROUND(((T67+T68+T69)+(SUM(T67:T69)*SUM(T70:T71)))*T66,0) -> 38
D73: Cesta Básica | E73: (R$/Func./Mês) | F73: =F$72*'2. COEFICIENTES'!F109*'3. PREÇOS INSUMOS'!G185 -> 5703.42 | G73: =G$72*'2. COEFICIENTES'!G109*'3. PREÇOS INSUMOS'!H185 -> 5703.42 | H73: =H$72*'2. COEFICIENTES'!H109*'3. PREÇOS INSUMOS'!I185 -> 5703.42 | I73: =I$72*'2. COEFICIENTES'!I109*'3. PREÇOS INSUMOS'!J185 -> 5703.42 | J73: =J$72*'2. COEFICIENTES'!J109*'3. PREÇOS INSUMOS'!K185 -> 5703.42 | K73: =K$72*'2. COEFICIENTES'!K109*'3. PREÇOS INSUMOS'!L185 -> 5703.42 | L73: =L$72*'2. COEFICIENTES'!L109*'3. PREÇOS INSUMOS'!M185 -> 5703.42 | M73: =M$72*'2. COEFICIENTES'!M109*'3. PREÇOS INSUMOS'!N185 -> 5703.42 | ... T73: =T$72*'2. COEFICIENTES'!T109*'3. PREÇOS INSUMOS'!U185 -> 5703.42
D74: Vale Refeição | E74: =+E73 -> (R$/Func./Mês) | F74: =F$72*'2. COEFICIENTES'!F110*'3. PREÇOS INSUMOS'!G186 -> 9279.144 | G74: =G$72*'2. COEFICIENTES'!G110*'3. PREÇOS INSUMOS'!H186 -> 9279.144 | H74: =H$72*'2. COEFICIENTES'!H110*'3. PREÇOS INSUMOS'!I186 -> 9279.144 | I74: =I$72*'2. COEFICIENTES'!I110*'3. PREÇOS INSUMOS'!J186 -> 9279.144 | J74: =J$72*'2. COEFICIENTES'!J110*'3. PREÇOS INSUMOS'!K186 -> 9279.144 | K74: =K$72*'2. COEFICIENTES'!K110*'3. PREÇOS INSUMOS'!L186 -> 9279.144 | L74: =L$72*'2. COEFICIENTES'!L110*'3. PREÇOS INSUMOS'!M186 -> 9279.144 | M74: =M$72*'2. COEFICIENTES'!M110*'3. PREÇOS INSUMOS'!N186 -> 9279.144 | ... T74: =T$72*'2. COEFICIENTES'!T110*'3. PREÇOS INSUMOS'!U186 -> 9279.144
D75: Convenio Médico | E75: =+E74 -> (R$/Func./Mês) | F75: =F$72*'2. COEFICIENTES'!F111*'3. PREÇOS INSUMOS'!G187 -> 0 | G75: =G$72*'2. COEFICIENTES'!G111*'3. PREÇOS INSUMOS'!H187 -> 0 | H75: =H$72*'2. COEFICIENTES'!H111*'3. PREÇOS INSUMOS'!I187 -> 0 | I75: =I$72*'2. COEFICIENTES'!I111*'3. PREÇOS INSUMOS'!J187 -> 0 | J75: =J$72*'2. COEFICIENTES'!J111*'3. PREÇOS INSUMOS'!K187 -> 0 | K75: =K$72*'2. COEFICIENTES'!K111*'3. PREÇOS INSUMOS'!L187 -> 0 | L75: =L$72*'2. COEFICIENTES'!L111*'3. PREÇOS INSUMOS'!M187 -> 0 | M75: =M$72*'2. COEFICIENTES'!M111*'3. PREÇOS INSUMOS'!N187 -> 0 | ... T75: =T$72*'2. COEFICIENTES'!T111*'3. PREÇOS INSUMOS'!U187 -> 0
D76: Participação nos Lucros e Resultados | E76: =+E75 -> (R$/Func./Mês) | F76: =F$72*'2. COEFICIENTES'!F112*'3. PREÇOS INSUMOS'!G188 -> 0 | G76: =G$72*'2. COEFICIENTES'!G112*'3. PREÇOS INSUMOS'!H188 -> 0 | H76: =H$72*'2. COEFICIENTES'!H112*'3. PREÇOS INSUMOS'!I188 -> 0 | I76: =I$72*'2. COEFICIENTES'!I112*'3. PREÇOS INSUMOS'!J188 -> 0 | J76: =J$72*'2. COEFICIENTES'!J112*'3. PREÇOS INSUMOS'!K188 -> 0 | K76: =K$72*'2. COEFICIENTES'!K112*'3. PREÇOS INSUMOS'!L188 -> 0 | L76: =L$72*'2. COEFICIENTES'!L112*'3. PREÇOS INSUMOS'!M188 -> 0 | M76: =M$72*'2. COEFICIENTES'!M112*'3. PREÇOS INSUMOS'!N188 -> 0 | ... T76: =T$72*'2. COEFICIENTES'!T112*'3. PREÇOS INSUMOS'!U188 -> 0
D77: Cafe da Manhã (1/3) | E77: =+E76 -> (R$/Func./Mês) | F77: =(F$72*'2. COEFICIENTES'!F113*'3. PREÇOS INSUMOS'!G189)/3 -> 0 | G77: =(G$72*'2. COEFICIENTES'!G113*'3. PREÇOS INSUMOS'!H189)/3 -> 0 | H77: =(H$72*'2. COEFICIENTES'!H113*'3. PREÇOS INSUMOS'!I189)/3 -> 0 | I77: =(I$72*'2. COEFICIENTES'!I113*'3. PREÇOS INSUMOS'!J189)/3 -> 0 | J77: =(J$72*'2. COEFICIENTES'!J113*'3. PREÇOS INSUMOS'!K189)/3 -> 0 | K77: =(K$72*'2. COEFICIENTES'!K113*'3. PREÇOS INSUMOS'!L189)/3 -> 0 | L77: =(L$72*'2. COEFICIENTES'!L113*'3. PREÇOS INSUMOS'!M189)/3 -> 0 | M77: =(M$72*'2. COEFICIENTES'!M113*'3. PREÇOS INSUMOS'!N189)/3 -> 0 | ... T77: =(T$72*'2. COEFICIENTES'!T113*'3. PREÇOS INSUMOS'!U189)/3 -> 0
D78: TOTAL DE CUSTEIOS - BENEFÍCIOS | E78: (R$/mês) | F78: =SUM(F73:F77) -> 14982.564 | G78: =SUM(G73:G77) -> 14982.564 | H78: =SUM(H73:H77) -> 14982.564 | I78: =SUM(I73:I77) -> 14982.564 | J78: =SUM(J73:J77) -> 14982.564 | K78: =SUM(K73:K77) -> 14982.564 | L78: =SUM(L73:L77) -> 14982.564 | M78: =SUM(M73:M77) -> 14982.564 | ... T78: =SUM(T73:T77) -> 14982.564
D79: TOTAL DE CUSTEIOS - BENEFÍCIOS | E79: (R$/ANUAL) | F79: =+F78*12 -> 179790.77 | G79: =+G78*12 -> 179790.77 | H79: =+H78*12 -> 179790.77 | I79: =+I78*12 -> 179790.77 | J79: =+J78*12 -> 179790.77 | K79: =+K78*12 -> 179790.77 | L79: =+L78*12 -> 179790.77 | M79: =+M78*12 -> 179790.77 | ... T79: =+T78*12 -> 179790.77
C82: =+MENU!$C$81 -> 5.5. - RESUMO DA TOTALIZAÇÃO DOS CUSTOS FIXOS (PESSOAL)
C84: CUSTOS FIXOS (PESSOAL) | E84: Un. | F84: 1 | G84: =+F84+1 -> 2 | H84: =+G84+1 -> 3 | I84: =+H84+1 -> 4 | J84: =+I84+1 -> 5 | K84: =+J84+1 -> 6 | L84: =+K84+1 -> 7 | M84: =+L84+1 -> 8 | N84: =+M84+1 -> 9 | ... T84: =+S84+1 -> 15
D85: Custeios com Motoristas | E85: (R$/mês) | F85: =+F18 -> 72654.308 | G85: =+G18 -> 84213.793 | H85: =+H18 -> 84213.793 | I85: =+I18 -> 84213.793 | J85: =+J18 -> 84213.793 | K85: =+K18 -> 84213.793 | L85: =+L18 -> 84213.793 | M85: =+M18 -> 84213.793 | ... T85: =+T18 -> 84213.793
D86: Custeios com Fiscalização | E86: =+E85 -> (R$/mês) | F86: =+F28 -> 7552.3377 | G86: =+G28 -> 8753.9338 | H86: =+H28 -> 8753.9338 | I86: =+I28 -> 8753.9338 | J86: =+J28 -> 8753.9338 | K86: =+K28 -> 8753.9338 | L86: =+L28 -> 8753.9338 | M86: =+M28 -> 8753.9338 | ... T86: =+T28 -> 8753.9338
D87: Custeios com Cobrador | E87: =+E86 -> (R$/mês) | F87: =+F38 -> 4112.0525 | G87: =+G38 -> 4766.2904 | H87: =+H38 -> 4766.2904 | I87: =+I38 -> 4766.2904 | J87: =+J38 -> 4766.2904 | K87: =+K38 -> 4766.2904 | L87: =+L38 -> 4766.2904 | M87: =+M38 -> 4766.2904 | ... T87: =+T38 -> 4766.2904
D88: Custeios com P. Manutenção | E88: =+E87 -> (R$/mês) | F88: =+F50 -> 10539.837 | G88: =+G50 -> 12216.752 | H88: =+H50 -> 12216.752 | I88: =+I50 -> 12216.752 | J88: =+J50 -> 12216.752 | K88: =+K50 -> 12216.752 | L88: =+L50 -> 12216.752 | M88: =+M50 -> 12216.752 | ... T88: =+T50 -> 12216.752
D89: Custeios com P. Administrativo | E89: =+E88 -> (R$/mês) | F89: =+F59 -> 7167.0893 | G89: =+G59 -> 8307.3914 | H89: =+H59 -> 8307.3914 | I89: =+I59 -> 8307.3914 | J89: =+J59 -> 8307.3914 | K89: =+K59 -> 8307.3914 | L89: =+L59 -> 8307.3914 | M89: =+M59 -> 8307.3914 | ... T89: =+T59 -> 8307.3914
D90: Custeios com Benefícios | E90: (R$/mês) | F90: =+F78 -> 14982.564 | G90: =+G78 -> 14982.564 | H90: =+H78 -> 14982.564 | I90: =+I78 -> 14982.564 | J90: =+J78 -> 14982.564 | K90: =+K78 -> 14982.564 | L90: =+L78 -> 14982.564 | M90: =+M78 -> 14982.564 | ... T90: =+T78 -> 14982.564
D91: total de Custos Fixos (Pessoal) | E91: (R$/mês) | F91: =SUM(F85:F90) -> 117008.19 | G91: =SUM(G85:G90) -> 133240.72 | H91: =SUM(H85:H90) -> 133240.72 | I91: =SUM(I85:I90) -> 133240.72 | J91: =SUM(J85:J90) -> 133240.72 | K91: =SUM(K85:K90) -> 133240.72 | L91: =SUM(L85:L90) -> 133240.72 | M91: =SUM(M85:M90) -> 133240.72 | ... T91: =SUM(T85:T90) -> 133240.72
D92: total de Custos Fixos (Pessoal) | E92: (R$/ANUAL) | F92: =+F91*12 -> 1404098.3 | G92: =+G91*12 -> 1598888.7 | H92: =+H91*12 -> 1598888.7 | I92: =+I91*12 -> 1598888.7 | J92: =+J91*12 -> 1598888.7 | K92: =+K91*12 -> 1598888.7 | L92: =+L91*12 -> 1598888.7 | M92: =+M91*12 -> 1598888.7 | ... T92: =+T91*12 -> 1598888.7

Sheet 6. CUSTOS ADMINISTRATIVOS
E2: SECRETARIA MUNICIPAL DE DESENVOLVIMENTO URBANO
E3: =MENU!$B$3&" - "&+MENU!$B$4 -> CONCORRÊNCIA Nº 003/18 -
E4: =+MENU!$C$2 -> ESTUDO TÉCNICO DE VIABILIDADE ECONÔMICA DA OPERAÇÃO DO SERVIÇO DE TRANSPORTE COLETIVO DA CIDADE DE AMPARO
E5: =+MENU!$C$3 -> ANEXO IV.1 - ESTUDO TÉCNICO DE VIABILIDADE ECONÔMICA - ORÇAMENTO ESTIMADO | U5: =+MENU!$C$5 -> DATA BASE DE CÁLCULO: MARÇO 2020
B7: =+MENU!$C$82 -> 6. - CÁLCULO DOS CUSTOS ADMINISTRATIVOS
C9: =+MENU!$C$83 -> 6.1. - CÁLCULO DOS CUSTEIOS COM SEGUROS
C11: =+MENU!$C$84 -> 6.1.1. - CÁLCULO DOS CUSTEIOS COM SEGURO OBRIGATÓRIO
C13: SEGURO OBRIGATÓRIO | E13: Un. | G13: 1 | H13: =+G13+1 -> 2 | I13: =+H13+1 -> 3 | J13: =+I13+1 -> 4 | K13: =+J13+1 -> 5 | L13: =+K13+1 -> 6 | M13: =+L13+1 -> 7 | N13: =+M13+1 -> 8 | O13: =+N13+1 -> 9 | ... U13: =+T13+1 -> 15
A14: 1 | D14: ="FROTA TOTAL - "&VLOOKUP(A14,TIPOLOGIA!$D$10:$E$12,2,0) -> FROTA TOTAL - MICROÔNIBUS | E14: (Veíc./Mês) | G14: =+'1. DADOS OPERACIONAIS'!$F$20 -> 4 | H14: =+'1. DADOS OPERACIONAIS'!G20 -> 4 | I14: =+'1. DADOS OPERACIONAIS'!H20 -> 4 | J14: =+'1. DADOS OPERACIONAIS'!I20 -> 4 | K14: =+'1. DADOS OPERACIONAIS'!J20 -> 4 | L14: =+'1. DADOS OPERACIONAIS'!K20 -> 4 | M14: =+'1. DADOS OPERACIONAIS'!L20 -> 4 | N14: =+'1. DADOS OPERACIONAIS'!M20 -> 4 | O14: =+'1. DADOS OPERACIONAIS'!N20 -> 4 | ... U14: =+'1. DADOS OPERACIONAIS'!T20 -> 4
A15: 2 | D15: ="FROTA TOTAL - "&VLOOKUP(A15,TIPOLOGIA!$D$10:$E$12,2,0) -> FROTA TOTAL - CONVENCIONAL | E15: =+E14 -> (Veíc./Mês) | G15: =+'1. DADOS OPERACIONAIS'!F21 -> 10 | H15: =+'1. DADOS OPERACIONAIS'!G21 -> 10 | I15: =+'1. DADOS OPERACIONAIS'!H21 -> 10 | J15: =+'1. DADOS OPERACIONAIS'!I21 -> 10 | K15: =+'1. DADOS OPERACIONAIS'!J21 -> 10 | L15: =+'1. DADOS OPERACIONAIS'!K21 -> 10 | M15: =+'1. DADOS OPERACIONAIS'!L21 -> 10 | N15: =+'1. DADOS OPERACIONAIS'!M21 -> 10 | ... U15: =+'1. DADOS OPERACIONAIS'!T21 -> 10
A16: 3 | D16: ="FROTA TOTAL - "&VLOOKUP(A16,TIPOLOGIA!$D$10:$E$12,2,0) -> FROTA TOTAL - - | E16: =+E15 -> (Veíc./Mês) | G16: =+'1. DADOS OPERACIONAIS'!F22 -> 0 | H16: =+'1. DADOS OPERACIONAIS'!G22 -> 0 | I16: =+'1. DADOS OPERACIONAIS'!H22 -> 0 | J16: =+'1. DADOS OPERACIONAIS'!I22 -> 0 | K16: =+'1. DADOS OPERACIONAIS'!J22 -> 0 | L16: =+'1. DADOS OPERACIONAIS'!K22 -> 0 | M16: =+'1. DADOS OPERACIONAIS'!L22 -> 0 | N16: =+'1. DADOS OPERACIONAIS'!M22 -> 0 | ... U16: =+'1. DADOS OPERACIONAIS'!T22 -> 0
D17: ="VALOR SEG. OBRIG. - "&VLOOKUP(A14,TIPOLOGIA!$D$10:$E$12,2,0) -> VALOR SEG. OBRIG. - MICROÔNIBUS | E17: (R$/Mês) | G17: =+'3. PREÇOS INSUMOS'!G160/12 -> 8.7141667 | H17: =+'3. PREÇOS INSUMOS'!H160/12 -> 8.7141667 | I17: =+'3. PREÇOS INSUMOS'!I160/12 -> 8.7141667 | J17: =+'3. PREÇOS INSUMOS'!J160/12 -> 8.7141667 | K17: =+'3. PREÇOS INSUMOS'!K160/12 -> 8.7141667 | L17: =+'3. PREÇOS INSUMOS'!L160/12 -> 8.7141667 | M17: =+'3. PREÇOS INSUMOS'!M160/12 -> 8.7141667 | N17: =+'3. PREÇOS INSUMOS'!N160/12 -> 8.7141667 | ... U17: =+'3. PREÇOS INSUMOS'!U160/12 -> 8.7141667
D18: ="VALOR SEG. OBRIG. - "&VLOOKUP(A15,TIPOLOGIA!$D$10:$E$12,2,0) -> VALOR SEG. OBRIG. - CONVENCIONAL | E18: (R$/Mês) | G18: =+'3. PREÇOS INSUMOS'!G161/12 -> 8.7141667 | H18: =+'3. PREÇOS INSUMOS'!H161/12 -> 8.7141667 | I18: =+'3. PREÇOS INSUMOS'!I161/12 -> 8.7141667 | J18: =+'3. PREÇOS INSUMOS'!J161/12 -> 8.7141667 | K18: =+'3. PREÇOS INSUMOS'!K161/12 -> 8.7141667 | L18: =+'3. PREÇOS INSUMOS'!L161/12 -> 8.7141667 | M18: =+'3. PREÇOS INSUMOS'!M161/12 -> 8.7141667 | N18: =+'3. PREÇOS INSUMOS'!N161/12 -> 8.7141667 | ... U18: =+'3. PREÇOS INSUMOS'!U161/12 -> 8.7141667
D19: ="VALOR SEG. OBRIG. - "&VLOOKUP(A16,TIPOLOGIA!$D$10:$E$12,2,0) -> VALOR SEG. OBRIG. - - | E19: (R$/Mês) | G19: =+'3. PREÇOS INSUMOS'!G162/12 -> 0 | H19: =+'3. PREÇOS INSUMOS'!H162/12 -> 0 | I19: =+'3. PREÇOS INSUMOS'!I162/12 -> 0 | J19: =+'3. PREÇOS INSUMOS'!J162/12 -> 0 | K19: =+'3. PREÇOS INSUMOS'!K162/12 -> 0 | L19: =+'3. PREÇOS INSUMOS'!L162/12 -> 0 | M19: =+'3. PREÇOS INSUMOS'!M162/12 -> 0 | N19: =+'3. PREÇOS INSUMOS'!N162/12 -> 0 | ... U19: =+'3. PREÇOS INSUMOS'!U162/12 -> 0
D20: TOTAL DE CUSTEIOS - SEG. OBRIG. | E20: (R$/Mês) | G20: =G14*G17+G15*G18+G16*G19 -> 121.99833 | H20: =H14*H17+H15*H18+H16*H19 -> 121.99833 | I20: =I14*I17+I15*I18+I16*I19 -> 121.99833 | J20: =J14*J17+J15*J18+J16*J19 -> 121.99833 | K20: =K14*K17+K15*K18+K16*K19 -> 121.99833 | L20: =L14*L17+L15*L18+L16*L19 -> 121.99833 | M20: =M14*M17+M15*M18+M16*M19 -> 121.99833 | N20: =N14*N17+N15*N18+N16*N19 -> 121.99833 | ... U20: =U14*U17+U15*U18+U16*U19 -> 121.99833
D21: TOTAL DE CUSTEIOS - SEG. OBRIG. | E21: (R$/ANUAL) | G21: =+G20*12 -> 1463.98 | H21: =+H20*12 -> 1463.98 | I21: =+I20*12 -> 1463.98 | J21: =+J20*12 -> 1463.98 | K21: =+K20*12 -> 1463.98 | L21: =+L20*12 -> 1463.98 | M21: =+M20*12 -> 1463.98 | N21: =+N20*12 -> 1463.98 | ... U21: =+U20*12 -> 1463.98
C23: =+MENU!$C$85 -> 6.1.2. - CÁLCULO DOS CUSTEIOS COM SEGURO RESPONSABILIDADE CIVIL
C25: SEGURO DE RESPONSABILIDADE CIVIL | E25: Un. | G25: 1 | H25: =+G25+1 -> 2 | I25: =+H25+1 -> 3 | J25: =+I25+1 -> 4 | K25: =+J25+1 -> 5 | L25: =+K25+1 -> 6 | M25: =+L25+1 -> 7 | N25: =+M25+1 -> 8 | O25: =+N25+1 -> 9 | ... U25: =+T25+1 -> 15
A26: 1 | D26: ="FROTA TOTAL - "&VLOOKUP(A26,TIPOLOGIA!$D$10:$E$12,2,0) -> FROTA TOTAL - MICROÔNIBUS | E26: (Veíc./Mês) | G26: =+'1. DADOS OPERACIONAIS'!F20 -> 4 | H26: =+'1. DADOS OPERACIONAIS'!G20 -> 4 | I26: =+'1. DADOS OPERACIONAIS'!H20 -> 4 | J26: =+'1. DADOS OPERACIONAIS'!I20 -> 4 | K26: =+'1. DADOS OPERACIONAIS'!J20 -> 4 | L26: =+'1. DADOS OPERACIONAIS'!K20 -> 4 | M26: =+'1. DADOS OPERACIONAIS'!L20 -> 4 | N26: =+'1. DADOS OPERACIONAIS'!M20 -> 4 | ... U26: =+'1. DADOS OPERACIONAIS'!T20 -> 4
A27: 2 | D27: ="FROTA TOTAL - "&VLOOKUP(A27,TIPOLOGIA!$D$10:$E$12,2,0) -> FROTA TOTAL - CONVENCIONAL | E27: =+E26 -> (Veíc./Mês) | G27: =+'1. DADOS OPERACIONAIS'!F21 -> 10 | H27: =+'1. DADOS OPERACIONAIS'!G21 -> 10 | I27: =+'1. DADOS OPERACIONAIS'!H21 -> 10 | J27: =+'1. DADOS OPERACIONAIS'!I21 -> 10 | K27: =+'1. DADOS OPERACIONAIS'!J21 -> 10 | L27: =+'1. DADOS OPERACIONAIS'!K21 -> 10 | M27: =+'1. DADOS OPERACIONAIS'!L21 -> 10 | N27: =+'1. DADOS OPERACIONAIS'!M21 -> 10 | ... U27: =+'1. DADOS OPERACIONAIS'!T21 -> 10
A28: 3 | D28: ="FROTA TOTAL - "&VLOOKUP(A28,TIPOLOGIA!$D$10:$E$12,2,0) -> FROTA TOTAL - - | E28: =+E27 -> (Veíc./Mês) | G28: =+'1. DADOS OPERACIONAIS'!F22 -> 0 | H28: =+'1. DADOS OPERACIONAIS'!G22 -> 0 | I28: =+'1. DADOS OPERACIONAIS'!H22 -> 0 | J28: =+'1. DADOS OPERACIONAIS'!I22 -> 0 | K28: =+'1. DADOS OPERACIONAIS'!J22 -> 0 | L28: =+'1. DADOS OPERACIONAIS'!K22 -> 0 | M28: =+'1. DADOS OPERACIONAIS'!L22 -> 0 | N28: =+'1. DADOS OPERACIONAIS'!M22 -> 0 | ... U28: =+'1. DADOS OPERACIONAIS'!T22 -> 0
D29: ="VALOR SEG. OBRIG. - "&VLOOKUP(A26,TIPOLOGIA!$D$10:$E$12,2,0) -> VALOR SEG. OBRIG. - MICROÔNIBUS | E29: (R$/Mês) | G29: =+'3. PREÇOS INSUMOS'!G168/12 -> 70.84 | H29: =+'3. PREÇOS INSUMOS'!H168/12 -> 70.84 | I29: =+'3. PREÇOS INSUMOS'!I168/12 -> 70.84 | J29: =+'3. PREÇOS INSUMOS'!J168/12 -> 70.84 | K29: =+'3. PREÇOS INSUMOS'!K168/12 -> 70.84 | L29: =+'3. PREÇOS INSUMOS'!L168/12 -> 70.84 | M29: =+'3. PREÇOS INSUMOS'!M168/12 -> 70.84 | N29: =+'3. PREÇOS INSUMOS'!N168/12 -> 70.84 | ... U29: =+'3. PREÇOS INSUMOS'!U168/12 -> 70.84
D30: ="VALOR SEG. OBRIG. - "&VLOOKUP(A27,TIPOLOGIA!$D$10:$E$12,2,0) -> VALOR SEG. OBRIG. - CONVENCIONAL | E30: (R$/Mês) | G30: =+'3. PREÇOS INSUMOS'!G169/12 -> 70.84 | H30: =+'3. PREÇOS INSUMOS'!H169/12 -> 70.84 | I30: =+'3. PREÇOS INSUMOS'!I169/12 -> 70.84 | J30: =+'3. PREÇOS INSUMOS'!J169/12 -> 70.84 | K30: =+'3. PREÇOS INSUMOS'!K169/12 -> 70.84 | L30: =+'3. PREÇOS INSUMOS'!L169/12 -> 70.84 | M30: =+'3. PREÇOS INSUMOS'!M169/12 -> 70.84 | N30: =+'3. PREÇOS INSUMOS'!N169/12 -> 70.84 | ... U30: =+'3. PREÇOS INSUMOS'!U169/12 -> 70.84
D31: ="VALOR SEG. OBRIG. - "&VLOOKUP(A28,TIPOLOGIA!$D$10:$E$12,2,0) -> VALOR SEG. OBRIG. - - | E31: (R$/Mês) | G31: =+'3. PREÇOS INSUMOS'!G170/12 -> 0 | H31: =+'3. PREÇOS INSUMOS'!H170/12 -> 0 | I31: =+'3. PREÇOS INSUMOS'!I170/12 -> 0 | J31: =+'3. PREÇOS INSUMOS'!J170/12 -> 0 | K31: =+'3. PREÇOS INSUMOS'!K170/12 -> 0 | L31: =+'3. PREÇOS INSUMOS'!L170/12 -> 0 | M31: =+'3. PREÇOS INSUMOS'!M170/12 -> 0 | N31: =+'3. PREÇOS INSUMOS'!N170/12 -> 0 | ... U31: =+'3. PREÇOS INSUMOS'!U170/12 -> 0
D32: TOTAL DE CUSTEIOS - SEG. RESP. CIVIL | E32: (R$/Mês) | G32: =G26*G29+G27*G30+G28*G31 -> 991.76 | H32: =H26*H29+H27*H30+H28*H31 -> 991.76 | I32: =I26*I29+I27*I30+I28*I31 -> 991.76 | J32: =J26*J29+J27*J30+J28*J31 -> 991.76 | K32: =K26*K29+K27*K30+K28*K31 -> 991.76 | L32: =L26*L29+L27*L30+L28*L31 -> 991.76 | M32: =M26*M29+M27*M30+M28*M31 -> 991.76 | N32: =N26*N29+N27*N30+N28*N31 -> 991.76 | ... U32: =U26*U29+U27*U30+U28*U31 -> 991.76
D33: TOTAL DE CUSTEIOS - SEG. RESP. CIVIL | E33: (R$/ANUAL) | G33: =+G32*12 -> 11901.12 | H33: =+H32*12 -> 11901.12 | I33: =+I32*12 -> 11901.12 | J33: =+J32*12 -> 11901.12 | K33: =+K32*12 -> 11901.12 | L33: =+L32*12 -> 11901.12 | M33: =+M32*12 -> 11901.12 | N33: =+N32*12 -> 11901.12 | ... U33: =+U32*12 -> 11901.12
C36: =+MENU!$C$86 -> 6.2. - CÁLCULO DAS DESPESAS GERAIS
C38: DESPESAS GERAIS | E38: Un. | G38: 1 | H38: =+G38+1 -> 2 | I38: =+H38+1 -> 3 | J38: =+I38+1 -> 4 | K38: =+J38+1 -> 5 | L38: =+K38+1 -> 6 | M38: =+L38+1 -> 7 | N38: =+M38+1 -> 8 | O38: =+N38+1 -> 9 | ... U38: =+T38+1 -> 15
A39: 2 | D39: FROTA TOTAL | E39: (Veíc./Mês) | G39: =+'1. DADOS OPERACIONAIS'!F23 -> 14 | H39: =+'1. DADOS OPERACIONAIS'!G23 -> 14 | I39: =+'1. DADOS OPERACIONAIS'!H23 -> 14 | J39: =+'1. DADOS OPERACIONAIS'!I23 -> 14 | K39: =+'1. DADOS OPERACIONAIS'!J23 -> 14 | L39: =+'1. DADOS OPERACIONAIS'!K23 -> 14 | M39: =+'1. DADOS OPERACIONAIS'!L23 -> 14 | N39: =+'1. DADOS OPERACIONAIS'!M23 -> 14 | ... U39: =+'1. DADOS OPERACIONAIS'!T23 -> 14
A40: 2 | D40: ="Preço de Veículo Leve Novo Completo - "&VLOOKUP(A39,TIPOLOGIA!$D$10:$E$12,2,0) -> Preço de Veículo Leve Novo Completo - CONVENCIONAL | E40: (R$/Mês) | G40: =+'3. PREÇOS INSUMOS'!G45 -> 388000 | H40: =+'3. PREÇOS INSUMOS'!H45 -> 388000 | I40: =+'3. PREÇOS INSUMOS'!I45 -> 388000 | J40: =+'3. PREÇOS INSUMOS'!J45 -> 388000 | K40: =+'3. PREÇOS INSUMOS'!K45 -> 388000 | L40: =+'3. PREÇOS INSUMOS'!L45 -> 388000 | M40: =+'3. PREÇOS INSUMOS'!M45 -> 388000 | N40: =+'3. PREÇOS INSUMOS'!N45 -> 388000 | ... U40: =+'3. PREÇOS INSUMOS'!U45 -> 388000
D41: % sobre preço Veículo Leve Novo Completo | E41: (%/Mês) | G41: =+'2. COEFICIENTES'!F127 -> 0.0018333333 | H41: =+'2. COEFICIENTES'!G127 -> 0.0018333333 | I41: =+'2. COEFICIENTES'!H127 -> 0.0018333333 | J41: =+'2. COEFICIENTES'!I127 -> 0.0018333333 | K41: =+'2. COEFICIENTES'!J127 -> 0.0018333333 | L41: =+'2. COEFICIENTES'!K127 -> 0.0018333333 | M41: =+'2. COEFICIENTES'!L127 -> 0.0018333333 | N41: =+'2. COEFICIENTES'!M127 -> 0.0018333333 | ... U41: =+'2. COEFICIENTES'!T127 -> 0.0018333333
D42: TOTAL DE CUSTEIOS - DESP. GERAIS | E42: (R$/Mês) | G42: =(G39*G40)*G41 -> 9958.6667 | H42: =(H39*H40)*H41 -> 9958.6667 | I42: =(I39*I40)*I41 -> 9958.6667 | J42: =(J39*J40)*J41 -> 9958.6667 | K42: =(K39*K40)*K41 -> 9958.6667 | L42: =(L39*L40)*L41 -> 9958.6667 | M42: =(M39*M40)*M41 -> 9958.6667 | N42: =(N39*N40)*N41 -> 9958.6667 | ... U42: =(U39*U40)*U41 -> 9958.6667
D43: TOTAL DE CUSTEIOS - DESP. GERAIS | E43: (R$/ANUAL) | G43: =+G42*12 -> 119504 | H43: =+H42*12 -> 119504 | I43: =+I42*12 -> 119504 | J43: =+J42*12 -> 119504 | K43: =+K42*12 -> 119504 | L43: =+L42*12 -> 119504 | M43: =+M42*12 -> 119504 | N43: =+N42*12 -> 119504 | ... U43: =+U42*12 -> 119504
C46: =+MENU!$C$87 -> 6.3. - CÁLCULO DOS CUSTEIOS COM PRÓ-LABORE
C48: PRÓ-LABORE | E48: Un. | G48: 1 | H48: =+G48+1 -> 2 | I48: =+H48+1 -> 3 | J48: =+I48+1 -> 4 | K48: =+J48+1 -> 5 | L48: =+K48+1 -> 6 | M48: =+L48+1 -> 7 | N48: =+M48+1 -> 8 | O48: =+N48+1 -> 9 | ... U48: =+T48+1 -> 15
D49: Custeios Pessoal de Operação | E49: (R$/Mês) | G49: =+'5. CUSTOS FIXOS (PESSOAL)'!F41 -> 84318.698 | H49: =+'5. CUSTOS FIXOS (PESSOAL)'!G41 -> 97734.017 | I49: =+'5. CUSTOS FIXOS (PESSOAL)'!H41 -> 97734.017 | J49: =+'5. CUSTOS FIXOS (PESSOAL)'!I41 -> 97734.017 | K49: =+'5. CUSTOS FIXOS (PESSOAL)'!J41 -> 97734.017 | L49: =+'5. CUSTOS FIXOS (PESSOAL)'!K41 -> 97734.017 | M49: =+'5. CUSTOS FIXOS (PESSOAL)'!L41 -> 97734.017 | N49: =+'5. CUSTOS FIXOS (PESSOAL)'!M41 -> 97734.017 | ... U49: =+'5. CUSTOS FIXOS (PESSOAL)'!T41 -> 97734.017
D50: % Sobre Pessoal de Operação | E50: (%/Mês) | G50: =+'2. COEFICIENTES'!F132 -> 0.1 | H50: =+'2. COEFICIENTES'!G132 -> 0.1 | I50: =+'2. COEFICIENTES'!H132 -> 0.1 | J50: =+'2. COEFICIENTES'!I132 -> 0.1 | K50: =+'2. COEFICIENTES'!J132 -> 0.1 | L50: =+'2. COEFICIENTES'!K132 -> 0.1 | M50: =+'2. COEFICIENTES'!L132 -> 0.1 | N50: =+'2. COEFICIENTES'!M132 -> 0.1 | ... U50: =+'2. COEFICIENTES'!T132 -> 0.1
D51: TOTAL DE CUSTEIOS - PRÓ-LABORE | E51: (R$/Mês) | G51: =+G50*G49 -> 8431.8698 | H51: =+H50*H49 -> 9773.4017 | I51: =+I50*I49 -> 9773.4017 | J51: =+J50*J49 -> 9773.4017 | K51: =+K50*K49 -> 9773.4017 | L51: =+L50*L49 -> 9773.4017 | M51: =+M50*M49 -> 9773.4017 | N51: =+N50*N49 -> 9773.4017 | ... U51: =+U50*U49 -> 9773.4017
D52: TOTAL DE CUSTEIOS - PRÓ-LABORE | E52: (R$/ANUAL) | G52: =+G51*12 -> 101182.44 | H52: =+H51*12 -> 117280.82 | I52: =+I51*12 -> 117280.82 | J52: =+J51*12 -> 117280.82 | K52: =+K51*12 -> 117280.82 | L52: =+L51*12 -> 117280.82 | M52: =+M51*12 -> 117280.82 | N52: =+N51*12 -> 117280.82 | ... U52: =+U51*12 -> 117280.82
C55: =+MENU!$C$88 -> 6.4. - CÁLCULO DA REMUNERAÇÃO DO ALMOXARIFADO
C57: ALMOXARIFADO | E57: Un. | G57: 1 | H57: =+G57+1 -> 2 | I57: =+H57+1 -> 3 | J57: =+I57+1 -> 4 | K57: =+J57+1 -> 5 | L57: =+K57+1 -> 6 | M57: =+L57+1 -> 7 | N57: =+M57+1 -> 8 | O57: =+N57+1 -> 9 | ... U57: =+T57+1 -> 15
A58: 1 | D58: ="FROTA TOTAL - "&VLOOKUP(A58,TIPOLOGIA!$D$10:$E$12,2,0) -> FROTA TOTAL - MICROÔNIBUS | E58: (Veíc.) | G58: =+'1. DADOS OPERACIONAIS'!F20 -> 4 | H58: =+'1. DADOS OPERACIONAIS'!G20 -> 4 | I58: =+'1. DADOS OPERACIONAIS'!H20 -> 4 | J58: =+'1. DADOS OPERACIONAIS'!I20 -> 4 | K58: =+'1. DADOS OPERACIONAIS'!J20 -> 4 | L58: =+'1. DADOS OPERACIONAIS'!K20 -> 4 | M58: =+'1. DADOS OPERACIONAIS'!L20 -> 4 | N58: =+'1. DADOS OPERACIONAIS'!M20 -> 4 | ... U58: =+'1. DADOS OPERACIONAIS'!T20 -> 4
A59: 2 | D59: ="FROTA TOTAL - "&VLOOKUP(A59,TIPOLOGIA!$D$10:$E$12,2,0) -> FROTA TOTAL - CONVENCIONAL | E59: (Veíc.) | G59: =+'1. DADOS OPERACIONAIS'!F21 -> 10 | H59: =+'1. DADOS OPERACIONAIS'!G21 -> 10 | I59: =+'1. DADOS OPERACIONAIS'!H21 -> 10 | J59: =+'1. DADOS OPERACIONAIS'!I21 -> 10 | K59: =+'1. DADOS OPERACIONAIS'!J21 -> 10 | L59: =+'1. DADOS OPERACIONAIS'!K21 -> 10 | M59: =+'1. DADOS OPERACIONAIS'!L21 -> 10 | N59: =+'1. DADOS OPERACIONAIS'!M21 -> 10 | ... U59: =+'1. DADOS OPERACIONAIS'!T21 -> 10
A60: 3 | D60: ="FROTA TOTAL - "&VLOOKUP(A60,TIPOLOGIA!$D$10:$E$12,2,0) -> FROTA TOTAL - - | E60: (Veíc.) | G60: =+'1. DADOS OPERACIONAIS'!F22 -> 0 | H60: =+'1. DADOS OPERACIONAIS'!G22 -> 0 | I60: =+'1. DADOS OPERACIONAIS'!H22 -> 0 | J60: =+'1. DADOS OPERACIONAIS'!I22 -> 0 | K60: =+'1. DADOS OPERACIONAIS'!J22 -> 0 | L60: =+'1. DADOS OPERACIONAIS'!K22 -> 0 | M60: =+'1. DADOS OPERACIONAIS'!L22 -> 0 | N60: =+'1. DADOS OPERACIONAIS'!M22 -> 0 | ... U60: =+'1. DADOS OPERACIONAIS'!T22 -> 0
A61: 1 | D61: ="Preço de Veíc. Novo Compl. - "&VLOOKUP(A61,TIPOLOGIA!$D$10:$E$12,2,0) -> Preço de Veíc. Novo Compl. - MICROÔNIBUS | E61: (R$/Mês) | G61: =+'3. PREÇOS INSUMOS'!G44 -> 309000 | H61: =+'3. PREÇOS INSUMOS'!H44 -> 309000 | I61: =+'3. PREÇOS INSUMOS'!I44 -> 309000 | J61: =+'3. PREÇOS INSUMOS'!J44 -> 309000 | K61: =+'3. PREÇOS INSUMOS'!K44 -> 309000 | L61: =+'3. PREÇOS INSUMOS'!L44 -> 309000 | M61: =+'3. PREÇOS INSUMOS'!M44 -> 309000 | N61: =+'3. PREÇOS INSUMOS'!N44 -> 309000 | ... U61: =+'3. PREÇOS INSUMOS'!U44 -> 309000
A62: 2 | D62: ="Preço de Veíc. Novo Compl. - "&VLOOKUP(A59,TIPOLOGIA!$D$10:$E$12,2,0) -> Preço de Veíc. Novo Compl. - CONVENCIONAL | E62: (R$/Mês) | G62: =+'3. PREÇOS INSUMOS'!G45 -> 388000 | H62: =+'3. PREÇOS INSUMOS'!H45 -> 388000 | I62: =+'3. PREÇOS INSUMOS'!I45 -> 388000 | J62: =+'3. PREÇOS INSUMOS'!J45 -> 388000 | K62: =+'3. PREÇOS INSUMOS'!K45 -> 388000 | L62: =+'3. PREÇOS INSUMOS'!L45 -> 388000 | M62: =+'3. PREÇOS INSUMOS'!M45 -> 388000 | N62: =+'3. PREÇOS INSUMOS'!N45 -> 388000 | ... U62: =+'3. PREÇOS INSUMOS'!U45 -> 388000
A63: 3 | D63: ="Preço de Veíc. Novo Compl. - "&VLOOKUP(A60,TIPOLOGIA!$D$10:$E$12,2,0) -> Preço de Veíc. Novo Compl. - - | E63: (R$/Mês) | G63: =+'3. PREÇOS INSUMOS'!G46 -> 0 | H63: =+'3. PREÇOS INSUMOS'!H46 -> 0 | I63: =+'3. PREÇOS INSUMOS'!I46 -> 0 | J63: =+'3. PREÇOS INSUMOS'!J46 -> 0 | K63: =+'3. PREÇOS INSUMOS'!K46 -> 0 | L63: =+'3. PREÇOS INSUMOS'!L46 -> 0 | M63: =+'3. PREÇOS INSUMOS'!M46 -> 0 | N63: =+'3. PREÇOS INSUMOS'!N46 -> 0 | ... U63: =+'3. PREÇOS INSUMOS'!U46 -> 0
D64: % sobre preço Veículo Novo Completo | E64: (%/Mês) | G64: =+'2. COEFICIENTES'!F137 -> 0.0003 | H64: =+'2. COEFICIENTES'!G137 -> 0.0003 | I64: =+'2. COEFICIENTES'!H137 -> 0.0003 | J64: =+'2. COEFICIENTES'!I137 -> 0.0003 | K64: =+'2. COEFICIENTES'!J137 -> 0.0003 | L64: =+'2. COEFICIENTES'!K137 -> 0.0003 | M64: =+'2. COEFICIENTES'!L137 -> 0.0003 | N64: =+'2. COEFICIENTES'!M137 -> 0.0003 | ... U64: =+'2. COEFICIENTES'!T137 -> 0.0003
D65: TOTAL DE CUSTEIOS - ALMOXARIFADO | E65: (R$/Mês) | G65: =SUMPRODUCT(G58:G60,G61:G63)*G64 -> 1534.8 | H65: =SUMPRODUCT(H58:H60,H61:H63)*H64 -> 1534.8 | I65: =SUMPRODUCT(I58:I60,I61:I63)*I64 -> 1534.8 | J65: =SUMPRODUCT(J58:J60,J61:J63)*J64 -> 1534.8 | K65: =SUMPRODUCT(K58:K60,K61:K63)*K64 -> 1534.8 | L65: =SUMPRODUCT(L58:L60,L61:L63)*L64 -> 1534.8 | M65: =SUMPRODUCT(M58:M60,M61:M63)*M64 -> 1534.8 | N65: =SUMPRODUCT(N58:N60,N61:N63)*N64 -> 1534.8 | ... U65: =SUMPRODUCT(U58:U60,U61:U63)*U64 -> 1534.8
D66: TOTAL DE CUSTEIOS - ALMOXARIFADO | E66: (R$/ANUAL) | G66: =+G65*12 -> 18417.6 | H66: =+H65*12 -> 18417.6 | I66: =+I65*12 -> 18417.6 | J66: =+J65*12 -> 18417.6 | K66: =+K65*12 -> 18417.6 | L66: =+L65*12 -> 18417.6 | M66: =+M65*12 -> 18417.6 | N66: =+N65*12 -> 18417.6 | ... U66: =+U65*12 -> 18417.6
C69: =+MENU!$C$89 -> 6.5. - CÁLCULO PARA MANUTENÇÃO DOS CUSTEIOS DO SISTEMA DE BILHETAGEM ELETRÔNICA, ITS, CÂMERAS E MONITORAMENTO
C71: SBE, ITS, CÂMERAS E MONITORAMENTO | E71: Un. | G71: 1 | H71: =+G71+1 -> 2 | I71: =+H71+1 -> 3 | J71: =+I71+1 -> 4 | K71: =+J71+1 -> 5 | L71: =+K71+1 -> 6 | M71: =+L71+1 -> 7 | N71: =+M71+1 -> 8 | O71: =+N71+1 -> 9 | ... U71: =+T71+1 -> 15
D72: FROTA TOTAL | E72: (Veíc.) | G72: =+'1. DADOS OPERACIONAIS'!$F$23 -> 14 | H72: =+'1. DADOS OPERACIONAIS'!G23 -> 14 | I72: =+'1. DADOS OPERACIONAIS'!H23 -> 14 | J72: =+'1. DADOS OPERACIONAIS'!I23 -> 14 | K72: =+'1. DADOS OPERACIONAIS'!J23 -> 14 | L72: =+'1. DADOS OPERACIONAIS'!K23 -> 14 | M72: =+'1. DADOS OPERACIONAIS'!L23 -> 14 | N72: =+'1. DADOS OPERACIONAIS'!M23 -> 14 | O72: =+'1. DADOS OPERACIONAIS'!N23 -> 14 | ... U72: =+'1. DADOS OPERACIONAIS'!T23 -> 14
D73: PREÇO SISTEMA SBE - ITS, CÂMERAS E MONIT. | E73: (R$/Veíc.) | G73: =+'3. PREÇOS INSUMOS'!G195 -> 705 | H73: =+'3. PREÇOS INSUMOS'!H195 -> 705 | I73: =+'3. PREÇOS INSUMOS'!I195 -> 705 | J73: =+'3. PREÇOS INSUMOS'!J195 -> 705 | K73: =+'3. PREÇOS INSUMOS'!K195 -> 705 | L73: =+'3. PREÇOS INSUMOS'!L195 -> 705 | M73: =+'3. PREÇOS INSUMOS'!M195 -> 705 | N73: =+'3. PREÇOS INSUMOS'!N195 -> 705 | ... U73: =+'3. PREÇOS INSUMOS'!U195 -> 705
D74: TOTAL DE CUSTEIOS - SBE, ITS, CÂMERAS | E74: (R$/Mês) | G74: =G72*G73 -> 9870 | H74: =H72*H73 -> 9870 | I74: =I72*I73 -> 9870 | J74: =J72*J73 -> 9870 | K74: =K72*K73 -> 9870 | L74: =L72*L73 -> 9870 | M74: =M72*M73 -> 9870 | N74: =N72*N73 -> 9870 | ... U74: =U72*U73 -> 9870
D75: TOTAL DE CUSTEIOS - SBE, ITS, CÂMERAS | E75: (R$/ANUAL) | G75: =+G74*12 -> 118440 | H75: =+H74*12 -> 118440 | I75: =+I74*12 -> 118440 | J75: =+J74*12 -> 118440 | K75: =+K74*12 -> 118440 | L75: =+L74*12 -> 118440 | M75: =+M74*12 -> 118440 | N75: =+N74*12 -> 118440 | ... U75: =+U74*12 -> 118440
C78: =+MENU!$C$90 -> 6.6. - CÁLCULO DE LOCAÇÃO DE GARAGEM
C80: LOCAÇÃO DE GARAGEM | E80: Un. | G80: 1 | H80: =+G80+1 -> 2 | I80: =+H80+1 -> 3 | J80: =+I80+1 -> 4 | K80: =+J80+1 -> 5 | L80: =+K80+1 -> 6 | M80: =+L80+1 -> 7 | N80: =+M80+1 -> 8 | O80: =+N80+1 -> 9 | ... U80: =+T80+1 -> 15
D81: LOCAÇÃO DE GARAGEM | E81: (R$/Mês) | G81: =+'3. PREÇOS INSUMOS'!G201 -> 10000 | H81: =+'3. PREÇOS INSUMOS'!H201 -> 10000 | I81: =+'3. PREÇOS INSUMOS'!I201 -> 10000 | J81: =+'3. PREÇOS INSUMOS'!J201 -> 10000 | K81: =+'3. PREÇOS INSUMOS'!K201 -> 10000 | L81: =+'3. PREÇOS INSUMOS'!L201 -> 10000 | M81: =+'3. PREÇOS INSUMOS'!M201 -> 10000 | N81: =+'3. PREÇOS INSUMOS'!N201 -> 10000 | ... U81: =+'3. PREÇOS INSUMOS'!U201 -> 10000
D82: TOTAL DE CUSTEIOS - LOGAÇÃO DE GARAGEM | E82: (R$/Mês) | G82: =+G81 -> 10000 | H82: =+H81 -> 10000 | I82: =+I81 -> 10000 | J82: =+J81 -> 10000 | K82: =+K81 -> 10000 | L82: =+L81 -> 10000 | M82: =+M81 -> 10000 | N82: =+N81 -> 10000 | ... U82: =+U81 -> 10000
D83: TOTAL DE CUSTEIOS - LOGAÇÃO DE GARAGEM | E83: (R$/ANUAL) | G83: =+G82*12 -> 120000 | H83: =+H82*12 -> 120000 | I83: =+I82*12 -> 120000 | J83: =+J82*12 -> 120000 | K83: =+K82*12 -> 120000 | L83: =+L82*12 -> 120000 | M83: =+M82*12 -> 120000 | N83: =+N82*12 -> 120000 | ... U83: =+U82*12 -> 120000
B86: =+MENU!C91 -> 6.7. - RESUMO DA TOTALIZAÇÃO DOS CUSTEIOS ADMINISTRATIVOS
C88: CUSTEIOS ADMINISTRATIVOS | E88: Un. | F88: Pré-Oper. | G88: 1 | H88: =+G88+1 -> 2 | I88: =+H88+1 -> 3 | J88: =+I88+1 -> 4 | K88: =+J88+1 -> 5 | L88: =+K88+1 -> 6 | M88: =+L88+1 -> 7 | N88: =+M88+1 -> 8 | O88: =+N88+1 -> 9 | ... U88: =+T88+1 -> 15
D89: Custeios com Seguro Obrigatório | E89: (R$/mês) | G89: =+G20 -> 121.99833 | H89: =+H20 -> 121.99833 | I89: =+I20 -> 121.99833 | J89: =+J20 -> 121.99833 | K89: =+K20 -> 121.99833 | L89: =+L20 -> 121.99833 | M89: =+M20 -> 121.99833 | N89: =+N20 -> 121.99833 | ... U89: =+U20 -> 121.99833
D90: Custeios com Seguro Resp. Civil | E90: =+E89 -> (R$/mês) | G90: =+G32 -> 991.76 | H90: =+H32 -> 991.76 | I90: =+I32 -> 991.76 | J90: =+J32 -> 991.76 | K90: =+K32 -> 991.76 | L90: =+L32 -> 991.76 | M90: =+M32 -> 991.76 | N90: =+N32 -> 991.76 | ... U90: =+U32 -> 991.76
D91: Custeios com Despesas Gerais | E91: =+E90 -> (R$/mês) | G91: =+G42 -> 9958.6667 | H91: =+H42 -> 9958.6667 | I91: =+I42 -> 9958.6667 | J91: =+J42 -> 9958.6667 | K91: =+K42 -> 9958.6667 | L91: =+L42 -> 9958.6667 | M91: =+M42 -> 9958.6667 | N91: =+N42 -> 9958.6667 | ... U91: =+U42 -> 9958.6667
D92: Custeios com Pró-Labore | E92: =+E91 -> (R$/mês) | G92: =+G51 -> 8431.8698 | H92: =+H51 -> 9773.4017 | I92: =+I51 -> 9773.4017 | J92: =+J51 -> 9773.4017 | K92: =+K51 -> 9773.4017 | L92: =+L51 -> 9773.4017 | M92: =+M51 -> 9773.4017 | N92: =+N51 -> 9773.4017 | ... U92: =+U51 -> 9773.4017
D93: Custeios com Remun. Almoxarifado | E93: =+E92 -> (R$/mês) | G93: =+G65 -> 1534.8 | H93: =+H65 -> 1534.8 | I93: =+I65 -> 1534.8 | J93: =+J65 -> 1534.8 | K93: =+K65 -> 1534.8 | L93: =+L65 -> 1534.8 | M93: =+M65 -> 1534.8 | N93: =+N65 -> 1534.8 | ... U93: =+U65 -> 1534.8
D94: Custeios com Sist. Bilhetagem Eletrônica, Câmera Monitoramento e ITS | E94: =E93 -> (R$/mês) | G94: =G74 -> 9870 | H94: =H74 -> 9870 | I94: =I74 -> 9870 | J94: =J74 -> 9870 | K94: =K74 -> 9870 | L94: =L74 -> 9870 | M94: =M74 -> 9870 | N94: =N74 -> 9870 | ... U94: =U74 -> 9870
D95: Locação de Garagem | E95: =+E94 -> (R$/mês) | G95: =+G82 -> 10000 | H95: =+H82 -> 10000 | I95: =+I82 -> 10000 | J95: =+J82 -> 10000 | K95: =+K82 -> 10000 | L95: =+L82 -> 10000 | M95: =+M82 -> 10000 | N95: =+N82 -> 10000 | ... U95: =+U82 -> 10000
D96: Total de Custos Administrativos | E96: (R$/mês) | F96: =SUM(F89:F94) -> 0 | G96: =SUM(G89:G95) -> 40909.095 | H96: =SUM(H89:H95) -> 42250.627 | I96: =SUM(I89:I95) -> 42250.627 | J96: =SUM(J89:J95) -> 42250.627 | K96: =SUM(K89:K95) -> 42250.627 | L96: =SUM(L89:L95) -> 42250.627 | M96: =SUM(M89:M95) -> 42250.627 | N96: =SUM(N89:N95) -> 42250.627 | ... U96: =SUM(U89:U95) -> 42250.627
D97: Total de Custos Administrativos | E97: (R$/ANUAL) | F97: =+F96 -> 0 | G97: =+G96*12 -> 490909.14 | H97: =+H96*12 -> 507007.52 | I97: =+I96*12 -> 507007.52 | J97: =+J96*12 -> 507007.52 | K97: =+K96*12 -> 507007.52 | L97: =+L96*12 -> 507007.52 | M97: =+M96*12 -> 507007.52 | N97: =+N96*12 -> 507007.52 | ... U97: =+U96*12 -> 507007.52

Sheet 7. INVESTIMENTO FROTA
E2: SECRETARIA MUNICIPAL DE DESENVOLVIMENTO URBANO
E3: =MENU!$B$3&" - "&+MENU!$B$4 -> CONCORRÊNCIA Nº 003/18 -
E4: =+MENU!$C$2 -> ESTUDO TÉCNICO DE VIABILIDADE ECONÔMICA DA OPERAÇÃO DO SERVIÇO DE TRANSPORTE COLETIVO DA CIDADE DE AMPARO
E5: =+MENU!$C$3 -> ANEXO IV.1 - ESTUDO TÉCNICO DE VIABILIDADE ECONÔMICA - ORÇAMENTO ESTIMADO | U5: =+MENU!$C$5 -> DATA BASE DE CÁLCULO: MARÇO 2020
B7: 7. - INVESTIMENTOS EM FROTA
B9: 7.1. - AQUISIÇÃO, REVENDA E MOVIMENTAÇÃO DA FROTA (QUANTITATIVO)
C11: 7.1.1. - AQUISIÇÃO DE VEÍCULOS DA FROTA
A13: 1 | C13: ="7.1.1.1 - "&VLOOKUP(A13,TIPOLOGIA!$D$10:$E$12,2,0) -> 7.1.1.1 - MICROÔNIBUS
C14: FAIXA ETÁRIA | E14: Pré-Operacional | F14: 1 | G14: =+F14+1 -> 2 | H14: =+G14+1 -> 3 | I14: =+H14+1 -> 4 | J14: =+I14+1 -> 5 | K14: =+J14+1 -> 6 | L14: =+K14+1 -> 7 | M14: =+L14+1 -> 8 | N14: =+M14+1 -> 9 | ... T14: =+S14+1 -> 15
C15: 0 | D15: 00 a 01 ano | J15: 4 | R15: 4
C16: 1 | D16: 01 a 02 ano
C17: 2 | D17: 02 a 03 ano
C18: 3 | D18: 03 a 04 ano
C19: 4 | D19: 04 a 05 ano
C20: 5 | D20: 05 a 06 ano | E20: 4
C21: 6 | D21: 06 a 07 ano
C22: 7 | D22: 07 a 08 ano
C23: 8 | D23: 08 a 09 ano
C24: 9 | D24: 09 a 10 ano
C25: 10 | D25: +10 anos
C26: Total Veículos | E26: =SUM(E15:E25) -> 4 | F26: =SUM(F15:F25) -> 0 | G26: =SUM(G15:G25) -> 0 | H26: =SUM(H15:H25) -> 0 | I26: =SUM(I15:I25) -> 0 | J26: =SUM(J15:J25) -> 4 | K26: =SUM(K15:K25) -> 0 | L26: =SUM(L15:L25) -> 0 | ... T26: =SUM(T15:T25) -> 0
C27: ="Idade Média - "&VLOOKUP(A13,TIPOLOGIA!$D$10:$E$12,2,0) -> Idade Média - MICROÔNIBUS | E27: =IFERROR(SUMPRODUCT($C15:$C25,E15:E25)/E26,"-") -> 5 | F27: =IFERROR(SUMPRODUCT($C15:$C25,F15:F25)/F26,"-") -> - | G27: =IFERROR(SUMPRODUCT($C15:$C25,G15:G25)/G26,"-") -> - | H27: =IFERROR(SUMPRODUCT($C15:$C25,H15:H25)/H26,"-") -> - | I27: =IFERROR(SUMPRODUCT($C15:$C25,I15:I25)/I26,"-") -> - | J27: =IFERROR(SUMPRODUCT($C15:$C25,J15:J25)/J26,"-") -> 0 | K27: =IFERROR(SUMPRODUCT($C15:$C25,K15:K25)/K26,"-") -> - | L27: =IFERROR(SUMPRODUCT($C15:$C25,L15:L25)/L26,"-") -> - | ... T27: =IFERROR(SUMPRODUCT($C15:$C25,T15:T25)/T26,"-") -> -
A29: 2 | C29: ="7.1.1.2 - "&VLOOKUP(A29,TIPOLOGIA!$D$10:$E$12,2,0) -> 7.1.1.2 - CONVENCIONAL
C30: FAIXA ETÁRIA | E30: Pré-Operacional | F30: 1 | G30: =+F30+1 -> 2 | H30: =+G30+1 -> 3 | I30: =+H30+1 -> 4 | J30: =+I30+1 -> 5 | K30: =+J30+1 -> 6 | L30: =+K30+1 -> 7 | M30: =+L30+1 -> 8 | N30: =+M30+1 -> 9 | ... T30: =+S30+1 -> 15
C31: 0 | D31: 00 a 01 ano | G31: 3 | H31: 2 | I31: 2 | J31: 3 | N31: 1 | O31: 1 | P31: 3 | Q31: 2 | R31: 3
C32: 1 | D32: 01 a 02 ano
C33: 2 | D33: 02 a 03 ano
C34: 3 | D34: 03 a 04 ano
C35: 4 | D35: 04 a 05 ano
C36: 5 | D36: 05 a 06 ano | E36: 10
C37: 6 | D37: 06 a 07 ano
C38: 7 | D38: 07 a 08 ano
C39: 8 | D39: 08 a 09 ano
C40: 9 | D40: 09 a 10 ano
C41: 10 | D41: +10 anos
C42: Total Veículos | E42: =SUM(E31:E41) -> 10 | F42: =SUM(F31:F41) -> 0 | G42: =SUM(G31:G41) -> 3 | H42: =SUM(H31:H41) -> 2 | I42: =SUM(I31:I41) -> 2 | J42: =SUM(J31:J41) -> 3 | K42: =SUM(K31:K41) -> 0 | L42: =SUM(L31:L41) -> 0 | ... T42: =SUM(T31:T41) -> 0
C43: ="Idade Média - "&VLOOKUP(A29,TIPOLOGIA!$D$10:$E$12,2,0) -> Idade Média - CONVENCIONAL | E43: =IFERROR(SUMPRODUCT($C31:$C41,E31:E41)/E42,"-") -> 5 | F43: =IFERROR(SUMPRODUCT($C31:$C41,F31:F41)/F42,"-") -> - | G43: =IFERROR(SUMPRODUCT($C31:$C41,G31:G41)/G42,"-") -> 0 | H43: =IFERROR(SUMPRODUCT($C31:$C41,H31:H41)/H42,"-") -> 0 | I43: =IFERROR(SUMPRODUCT($C31:$C41,I31:I41)/I42,"-") -> 0 | J43: =IFERROR(SUMPRODUCT($C31:$C41,J31:J41)/J42,"-") -> 0 | K43: =IFERROR(SUMPRODUCT($C31:$C41,K31:K41)/K42,"-") -> - | L43: =IFERROR(SUMPRODUCT($C31:$C41,L31:L41)/L42,"-") -> - | ... T43: =IFERROR(SUMPRODUCT($C31:$C41,T31:T41)/T42,"-") -> -
A45: 3 | C45: ="7.1.1.3 - "&VLOOKUP(A45,TIPOLOGIA!$D$10:$E$12,2,0) -> 7.1.1.3 - -
C46: FAIXA ETÁRIA | E46: Pré-Operacional | F46: 1 | G46: =+F46+1 -> 2 | H46: =+G46+1 -> 3 | I46: =+H46+1 -> 4 | J46: =+I46+1 -> 5 | K46: =+J46+1 -> 6 | L46: =+K46+1 -> 7 | M46: =+L46+1 -> 8 | N46: =+M46+1 -> 9 | ... T46: =+S46+1 -> 15
C47: 0 | D47: 00 a 01 ano
C48: 1 | D48: 01 a 02 ano
C49: 2 | D49: 02 a 03 ano
C50: 3 | D50: 03 a 04 ano
C51: 4 | D51: 04 a 05 ano
C52: 5 | D52: 05 a 06 ano
C53: 6 | D53: 06 a 07 ano
C54: 7 | D54: 07 a 08 ano
C55: 8 | D55: 08 a 09 ano
C56: 9 | D56: 09 a 10 ano
C57: 10 | D57: +10 anos
C58: Total Veículos | E58: =SUM(E47:E57) -> 0 | F58: =SUM(F47:F57) -> 0 | G58: =SUM(G47:G57) -> 0 | H58: =SUM(H47:H57) -> 0 | I58: =SUM(I47:I57) -> 0 | J58: =SUM(J47:J57) -> 0 | K58: =SUM(K47:K57) -> 0 | L58: =SUM(L47:L57) -> 0 | ... T58: =SUM(T47:T57) -> 0
C59: ="Idade Média - "&VLOOKUP(A45,TIPOLOGIA!$D$10:$E$12,2,0) -> Idade Média - - | E59: =IFERROR(SUMPRODUCT($C47:$C57,E47:E57)/E58,"-") -> - | F59: =IFERROR(SUMPRODUCT($C47:$C57,F47:F57)/F58,"-") -> - | G59: =IFERROR(SUMPRODUCT($C47:$C57,G47:G57)/G58,"-") -> - | H59: =IFERROR(SUMPRODUCT($C47:$C57,H47:H57)/H58,"-") -> - | I59: =IFERROR(SUMPRODUCT($C47:$C57,I47:I57)/I58,"-") -> - | J59: =IFERROR(SUMPRODUCT($C47:$C57,J47:J57)/J58,"-") -> - | K59: =IFERROR(SUMPRODUCT($C47:$C57,K47:K57)/K58,"-") -> - | L59: =IFERROR(SUMPRODUCT($C47:$C57,L47:L57)/L58,"-") -> - | ... T59: =IFERROR(SUMPRODUCT($C47:$C57,T47:T57)/T58,"-") -> -
C62: 7.1.2. - REVENDA DE VEÍCULOS DA FROTA
A64: 1 | C64: ="7.1.2.1 - "&VLOOKUP(A64,TIPOLOGIA!$D$10:$E$12,2,0) -> 7.1.2.1 - MICROÔNIBUS
C65: FAIXA ETÁRIA | E65: Pré-Operacional | F65: 1 | G65: =+F65+1 -> 2 | H65: =+G65+1 -> 3 | I65: =+H65+1 -> 4 | J65: =+I65+1 -> 5 | K65: =+J65+1 -> 6 | L65: =+K65+1 -> 7 | M65: =+L65+1 -> 8 | N65: =+M65+1 -> 9 | ... T65: =+S65+1 -> 15 | U65: Encerramento
C66: 0 | D66: 00 a 01 ano | U66: =U117 -> 0
C67: 1 | D67: 01 a 02 ano | U67: =U118 -> 0
C68: 2 | D68: 02 a 03 ano | U68: =U119 -> 0
C69: 3 | D69: 03 a 04 ano | U69: =U120 -> 4
C70: 4 | D70: 04 a 05 ano | U70: =U121 -> 0
C71: 5 | D71: 05 a 06 ano | U71: =U122 -> 0
C72: 6 | D72: 06 a 07 ano | U72: =U123 -> 0
C73: 7 | D73: 07 a 08 ano | U73: =U124 -> 0
C74: 8 | D74: 08 a 09 ano | R74: =+R15 -> 4 | U74: =U125 -> 0
C75: 9 | D75: 09 a 10 ano | J75: 4 | U75: =U126 -> 0
C76: 10 | D76: +10 anos | U76: =U127 -> 0
C77: Total Veículos | E77: =SUM(E66:E76) -> 0 | F77: =SUM(F66:F76) -> 0 | G77: =SUM(G66:G76) -> 0 | H77: =SUM(H66:H76) -> 0 | I77: =SUM(I66:I76) -> 0 | J77: =SUM(J66:J76) -> 4 | K77: =SUM(K66:K76) -> 0 | L77: =SUM(L66:L76) -> 0 | ... U77: =SUM(U66:U76) -> 4
C78: ="Idade Média - "&VLOOKUP(A64,TIPOLOGIA!$D$10:$E$12,2,0) -> Idade Média - MICROÔNIBUS | E78: =IFERROR(SUMPRODUCT($C66:$C76,E66:E76)/E77,"-") -> - | F78: =IFERROR(SUMPRODUCT($C66:$C76,F66:F76)/F77,"-") -> - | G78: =IFERROR(SUMPRODUCT($C66:$C76,G66:G76)/G77,"-") -> - | H78: =IFERROR(SUMPRODUCT($C66:$C76,H66:H76)/H77,"-") -> - | I78: =IFERROR(SUMPRODUCT($C66:$C76,I66:I76)/I77,"-") -> - | J78: =IFERROR(SUMPRODUCT($C66:$C76,J66:J76)/J77,"-") -> 9 | K78: =IFERROR(SUMPRODUCT($C66:$C76,K66:K76)/K77,"-") -> - | L78: =IFERROR(SUMPRODUCT($C66:$C76,L66:L76)/L77,"-") -> - | ... U78: =IFERROR(SUMPRODUCT($C66:$C76,U66:U76)/U77,"-") -> 3
A80: 2 | C80: ="7.1.2.2 - "&VLOOKUP(A80,TIPOLOGIA!$D$10:$E$12,2,0) -> 7.1.2.2 - CONVENCIONAL
C81: FAIXA ETÁRIA | E81: Pré-Operacional | F81: 1 | G81: =+F81+1 -> 2 | H81: =+G81+1 -> 3 | I81: =+H81+1 -> 4 | J81: =+I81+1 -> 5 | K81: =+J81+1 -> 6 | L81: =+K81+1 -> 7 | M81: =+L81+1 -> 8 | N81: =+M81+1 -> 9 | ... T81: =+S81+1 -> 15 | U81: Encerramento
C82: 0 | D82: 00 a 01 ano | U82: =U133 -> 0
C83: 1 | D83: 01 a 02 ano | U83: =U134 -> 0
C84: 2 | D84: 02 a 03 ano | U84: =U135 -> 0
C85: 3 | D85: 03 a 04 ano | U85: =U136 -> 3
C86: 4 | D86: 04 a 05 ano | U86: =U137 -> 2
C87: 5 | D87: 05 a 06 ano | U87: =U138 -> 3
C88: 6 | D88: 06 a 07 ano | G88: =+G31 -> 3 | U88: =U139 -> 1
C89: 7 | D89: 07 a 08 ano | H89: =+H31 -> 2 | N89: 1 | U89: =U140 -> 1
C90: 8 | D90: 08 a 09 ano | I90: =+I31 -> 2 | O90: =+O31 -> 1 | P90: 2 | Q90: 2 | R90: =+R31 -> 3 | U90: =U141 -> 0
C91: 9 | D91: 09 a 10 ano | J91: =+J31 -> 3 | P91: 1 | U91: =U142 -> 0
C92: 10 | D92: +10 anos | U92: =U143 -> 0
C93: Total Veículos | E93: =SUM(E82:E92) -> 0 | F93: =SUM(F82:F92) -> 0 | G93: =SUM(G82:G92) -> 3 | H93: =SUM(H82:H92) -> 2 | I93: =SUM(I82:I92) -> 2 | J93: =SUM(J82:J92) -> 3 | K93: =SUM(K82:K92) -> 0 | L93: =SUM(L82:L92) -> 0 | ... U93: =SUM(U82:U92) -> 10
C94: ="Idade Média - "&VLOOKUP(A80,TIPOLOGIA!$D$10:$E$12,2,0) -> Idade Média - CONVENCIONAL | E94: =IFERROR(SUMPRODUCT($C82:$C92,E82:E92)/E93,"-") -> - | F94: =IFERROR(SUMPRODUCT($C82:$C92,F82:F92)/F93,"-") -> - | G94: =IFERROR(SUMPRODUCT($C82:$C92,G82:G92)/G93,"-") -> 6 | H94: =IFERROR(SUMPRODUCT($C82:$C92,H82:H92)/H93,"-") -> 7 | I94: =IFERROR(SUMPRODUCT($C82:$C92,I82:I92)/I93,"-") -> 8 | J94: =IFERROR(SUMPRODUCT($C82:$C92,J82:J92)/J93,"-") -> 9 | K94: =IFERROR(SUMPRODUCT($C82:$C92,K82:K92)/K93,"-") -> - | L94: =IFERROR(SUMPRODUCT($C82:$C92,L82:L92)/L93,"-") -> - | ... U94: =IFERROR(SUMPRODUCT($C82:$C92,U82:U92)/U93,"-") -> 4.5
A96: 3 | C96: ="7.1.2.3 - "&VLOOKUP(A96,TIPOLOGIA!$D$10:$E$12,2,0) -> 7.1.2.3 - -
C97: FAIXA ETÁRIA | E97: Pré-Operacional | F97: 1 | G97: =+F97+1 -> 2 | H97: =+G97+1 -> 3 | I97: =+H97+1 -> 4 | J97: =+I97+1 -> 5 | K97: =+J97+1 -> 6 | L97: =+K97+1 -> 7 | M97: =+L97+1 -> 8 | N97: =+M97+1 -> 9 | ... T97: =+S97+1 -> 15 | U97: Encerramento
C98: 0 | D98: 00 a 01 ano | U98: =U149 -> 0
C99: 1 | D99: 01 a 02 ano | U99: =U150 -> 0
C100: 2 | D100: 02 a 03 ano | U100: =U151 -> 0
C101: 3 | D101: 03 a 04 ano | U101: =U152 -> 0
C102: 4 | D102: 04 a 05 ano | U102: =U153 -> 0
C103: 5 | D103: 05 a 06 ano | U103: =U154 -> 0
C104: 6 | D104: 06 a 07 ano | U104: =U155 -> 0
C105: 7 | D105: 07 a 08 ano | U105: =U156 -> 0
C106: 8 | D106: 08 a 09 ano | U106: =U157 -> 0
C107: 9 | D107: 09 a 10 ano | U107: =U158 -> 0
C108: 10 | D108: +10 anos | U108: =U159 -> 0
C109: Total Veículos | E109: =SUM(E98:E108) -> 0 | F109: =SUM(F98:F108) -> 0 | G109: =SUM(G98:G108) -> 0 | H109: =SUM(H98:H108) -> 0 | I109: =SUM(I98:I108) -> 0 | J109: =SUM(J98:J108) -> 0 | K109: =SUM(K98:K108) -> 0 | L109: =SUM(L98:L108) -> 0 | ... U109: =SUM(U98:U108) -> 0
C110: ="Idade Média - "&VLOOKUP(A96,TIPOLOGIA!$D$10:$E$12,2,0) -> Idade Média - - | E110: =IFERROR(SUMPRODUCT($C98:$C108,E98:E108)/E109,"-") -> - | F110: =IFERROR(SUMPRODUCT($C98:$C108,F98:F108)/F109,"-") -> - | G110: =IFERROR(SUMPRODUCT($C98:$C108,G98:G108)/G109,"-") -> - | H110: =IFERROR(SUMPRODUCT($C98:$C108,H98:H108)/H109,"-") -> - | I110: =IFERROR(SUMPRODUCT($C98:$C108,I98:I108)/I109,"-") -> - | J110: =IFERROR(SUMPRODUCT($C98:$C108,J98:J108)/J109,"-") -> - | K110: =IFERROR(SUMPRODUCT($C98:$C108,K98:K108)/K109,"-") -> - | L110: =IFERROR(SUMPRODUCT($C98:$C108,L98:L108)/L109,"-") -> - | ... U110: =IFERROR(SUMPRODUCT($C98:$C108,U98:U108)/U109,"-") -> -
C113: 7.1.3. - MOVIMENTAÇÃO DE VEÍCULOS DA FROTA
A115: 1 | C115: ="7.1.3.1 - "&VLOOKUP(A115,TIPOLOGIA!$D$10:$E$12,2,0) -> 7.1.3.1 - MICROÔNIBUS
...

Sheet 8. DEPRECIAÇÃO DE FROTA
E2: SECRETARIA MUNICIPAL DE DESENVOLVIMENTO URBANO
E3: =MENU!$B$3&" - "&+MENU!$B$4 -> CONCORRÊNCIA Nº 003/18 -
E4: =+MENU!$C$2 -> ESTUDO TÉCNICO DE VIABILIDADE ECONÔMICA DA OPERAÇÃO DO SERVIÇO DE TRANSPORTE COLETIVO DA CIDADE DE AMPARO
E5: =+MENU!$C$3 -> ANEXO IV.1 - ESTUDO TÉCNICO DE VIABILIDADE ECONÔMICA - ORÇAMENTO ESTIMADO | T5: =+MENU!$C$5 -> DATA BASE DE CÁLCULO: MARÇO 2020
B7: 8. - CÁLCULO DA DEPRECIAÇÃO DE VEÍCULOS DA FROTA
A9: 1 | C9: ="8.1 - "&VLOOKUP(A9,TIPOLOGIA!$D$10:$E$12,2,0) -> 8.1 - MICROÔNIBUS
C11: DEPRECIAÇÃO | E11: Pré-Operacional | F11: 1 | G11: =+F11+1 -> 2 | H11: =+G11+1 -> 3 | I11: =+H11+1 -> 4 | J11: =+I11+1 -> 5 | K11: =+J11+1 -> 6 | L11: =+K11+1 -> 7 | M11: =+L11+1 -> 8 | N11: =+M11+1 -> 9 | ... T11: =+S11+1 -> 15
C12: 0 | D12: 00 a 01 ano | F12: =SUMPRODUCT(('7. INVESTIMENTO FROTA'!$E$186:F$186>F$11-5)*(('7. INVESTIMENTO FROTA'!$E202:F202*0.2))) -> 0 | G12: =SUMPRODUCT(('7. INVESTIMENTO FROTA'!$E$186:G$186>G$11-5)*(('7. INVESTIMENTO FROTA'!$E202:G202*0.2))) -> 0 | H12: =SUMPRODUCT(('7. INVESTIMENTO FROTA'!$E$186:H$186>H$11-5)*(('7. INVESTIMENTO FROTA'!$E202:H202*0.2))) -> 0 | I12: =SUMPRODUCT(('7. INVESTIMENTO FROTA'!$E$186:I$186>I$11-5)*(('7. INVESTIMENTO FROTA'!$E202:I202*0.2))) -> 0 | J12: =SUMPRODUCT(('7. INVESTIMENTO FROTA'!$E$186:J$186>J$11-5)*(('7. INVESTIMENTO FROTA'!$E202:J202*0.2))) -> 244606.21 | K12: =IFERROR(SUMPRODUCT(('7. INVESTIMENTO FROTA'!F$186:K$186>K$11-5)*(('7. INVESTIMENTO FROTA'!F202:K202*0.2))),0) -> 244606.21 | L12: =IFERROR(SUMPRODUCT(('7. INVESTIMENTO FROTA'!G$186:L$186>L$11-5)*(('7. INVESTIMENTO FROTA'!G202:L202*0.2))),0) -> 244606.21 | M12: =IFERROR(SUMPRODUCT(('7. INVESTIMENTO FROTA'!H$186:M$186>M$11-5)*(('7. INVESTIMENTO FROTA'!H202:M202*0.2))),0) -> 244606.21 | N12: =IFERROR(SUMPRODUCT(('7. INVESTIMENTO FROTA'!I$186:N$186>N$11-5)*(('7. INVESTIMENTO FROTA'!I202:N202*0.2))),0) -> 244606.21 | O12: =IFERROR(SUMPRODUCT(('7. INVESTIMENTO FROTA'!J$186:O$186>O$11-5)*(('7. INVESTIMENTO FROTA'!J202:O202*0.2))),0) -> 0 | P12: =IFERROR(SUMPRODUCT(('7. INVESTIMENTO FROTA'!K$186:P$186>P$11-5)*(('7. INVESTIMENTO FROTA'!K202:P202*0.2))),0) -> 0 | Q12: =IFERROR(SUMPRODUCT(('7. INVESTIMENTO FROTA'!L$186:Q$186>Q$11-5)*(('7. INVESTIMENTO FROTA'!L202:Q202*0.2))),0) -> 0 | R12: =IFERROR(SUMPRODUCT(('7. INVESTIMENTO FROTA'!M$186:R$186>R$11-5)*(('7. INVESTIMENTO FROTA'!M202:R202*0.2))),0) -> 244606.21 | ... T12: =IFERROR(SUMPRODUCT(('7. INVESTIMENTO FROTA'!O$186:T$186>T$11-5)*(('7. INVESTIMENTO FROTA'!O202:T202*0.2))),0) -> 244606.21
C13: 1 | D13: 01 a 02 ano | F13: =SUMPRODUCT(('7. INVESTIMENTO FROTA'!$E$186:F$186>F$11-5)*(('7. INVESTIMENTO FROTA'!$E203:F203*0.2))) -> 0 | G13: =SUMPRODUCT(('7. INVESTIMENTO FROTA'!$E$186:G$186>G$11-5)*(('7. INVESTIMENTO FROTA'!$E203:G203*0.2))) -> 0 | H13: =SUMPRODUCT(('7. INVESTIMENTO FROTA'!$E$186:H$186>H$11-5)*(('7. INVESTIMENTO FROTA'!$E203:H203*0.2))) -> 0 | I13: =SUMPRODUCT(('7. INVESTIMENTO FROTA'!$E$186:I$186>I$11-5)*(('7. INVESTIMENTO FROTA'!$E203:I203*0.2))) -> 0 | J13: =SUMPRODUCT(('7. INVESTIMENTO FROTA'!$E$186:J$186>J$11-5)*(('7. INVESTIMENTO FROTA'!$E203:J203*0.2))) -> 0 | K13: =IFERROR(SUMPRODUCT(('7. INVESTIMENTO FROTA'!F$186:K$186>K$11-5)*(('7. INVESTIMENTO FROTA'!F203:K203*0.2))),0) -> 0 | L13: =IFERROR(SUMPRODUCT(('7. INVESTIMENTO FROTA'!G$186:L$186>L$11-5)*(('7. INVESTIMENTO FROTA'!G203:L203*0.2))),0) -> 0 | M13: =IFERROR(SUMPRODUCT(('7. INVESTIMENTO FROTA'!H$186:M$186>M$11-5)*(('7. INVESTIMENTO FROTA'!H203:M203*0.2))),0) -> 0 | N13: =IFERROR(SUMPRODUCT(('7. INVESTIMENTO FROTA'!I$186:N$186>N$11-5)*(('7. INVESTIMENTO FROTA'!I203:N203*0.2))),0) -> 0 | O13: =IFERROR(SUMPRODUCT(('7. INVESTIMENTO FROTA'!J$186:O$186>O$11-5)*(('7. INVESTIMENTO FROTA'!J203:O203*0.2))),0) -> 0 | P13: =IFERROR(SUMPRODUCT(('7. INVESTIMENTO FROTA'!K$186:P$186>P$11-5)*(('7. INVESTIMENTO FROTA'!K203:P203*0.2))),0) -> 0 | Q13: =IFERROR(SUMPRODUCT(('7. INVESTIMENTO FROTA'!L$186:Q$186>Q$11-5)*(('7. INVESTIMENTO FROTA'!L203:Q203*0.2))),0) -> 0 | R13: =IFERROR(SUMPRODUCT(('7. INVESTIMENTO FROTA'!M$186:R$186>R$11-5)*(('7. INVESTIMENTO FROTA'!M203:R203*0.2))),0) -> 0 | ... T13: =IFERROR(SUMPRODUCT(('7. INVESTIMENTO FROTA'!O$186:T$186>T$11-5)*(('7. INVESTIMENTO FROTA'!O203:T203*0.2))),0) -> 0
C14: 2 | D14: 02 a 03 ano | F14: =SUMPRODUCT(('7. INVESTIMENTO FROTA'!$E$186:F$186>F$11-5)*(('7. INVESTIMENTO FROTA'!$E204:F204*0.2))) -> 0 | G14: =SUMPRODUCT(('7. INVESTIMENTO FROTA'!$E$186:G$186>G$11-5)*(('7. INVESTIMENTO FROTA'!$E204:G204*0.2))) -> 0 | H14: =SUMPRODUCT(('7. INVESTIMENTO FROTA'!$E$186:H$186>H$11-5)*(('7. INVESTIMENTO FROTA'!$E204:H204*0.2))) -> 0 | I14: =SUMPRODUCT(('7. INVESTIMENTO FROTA'!$E$186:I$186>I$11-5)*(('7. INVESTIMENTO FROTA'!$E204:I204*0.2))) -> 0 | J14: =SUMPRODUCT(('7. INVESTIMENTO FROTA'!$E$186:J$186>J$11-5)*(('7. INVESTIMENTO FROTA'!$E204:J204*0.2))) -> 0 | K14: =IFERROR(SUMPRODUCT(('7. INVESTIMENTO FROTA'!F$186:K$186>K$11-5)*(('7. INVESTIMENTO FROTA'!F204:K204*0.2))),0) -> 0 | L14: =IFERROR(SUMPRODUCT(('7. INVESTIMENTO FROTA'!G$186:L$186>L$11-5)*(('7. INVESTIMENTO FROTA'!G204:L204*0.2))),0) -> 0 | M14: =IFERROR(SUMPRODUCT(('7. INVESTIMENTO FROTA'!H$186:M$186>M$11-5)*(('7. INVESTIMENTO FROTA'!H204:M204*0.2))),0) -> 0 | N14: =IFERROR(SUMPRODUCT(('7. INVESTIMENTO FROTA'!I$186:N$186>N$11-5)*(('7. INVESTIMENTO FROTA'!I204:N204*0.2))),0) -> 0 | O14: =IFERROR(SUMPRODUCT(('7. INVESTIMENTO FROTA'!J$186:O$186>O$11-5)*(('7. INVESTIMENTO FROTA'!J204:O204*0.2))),0) -> 0 | P14: =IFERROR(SUMPRODUCT(('7. INVESTIMENTO FROTA'!K$186:P$186>P$11-5)*(('7. INVESTIMENTO FROTA'!K204:P204*0.2))),0) -> 0 | Q14: =IFERROR(SUMPRODUCT(('7. INVESTIMENTO FROTA'!L$186:Q$186>Q$11-5)*(('7. INVESTIMENTO FROTA'!L204:Q204*0.2))),0) -> 0 | R14: =IFERROR(SUMPRODUCT(('7. INVESTIMENTO FROTA'!M$186:R$186>R$11-5)*(('7. INVESTIMENTO FROTA'!M204:R204*0.2))),0) -> 0 | ... T14: =IFERROR(SUMPRODUCT(('7. INVESTIMENTO FROTA'!O$186:T$186>T$11-5)*(('7. INVESTIMENTO FROTA'!O204:T204*0.2))),0) -> 0
C15: 3 | D15: 03 a 04 ano | F15: =SUMPRODUCT(('7. INVESTIMENTO FROTA'!$E$186:F$186>F$11-5)*(('7. INVESTIMENTO FROTA'!$E205:F205*0.2))) -> 0 | G15: =SUMPRODUCT(('7. INVESTIMENTO FROTA'!$E$186:G$186>G$11-5)*(('7. INVESTIMENTO FROTA'!$E205:G205*0.2))) -> 0 | H15: =SUMPRODUCT(('7. INVESTIMENTO FROTA'!$E$186:H$186>H$11-5)*(('7. INVESTIMENTO FROTA'!$E205:H205*0.2))) -> 0 | I15: =SUMPRODUCT(('7. INVESTIMENTO FROTA'!$E$186:I$186>I$11-5)*(('7. INVESTIMENTO FROTA'!$E205:I205*0.2))) -> 0 | J15: =SUMPRODUCT(('7. INVESTIMENTO FROTA'!$E$186:J$186>J$11-5)*(('7. INVESTIMENTO FROTA'!$E205:J205*0.2))) -> 0 | K15: =IFERROR(SUMPRODUCT(('7. INVESTIMENTO FROTA'!F$186:K$186>K$11-5)*(('7. INVESTIMENTO FROTA'!F205:K205*0.2))),0) -> 0 | L15: =IFERROR(SUMPRODUCT(('7. INVESTIMENTO FROTA'!G$186:L$186>L$11-5)*(('7. INVESTIMENTO FROTA'!G205:L205*0.2))),0) -> 0 | M15: =IFERROR(SUMPRODUCT(('7. INVESTIMENTO FROTA'!H$186:M$186>M$11-5)*(('7. INVESTIMENTO FROTA'!H205:M205*0.2))),0) -> 0 | N15: =IFERROR(SUMPRODUCT(('7. INVESTIMENTO FROTA'!I$186:N$186>N$11-5)*(('7. INVESTIMENTO FROTA'!I205:N205*0.2))),0) -> 0 | O15: =IFERROR(SUMPRODUCT(('7. INVESTIMENTO FROTA'!J$186:O$186>O$11-5)*(('7. INVESTIMENTO FROTA'!J205:O205*0.2))),0) -> 0 | P15: =IFERROR(SUMPRODUCT(('7. INVESTIMENTO FROTA'!K$186:P$186>P$11-5)*(('7. INVESTIMENTO FROTA'!K205:P205*0.2))),0) -> 0 | Q15: =IFERROR(SUMPRODUCT(('7. INVESTIMENTO FROTA'!L$186:Q$186>Q$11-5)*(('7. INVESTIMENTO FROTA'!L205:Q205*0.2))),0) -> 0 | R15: =IFERROR(SUMPRODUCT(('7. INVESTIMENTO FROTA'!M$186:R$186>R$11-5)*(('7. INVESTIMENTO FROTA'!M205:R205*0.2))),0) -> 0 | ... T15: =IFERROR(SUMPRODUCT(('7. INVESTIMENTO FROTA'!O$186:T$186>T$11-5)*(('7. INVESTIMENTO FROTA'!O205:T205*0.2))),0) -> 0
C16: 4 | D16: 04 a 05 ano | F16: =SUMPRODUCT(('7. INVESTIMENTO FROTA'!$E$186:F$186>F$11-5)*(('7. INVESTIMENTO FROTA'!$E206:F206*0.2))) -> 0 | G16: =SUMPRODUCT(('7. INVESTIMENTO FROTA'!$E$186:G$186>G$11-5)*(('7. INVESTIMENTO FROTA'!$E206:G206*0.2))) -> 0 | H16: =SUMPRODUCT(('7. INVESTIMENTO FROTA'!$E$186:H$186>H$11-5)*(('7. INVESTIMENTO FROTA'!$E206:H206*0.2))) -> 0 | I16: =SUMPRODUCT(('7. INVESTIMENTO FROTA'!$E$186:I$186>I$11-5)*(('7. INVESTIMENTO FROTA'!$E206:I206*0.2))) -> 0 | J16: =SUMPRODUCT(('7. INVESTIMENTO FROTA'!$E$186:J$186>J$11-5)*(('7. INVESTIMENTO FROTA'!$E206:J206*0.2))) -> 0 | K16: =IFERROR(SUMPRODUCT(('7. INVESTIMENTO FROTA'!F$186:K$186>K$11-5)*(('7. INVESTIMENTO FROTA'!F206:K206*0.2))),0) -> 0 | L16: =IFERROR(SUMPRODUCT(('7. INVESTIMENTO FROTA'!G$186:L$186>L$11-5)*(('7. INVESTIMENTO FROTA'!G206:L206*0.2))),0) -> 0 | M16: =IFERROR(SUMPRODUCT(('7. INVESTIMENTO FROTA'!H$186:M$186>M$11-5)*(('7. INVESTIMENTO FROTA'!H206:M206*0.2))),0) -> 0 | N16: =IFERROR(SUMPRODUCT(('7. INVESTIMENTO FROTA'!I$186:N$186>N$11-5)*(('7. INVESTIMENTO FROTA'!I206:N206*0.2))),0) -> 0 | O16: =IFERROR(SUMPRODUCT(('7. INVESTIMENTO FROTA'!J$186:O$186>O$11-5)*(('7. INVESTIMENTO FROTA'!J206:O206*0.2))),0) -> 0 | P16: =IFERROR(SUMPRODUCT(('7. INVESTIMENTO FROTA'!K$186:P$186>P$11-5)*(('7. INVESTIMENTO FROTA'!K206:P206*0.2))),0) -> 0 | Q16: =IFERROR(SUMPRODUCT(('7. INVESTIMENTO FROTA'!L$186:Q$186>Q$11-5)*(('7. INVESTIMENTO FROTA'!L206:Q206*0.2))),0) -> 0 | R16: =IFERROR(SUMPRODUCT(('7. INVESTIMENTO FROTA'!M$186:R$186>R$11-5)*(('7. INVESTIMENTO FROTA'!M206:R206*0.2))),0) -> 0 | ... T16: =IFERROR(SUMPRODUCT(('7. INVESTIMENTO FROTA'!O$186:T$186>T$11-5)*(('7. INVESTIMENTO FROTA'!O206:T206*0.2))),0) -> 0
C17: 5 | D17: 05 a 06 ano | F17: =SUMPRODUCT(('7. INVESTIMENTO FROTA'!$E$186:F$186>F$11-5)*(('7. INVESTIMENTO FROTA'!$E207:F207*0.2))) -> 71343.477 | G17: =SUMPRODUCT(('7. INVESTIMENTO FROTA'!$E$186:G$186>G$11-5)*(('7. INVESTIMENTO FROTA'!$E207:G207*0.2))) -> 71343.477 | H17: =SUMPRODUCT(('7. INVESTIMENTO FROTA'!$E$186:H$186>H$11-5)*(('7. INVESTIMENTO FROTA'!$E207:H207*0.2))) -> 71343.477 | I17: =SUMPRODUCT(('7. INVESTIMENTO FROTA'!$E$186:I$186>I$11-5)*(('7. INVESTIMENTO FROTA'!$E207:I207*0.2))) -> 71343.477 | J17: =SUMPRODUCT(('7. INVESTIMENTO FROTA'!$E$186:J$186>J$11-5)*(('7. INVESTIMENTO FROTA'!$E207:J207*0.2))) -> 71343.477 | K17: =IFERROR(SUMPRODUCT(('7. INVESTIMENTO FROTA'!F$186:K$186>K$11-5)*(('7. INVESTIMENTO FROTA'!F207:K207*0.2))),0) -> 0 | L17: =IFERROR(SUMPRODUCT(('7. INVESTIMENTO FROTA'!G$186:L$186>L$11-5)*(('7. INVESTIMENTO FROTA'!G207:L207*0.2))),0) -> 0 | M17: =IFERROR(SUMPRODUCT(('7. INVESTIMENTO FROTA'!H$186:M$186>M$11-5)*(('7. INVESTIMENTO FROTA'!H207:M207*0.2))),0) -> 0 | N17: =IFERROR(SUMPRODUCT(('7. INVESTIMENTO FROTA'!I$186:N$186>N$11-5)*(('7. INVESTIMENTO FROTA'!I207:N207*0.2))),0) -> 0 | O17: =IFERROR(SUMPRODUCT(('7. INVESTIMENTO FROTA'!J$186:O$186>O$11-5)*(('7. INVESTIMENTO FROTA'!J207:O207*0.2))),0) -> 0 | P17: =IFERROR(SUMPRODUCT(('7. INVESTIMENTO FROTA'!K$186:P$186>P$11-5)*(('7. INVESTIMENTO FROTA'!K207:P207*0.2))),0) -> 0 | Q17: =IFERROR(SUMPRODUCT(('7. INVESTIMENTO FROTA'!L$186:Q$186>Q$11-5)*(('7. INVESTIMENTO FROTA'!L207:Q207*0.2))),0) -> 0 | R17: =IFERROR(SUMPRODUCT(('7. INVESTIMENTO FROTA'!M$186:R$186>R$11-5)*(('7. INVESTIMENTO FROTA'!M207:R207*0.2))),0) -> 0 | ... T17: =IFERROR(SUMPRODUCT(('7. INVESTIMENTO FROTA'!O$186:T$186>T$11-5)*(('7. INVESTIMENTO FROTA'!O207:T207*0.2))),0) -> 0
C18: 6 | D18: 06 a 07 ano | F18: =SUMPRODUCT(('7. INVESTIMENTO FROTA'!$E$186:F$186>F$11-5)*(('7. INVESTIMENTO FROTA'!$E208:F208*0.2))) -> 0 | G18: =SUMPRODUCT(('7. INVESTIMENTO FROTA'!$E$186:G$186>G$11-5)*(('7. INVESTIMENTO FROTA'!$E208:G208*0.2))) -> 0 | H18: =SUMPRODUCT(('7. INVESTIMENTO FROTA'!$E$186:H$186>H$11-5)*(('7. INVESTIMENTO FROTA'!$E208:H208*0.2))) -> 0 | I18: =SUMPRODUCT(('7. INVESTIMENTO FROTA'!$E$186:I$186>I$11-5)*(('7. INVESTIMENTO FROTA'!$E208:I208*0.2))) -> 0 | J18: =SUMPRODUCT(('7. INVESTIMENTO FROTA'!$E$186:J$186>J$11-5)*(('7. INVESTIMENTO FROTA'!$E208:J208*0.2))) -> 0 | K18: =IFERROR(SUMPRODUCT(('7. INVESTIMENTO FROTA'!F$186:K$186>K$11-5)*(('7. INVESTIMENTO FROTA'!F208:K208*0.2))),0) -> 0 | L18: =IFERROR(SUMPRODUCT(('7. INVESTIMENTO FROTA'!G$186:L$186>L$11-5)*(('7. INVESTIMENTO FROTA'!G208:L208*0.2))),0) -> 0 | M18: =IFERROR(SUMPRODUCT(('7. INVESTIMENTO FROTA'!H$186:M$186>M$11-5)*(('7. INVESTIMENTO FROTA'!H208:M208*0.2))),0) -> 0 | N18: =IFERROR(SUMPRODUCT(('7. INVESTIMENTO FROTA'!I$186:N$186>N$11-5)*(('7. INVESTIMENTO FROTA'!I208:N208*0.2))),0) -> 0 | O18: =IFERROR(SUMPRODUCT(('7. INVESTIMENTO FROTA'!J$186:O$186>O$11-5)*(('7. INVESTIMENTO FROTA'!J208:O208*0.2))),0) -> 0 | P18: =IFERROR(SUMPRODUCT(('7. INVESTIMENTO FROTA'!K$186:P$186>P$11-5)*(('7. INVESTIMENTO FROTA'!K208:P208*0.2))),0) -> 0 | Q18: =IFERROR(SUMPRODUCT(('7. INVESTIMENTO FROTA'!L$186:Q$186>Q$11-5)*(('7. INVESTIMENTO FROTA'!L208:Q208*0.2))),0) -> 0 | R18: =IFERROR(SUMPRODUCT(('7. INVESTIMENTO FROTA'!M$186:R$186>R$11-5)*(('7. INVESTIMENTO FROTA'!M208:R208*0.2))),0) -> 0 | ... T18: =IFERROR(SUMPRODUCT(('7. INVESTIMENTO FROTA'!O$186:T$186>T$11-5)*(('7. INVESTIMENTO FROTA'!O208:T208*0.2))),0) -> 0
C19: 7 | D19: 07 a 08 ano | F19: =SUMPRODUCT(('7. INVESTIMENTO FROTA'!$E$186:F$186>F$11-5)*(('7. INVESTIMENTO FROTA'!$E209:F209*0.2))) -> 0 | G19: =SUMPRODUCT(('7. INVESTIMENTO FROTA'!$E$186:G$186>G$11-5)*(('7. INVESTIMENTO FROTA'!$E209:G209*0.2))) -> 0 | H19: =SUMPRODUCT(('7. INVESTIMENTO FROTA'!$E$186:H$186>H$11-5)*(('7. INVESTIMENTO FROTA'!$E209:H209*0.2))) -> 0 | I19: =SUMPRODUCT(('7. INVESTIMENTO FROTA'!$E$186:I$186>I$11-5)*(('7. INVESTIMENTO FROTA'!$E209:I209*0.2))) -> 0 | J19: =SUMPRODUCT(('7. INVESTIMENTO FROTA'!$E$186:J$186>J$11-5)*(('7. INVESTIMENTO FROTA'!$E209:J209*0.2))) -> 0 | K19: =IFERROR(SUMPRODUCT(('7. INVESTIMENTO FROTA'!F$186:K$186>K$11-5)*(('7. INVESTIMENTO FROTA'!F209:K209*0.2))),0) -> 0 | L19: =IFERROR(SUMPRODUCT(('7. INVESTIMENTO FROTA'!G$186:L$186>L$11-5)*(('7. INVESTIMENTO FROTA'!G209:L209*0.2))),0) -> 0 | M19: =IFERROR(SUMPRODUCT(('7. INVESTIMENTO FROTA'!H$186:M$186>M$11-5)*(('7. INVESTIMENTO FROTA'!H209:M209*0.2))),0) -> 0 | N19: =IFERROR(SUMPRODUCT(('7. INVESTIMENTO FROTA'!I$186:N$186>N$11-5)*(('7. INVESTIMENTO FROTA'!I209:N209*0.2))),0) -> 0 | O19: =IFERROR(SUMPRODUCT(('7. INVESTIMENTO FROTA'!J$186:O$186>O$11-5)*(('7. INVESTIMENTO FROTA'!J209:O209*0.2))),0) -> 0 | P19: =IFERROR(SUMPRODUCT(('7. INVESTIMENTO FROTA'!K$186:P$186>P$11-5)*(('7. INVESTIMENTO FROTA'!K209:P209*0.2))),0) -> 0 | Q19: =IFERROR(SUMPRODUCT(('7. INVESTIMENTO FROTA'!L$186:Q$186>Q$11-5)*(('7. INVESTIMENTO FROTA'!L209:Q209*0.2))),0) -> 0 | R19: =IFERROR(SUMPRODUCT(('7. INVESTIMENTO FROTA'!M$186:R$186>R$11-5)*(('7. INVESTIMENTO FROTA'!M209:R209*0.2))),0) -> 0 | ... T19: =IFERROR(SUMPRODUCT(('7. INVESTIMENTO FROTA'!O$186:T$186>T$11-5)*(('7. INVESTIMENTO FROTA'!O209:T209*0.2))),0) -> 0
C20: 8 | D20: 08 a 09 ano | F20: =SUMPRODUCT(('7. INVESTIMENTO FROTA'!$E$186:F$186>F$11-5)*(('7. INVESTIMENTO FROTA'!$E210:F210*0.2))) -> 0 | G20: =SUMPRODUCT(('7. INVESTIMENTO FROTA'!$E$186:G$186>G$11-5)*(('7. INVESTIMENTO FROTA'!$E210:G210*0.2))) -> 0 | H20: =SUMPRODUCT(('7. INVESTIMENTO FROTA'!$E$186:H$186>H$11-5)*(('7. INVESTIMENTO FROTA'!$E210:H210*0.2))) -> 0 | I20: =SUMPRODUCT(('7. INVESTIMENTO FROTA'!$E$186:I$186>I$11-5)*(('7. INVESTIMENTO FROTA'!$E210:I210*0.2))) -> 0 | J20: =SUMPRODUCT(('7. INVESTIMENTO FROTA'!$E$186:J$186>J$11-5)*(('7. INVESTIMENTO FROTA'!$E210:J210*0.2))) -> 0 | K20: =IFERROR(SUMPRODUCT(('7. INVESTIMENTO FROTA'!F$186:K$186>K$11-5)*(('7. INVESTIMENTO FROTA'!F210:K210*0.2))),0) -> 0 | L20: =IFERROR(SUMPRODUCT(('7. INVESTIMENTO FROTA'!G$186:L$186>L$11-5)*(('7. INVESTIMENTO FROTA'!G210:L210*0.2))),0) -> 0 | M20: =IFERROR(SUMPRODUCT(('7. INVESTIMENTO FROTA'!H$186:M$186>M$11-5)*(('7. INVESTIMENTO FROTA'!H210:M210*0.2))),0) -> 0 | N20: =IFERROR(SUMPRODUCT(('7. INVESTIMENTO FROTA'!I$186:N$186>N$11-5)*(('7. INVESTIMENTO FROTA'!I210:N210*0.2))),0) -> 0 | O20: =IFERROR(SUMPRODUCT(('7. INVESTIMENTO FROTA'!J$186:O$186>O$11-5)*(('7. INVESTIMENTO FROTA'!J210:O210*0.2))),0) -> 0 | P20: =IFERROR(SUMPRODUCT(('7. INVESTIMENTO FROTA'!K$186:P$186>P$11-5)*(('7. INVESTIMENTO FROTA'!K210:P210*0.2))),0) -> 0 | Q20: =IFERROR(SUMPRODUCT(('7. INVESTIMENTO FROTA'!L$186:Q$186>Q$11-5)*(('7. INVESTIMENTO FROTA'!L210:Q210*0.2))),0) -> 0 | R20: =IFERROR(SUMPRODUCT(('7. INVESTIMENTO FROTA'!M$186:R$186>R$11-5)*(('7. INVESTIMENTO FROTA'!M210:R210*0.2))),0) -> 0 | ... T20: =IFERROR(SUMPRODUCT(('7. INVESTIMENTO FROTA'!O$186:T$186>T$11-5)*(('7. INVESTIMENTO FROTA'!O210:T210*0.2))),0) -> 0
C21: 9 | D21: 09 a 10 ano | F21: =SUMPRODUCT(('7. INVESTIMENTO FROTA'!$E$186:F$186>F$11-5)*(('7. INVESTIMENTO FROTA'!$E211:F211*0.2))) -> 0 | G21: =SUMPRODUCT(('7. INVESTIMENTO FROTA'!$E$186:G$186>G$11-5)*(('7. INVESTIMENTO FROTA'!$E211:G211*0.2))) -> 0 | H21: =SUMPRODUCT(('7. INVESTIMENTO FROTA'!$E$186:H$186>H$11-5)*(('7. INVESTIMENTO FROTA'!$E211:H211*0.2))) -> 0 | I21: =SUMPRODUCT(('7. INVESTIMENTO FROTA'!$E$186:I$186>I$11-5)*(('7. INVESTIMENTO FROTA'!$E211:I211*0.2))) -> 0 | J21: =SUMPRODUCT(('7. INVESTIMENTO FROTA'!$E$186:J$186>J$11-5)*(('7. INVESTIMENTO FROTA'!$E211:J211*0.2))) -> 0 | K21: =IFERROR(SUMPRODUCT(('7. INVESTIMENTO FROTA'!F$186:K$186>K$11-5)*(('7. INVESTIMENTO FROTA'!F211:K211*0.2))),0) -> 0 | L21: =IFERROR(SUMPRODUCT(('7. INVESTIMENTO FROTA'!G$186:L$186>L$11-5)*(('7. INVESTIMENTO FROTA'!G211:L211*0.2))),0) -> 0 | M21: =IFERROR(SUMPRODUCT(('7. INVESTIMENTO FROTA'!H$186:M$186>M$11-5)*(('7. INVESTIMENTO FROTA'!H211:M211*0.2))),0) -> 0 | N21: =IFERROR(SUMPRODUCT(('7. INVESTIMENTO FROTA'!I$186:N$186>N$11-5)*(('7. INVESTIMENTO FROTA'!I211:N211*0.2))),0) -> 0 | O21: =IFERROR(SUMPRODUCT(('7. INVESTIMENTO FROTA'!J$186:O$186>O$11-5)*(('7. INVESTIMENTO FROTA'!J211:O211*0.2))),0) -> 0 | P21: =IFERROR(SUMPRODUCT(('7. INVESTIMENTO FROTA'!K$186:P$186>P$11-5)*(('7. INVESTIMENTO FROTA'!K211:P211*0.2))),0) -> 0 | Q21: =IFERROR(SUMPRODUCT(('7. INVESTIMENTO FROTA'!L$186:Q$186>Q$11-5)*(('7. INVESTIMENTO FROTA'!L211:Q211*0.2))),0) -> 0 | R21: =IFERROR(SUMPRODUCT(('7. INVESTIMENTO FROTA'!M$186:R$186>R$11-5)*(('7. INVESTIMENTO FROTA'!M211:R211*0.2))),0) -> 0 | ... T21: =IFERROR(SUMPRODUCT(('7. INVESTIMENTO FROTA'!O$186:T$186>T$11-5)*(('7. INVESTIMENTO FROTA'!O211:T211*0.2))),0) -> 0
C22: 10 | D22: +10 anos | F22: =SUMPRODUCT(('7. INVESTIMENTO FROTA'!$E$186:F$186>F$11-5)*(('7. INVESTIMENTO FROTA'!$E212:F212*0.2))) -> 0 | G22: =SUMPRODUCT(('7. INVESTIMENTO FROTA'!$E$186:G$186>G$11-5)*(('7. INVESTIMENTO FROTA'!$E212:G212*0.2))) -> 0 | H22: =SUMPRODUCT(('7. INVESTIMENTO FROTA'!$E$186:H$186>H$11-5)*(('7. INVESTIMENTO FROTA'!$E212:H212*0.2))) -> 0 | I22: =SUMPRODUCT(('7. INVESTIMENTO FROTA'!$E$186:I$186>I$11-5)*(('7. INVESTIMENTO FROTA'!$E212:I212*0.2))) -> 0 | J22: =SUMPRODUCT(('7. INVESTIMENTO FROTA'!$E$186:J$186>J$11-5)*(('7. INVESTIMENTO FROTA'!$E212:J212*0.2))) -> 0 | K22: =IFERROR(SUMPRODUCT(('7. INVESTIMENTO FROTA'!F$186:K$186>K$11-5)*(('7. INVESTIMENTO FROTA'!F212:K212*0.2))),0) -> 0 | L22: =IFERROR(SUMPRODUCT(('7. INVESTIMENTO FROTA'!G$186:L$186>L$11-5)*(('7. INVESTIMENTO FROTA'!G212:L212*0.2))),0) -> 0 | M22: =IFERROR(SUMPRODUCT(('7. INVESTIMENTO FROTA'!H$186:M$186>M$11-5)*(('7. INVESTIMENTO FROTA'!H212:M212*0.2))),0) -> 0 | N22: =IFERROR(SUMPRODUCT(('7. INVESTIMENTO FROTA'!I$186:N$186>N$11-5)*(('7. INVESTIMENTO FROTA'!I212:N212*0.2))),0) -> 0 | O22: =IFERROR(SUMPRODUCT(('7. INVESTIMENTO FROTA'!J$186:O$186>O$11-5)*(('7. INVESTIMENTO FROTA'!J212:O212*0.2))),0) -> 0 | P22: =IFERROR(SUMPRODUCT(('7. INVESTIMENTO FROTA'!K$186:P$186>P$11-5)*(('7. INVESTIMENTO FROTA'!K212:P212*0.2))),0) -> 0 | Q22: =IFERROR(SUMPRODUCT(('7. INVESTIMENTO FROTA'!L$186:Q$186>Q$11-5)*(('7. INVESTIMENTO FROTA'!L212:Q212*0.2))),0) -> 0 | R22: =IFERROR(SUMPRODUCT(('7. INVESTIMENTO FROTA'!M$186:R$186>R$11-5)*(('7. INVESTIMENTO FROTA'!M212:R212*0.2))),0) -> 0 | ... T22: =IFERROR(SUMPRODUCT(('7. INVESTIMENTO FROTA'!O$186:T$186>T$11-5)*(('7. INVESTIMENTO FROTA'!O212:T212*0.2))),0) -> 0
C23: Total Veículos | E23: =SUM(E12:E22) -> 0 | F23: =SUM(F12:F22) -> 71343.477 | G23: =SUM(G12:G22) -> 71343.477 | H23: =SUM(H12:H22) -> 71343.477 | I23: =SUM(I12:I22) -> 71343.477 | J23: =SUM(J12:J22) -> 315949.69 | K23: =SUM(K12:K22) -> 244606.21 | L23: =SUM(L12:L22) -> 244606.21 | ... T23: =SUM(T12:T22) -> 244606.21
A25: 2 | C25: ="8.2 - "&VLOOKUP(A25,TIPOLOGIA!$D$10:$E$12,2,0) -> 8.2 - CONVENCIONAL
C27: DEPRECIAÇÃO | E27: Pré-Operacional | F27: 1 | G27: =+F27+1 -> 2 | H27: =+G27+1 -> 3 | I27: =+H27+1 -> 4 | J27: =+I27+1 -> 5 | K27: =+J27+1 -> 6 | L27: =+K27+1 -> 7 | M27: =+L27+1 -> 8 | N27: =+M27+1 -> 9 | ... T27: =+S27+1 -> 15
C28: 0 | D28: 00 a 01 ano | F28: =SUMPRODUCT(('7. INVESTIMENTO FROTA'!$E$186:F$186>'8. DEPRECIAÇÃO DE FROTA'!F$11-5)*(('7. INVESTIMENTO FROTA'!$E232:F232*0.2))) -> 0 | G28: =SUMPRODUCT(('7. INVESTIMENTO FROTA'!$E$186:G$186>'8. DEPRECIAÇÃO DE FROTA'!G$11-5)*(('7. INVESTIMENTO FROTA'!$E232:G232*0.2))) -> 225001.86 | H28: =SUMPRODUCT(('7. INVESTIMENTO FROTA'!$E$186:H$186>'8. DEPRECIAÇÃO DE FROTA'!H$11-5)*(('7. INVESTIMENTO FROTA'!$E232:H232*0.2))) -> 375003.1 | I28: =SUMPRODUCT(('7. INVESTIMENTO FROTA'!$E$186:I$186>'8. DEPRECIAÇÃO DE FROTA'!I$11-5)*(('7. INVESTIMENTO FROTA'!$E232:I232*0.2))) -> 525004.34 | J28: =SUMPRODUCT(('7. INVESTIMENTO FROTA'!$E$186:J$186>'8. DEPRECIAÇÃO DE FROTA'!J$11-5)*(('7. INVESTIMENTO FROTA'!$E232:J232*0.2))) -> 750006.2 | K28: =IFERROR(SUMPRODUCT(('7. INVESTIMENTO FROTA'!F$186:K$186>'8. DEPRECIAÇÃO DE FROTA'!K$11-5)*(('7. INVESTIMENTO FROTA'!F232:K232*0.2))),0) -> 750006.2 | L28: =IFERROR(SUMPRODUCT(('7. INVESTIMENTO FROTA'!G$186:L$186>'8. DEPRECIAÇÃO DE FROTA'!L$11-5)*(('7. INVESTIMENTO FROTA'!G232:L232*0.2))),0) -> 525004.34 | M28: =IFERROR(SUMPRODUCT(('7. INVESTIMENTO FROTA'!H$186:M$186>'8. DEPRECIAÇÃO DE FROTA'!M$11-5)*(('7. INVESTIMENTO FROTA'!H232:M232*0.2))),0) -> 375003.1 | N28: =IFERROR(SUMPRODUCT(('7. INVESTIMENTO FROTA'!I$186:N$186>'8. DEPRECIAÇÃO DE FROTA'!N$11-5)*(('7. INVESTIMENTO FROTA'!I232:N232*0.2))),0) -> 300002.48 | O28: =IFERROR(SUMPRODUCT(('7. INVESTIMENTO FROTA'!J$186:O$186>'8. DEPRECIAÇÃO DE FROTA'!O$11-5)*(('7. INVESTIMENTO FROTA'!J232:O232*0.2))),0) -> 150001.24 | P28: =IFERROR(SUMPRODUCT(('7. INVESTIMENTO FROTA'!K$186:P$186>'8. DEPRECIAÇÃO DE FROTA'!P$11-5)*(('7. INVESTIMENTO FROTA'!K232:P232*0.2))),0) -> 375003.1 | Q28: =IFERROR(SUMPRODUCT(('7. INVESTIMENTO FROTA'!L$186:Q$186>'8. DEPRECIAÇÃO DE FROTA'!Q$11-5)*(('7. INVESTIMENTO FROTA'!L232:Q232*0.2))),0) -> 525004.34 | R28: =IFERROR(SUMPRODUCT(('7. INVESTIMENTO FROTA'!M$186:R$186>'8. DEPRECIAÇÃO DE FROTA'!R$11-5)*(('7. INVESTIMENTO FROTA'!M232:R232*0.2))),0) -> 750006.2 | ... T28: =IFERROR(SUMPRODUCT(('7. INVESTIMENTO FROTA'!O$186:T$186>'8. DEPRECIAÇÃO DE FROTA'!T$11-5)*(('7. INVESTIMENTO FROTA'!O232:T232*0.2))),0) -> 600004.96
C29: 1 | D29: 01 a 02 ano | F29: =SUMPRODUCT(('7. INVESTIMENTO FROTA'!$E$186:F$186>'8. DEPRECIAÇÃO DE FROTA'!F$11-5)*(('7. INVESTIMENTO FROTA'!$E233:F233*0.2))) -> 0 | G29: =SUMPRODUCT(('7. INVESTIMENTO FROTA'!$E$186:G$186>'8. DEPRECIAÇÃO DE FROTA'!G$11-5)*(('7. INVESTIMENTO FROTA'!$E233:G233*0.2))) -> 0 | H29: =SUMPRODUCT(('7. INVESTIMENTO FROTA'!$E$186:H$186>'8. DEPRECIAÇÃO DE FROTA'!H$11-5)*(('7. INVESTIMENTO FROTA'!$E233:H233*0.2))) -> 0 | I29: =SUMPRODUCT(('7. INVESTIMENTO FROTA'!$E$186:I$186>'8. DEPRECIAÇÃO DE FROTA'!I$11-5)*(('7. INVESTIMENTO FROTA'!$E233:I233*0.2))) -> 0 | J29: =SUMPRODUCT(('7. INVESTIMENTO FROTA'!$E$186:J$186>'8. DEPRECIAÇÃO DE FROTA'!J$11-5)*(('7. INVESTIMENTO FROTA'!$E233:J233*0.2))) -> 0 | K29: =IFERROR(SUMPRODUCT(('7. INVESTIMENTO FROTA'!F$186:K$186>'8. DEPRECIAÇÃO DE FROTA'!K$11-5)*(('7. INVESTIMENTO FROTA'!F233:K233*0.2))),0) -> 0 | L29: =IFERROR(SUMPRODUCT(('7. INVESTIMENTO FROTA'!G$186:L$186>'8. DEPRECIAÇÃO DE FROTA'!L$11-5)*(('7. INVESTIMENTO FROTA'!G233:L233*0.2))),0) -> 0 | M29: =IFERROR(SUMPRODUCT(('7. INVESTIMENTO FROTA'!H$186:M$186>'8. DEPRECIAÇÃO DE FROTA'!M$11-5)*(('7. INVESTIMENTO FROTA'!H233:M233*0.2))),0) -> 0 | N29: =IFERROR(SUMPRODUCT(('7. INVESTIMENTO FROTA'!I$186:N$186>'8. DEPRECIAÇÃO DE FROTA'!N$11-5)*(('7. INVESTIMENTO FROTA'!I233:N233*0.2))),0) -> 0 | O29: =IFERROR(SUMPRODUCT(('7. INVESTIMENTO FROTA'!J$186:O$186>'8. DEPRECIAÇÃO DE FROTA'!O$11-5)*(('7. INVESTIMENTO FROTA'!J233:O233*0.2))),0) -> 0 | P29: =IFERROR(SUMPRODUCT(('7. INVESTIMENTO FROTA'!K$186:P$186>'8. DEPRECIAÇÃO DE FROTA'!P$11-5)*(('7. INVESTIMENTO FROTA'!K233:P233*0.2))),0) -> 0 | Q29: =IFERROR(SUMPRODUCT(('7. INVESTIMENTO FROTA'!L$186:Q$186>'8. DEPRECIAÇÃO DE FROTA'!Q$11-5)*(('7. INVESTIMENTO FROTA'!L233:Q233*0.2))),0) -> 0 | R29: =IFERROR(SUMPRODUCT(('7. INVESTIMENTO FROTA'!M$186:R$186>'8. DEPRECIAÇÃO DE FROTA'!R$11-5)*(('7. INVESTIMENTO FROTA'!M233:R233*0.2))),0) -> 0 | ... T29: =IFERROR(SUMPRODUCT(('7. INVESTIMENTO FROTA'!O$186:T$186>'8. DEPRECIAÇÃO DE FROTA'!T$11-5)*(('7. INVESTIMENTO FROTA'!O233:T233*0.2))),0) -> 0
C30: 2 | D30: 02 a 03 ano | F30: =SUMPRODUCT(('7. INVESTIMENTO FROTA'!$E$186:F$186>'8. DEPRECIAÇÃO DE FROTA'!F$11-5)*(('7. INVESTIMENTO FROTA'!$E234:F234*0.2))) -> 0 | G30: =SUMPRODUCT(('7. INVESTIMENTO FROTA'!$E$186:G$186>'8. DEPRECIAÇÃO DE FROTA'!G$11-5)*(('7. INVESTIMENTO FROTA'!$E234:G234*0.2))) -> 0 | H30: =SUMPRODUCT(('7. INVESTIMENTO FROTA'!$E$186:H$186>'8. DEPRECIAÇÃO DE FROTA'!H$11-5)*(('7. INVESTIMENTO FROTA'!$E234:H234*0.2))) -> 0 | I30: =SUMPRODUCT(('7. INVESTIMENTO FROTA'!$E$186:I$186>'8. DEPRECIAÇÃO DE FROTA'!I$11-5)*(('7. INVESTIMENTO FROTA'!$E234:I234*0.2))) -> 0 | J30: =SUMPRODUCT(('7. INVESTIMENTO FROTA'!$E$186:J$186>'8. DEPRECIAÇÃO DE FROTA'!J$11-5)*(('7. INVESTIMENTO FROTA'!$E234:J234*0.2))) -> 0 | K30: =IFERROR(SUMPRODUCT(('7. INVESTIMENTO FROTA'!F$186:K$186>'8. DEPRECIAÇÃO DE FROTA'!K$11-5)*(('7. INVESTIMENTO FROTA'!F234:K234*0.2))),0) -> 0 | L30: =IFERROR(SUMPRODUCT(('7. INVESTIMENTO FROTA'!G$186:L$186>'8. DEPRECIAÇÃO DE FROTA'!L$11-5)*(('7. INVESTIMENTO FROTA'!G234:L234*0.2))),0) -> 0 | M30: =IFERROR(SUMPRODUCT(('7. INVESTIMENTO FROTA'!H$186:M$186>'8. DEPRECIAÇÃO DE FROTA'!M$11-5)*(('7. INVESTIMENTO FROTA'!H234:M234*0.2))),0) -> 0 | N30: =IFERROR(SUMPRODUCT(('7. INVESTIMENTO FROTA'!I$186:N$186>'8. DEPRECIAÇÃO DE FROTA'!N$11-5)*(('7. INVESTIMENTO FROTA'!I234:N234*0.2))),0) -> 0 | O30: =IFERROR(SUMPRODUCT(('7. INVESTIMENTO FROTA'!J$186:O$186>'8. DEPRECIAÇÃO DE FROTA'!O$11-5)*(('7. INVESTIMENTO FROTA'!J234:O234*0.2))),0) -> 0 | P30: =IFERROR(SUMPRODUCT(('7. INVESTIMENTO FROTA'!K$186:P$186>'8. DEPRECIAÇÃO DE FROTA'!P$11-5)*(('7. INVESTIMENTO FROTA'!K234:P234*0.2))),0) -> 0 | Q30: =IFERROR(SUMPRODUCT(('7. INVESTIMENTO FROTA'!L$186:Q$186>'8. DEPRECIAÇÃO DE FROTA'!Q$11-5)*(('7. INVESTIMENTO FROTA'!L234:Q234*0.2))),0) -> 0 | R30: =IFERROR(SUMPRODUCT(('7. INVESTIMENTO FROTA'!M$186:R$186>'8. DEPRECIAÇÃO DE FROTA'!R$11-5)*(('7. INVESTIMENTO FROTA'!M234:R234*0.2))),0) -> 0 | ... T30: =IFERROR(SUMPRODUCT(('7. INVESTIMENTO FROTA'!O$186:T$186>'8. DEPRECIAÇÃO DE FROTA'!T$11-5)*(('7. INVESTIMENTO FROTA'!O234:T234*0.2))),0) -> 0
C31: 3 | D31: 03 a 04 ano | F31: =SUMPRODUCT(('7. INVESTIMENTO FROTA'!$E$186:F$186>'8. DEPRECIAÇÃO DE FROTA'!F$11-5)*(('7. INVESTIMENTO FROTA'!$E235:F235*0.2))) -> 0 | G31: =SUMPRODUCT(('7. INVESTIMENTO FROTA'!$E$186:G$186>'8. DEPRECIAÇÃO DE FROTA'!G$11-5)*(('7. INVESTIMENTO FROTA'!$E235:G235*0.2))) -> 0 | H31: =SUMPRODUCT(('7. INVESTIMENTO FROTA'!$E$186:H$186>'8. DEPRECIAÇÃO DE FROTA'!H$11-5)*(('7. INVESTIMENTO FROTA'!$E235:H235*0.2))) -> 0 | I31: =SUMPRODUCT(('7. INVESTIMENTO FROTA'!$E$186:I$186>'8. DEPRECIAÇÃO DE FROTA'!I$11-5)*(('7. INVESTIMENTO FROTA'!$E235:I235*0.2))) -> 0 | J31: =SUMPRODUCT(('7. INVESTIMENTO FROTA'!$E$186:J$186>'8. DEPRECIAÇÃO DE FROTA'!J$11-5)*(('7. INVESTIMENTO FROTA'!$E235:J235*0.2))) -> 0 | K31: =IFERROR(SUMPRODUCT(('7. INVESTIMENTO FROTA'!F$186:K$186>'8. DEPRECIAÇÃO DE FROTA'!K$11-5)*(('7. INVESTIMENTO FROTA'!F235:K235*0.2))),0) -> 0 | L31: =IFERROR(SUMPRODUCT(('7. INVESTIMENTO FROTA'!G$186:L$186>'8. DEPRECIAÇÃO DE FROTA'!L$11-5)*(('7. INVESTIMENTO FROTA'!G235:L235*0.2))),0) -> 0 | M31: =IFERROR(SUMPRODUCT(('7. INVESTIMENTO FROTA'!H$186:M$186>'8. DEPRECIAÇÃO DE FROTA'!M$11-5)*(('7. INVESTIMENTO FROTA'!H235:M235*0.2))),0) -> 0 | N31: =IFERROR(SUMPRODUCT(('7. INVESTIMENTO FROTA'!I$186:N$186>'8. DEPRECIAÇÃO DE FROTA'!N$11-5)*(('7. INVESTIMENTO FROTA'!I235:N235*0.2))),0) -> 0 | O31: =IFERROR(SUMPRODUCT(('7. INVESTIMENTO FROTA'!J$186:O$186>'8. DEPRECIAÇÃO DE FROTA'!O$11-5)*(('7. INVESTIMENTO FROTA'!J235:O235*0.2))),0) -> 0 | P31: =IFERROR(SUMPRODUCT(('7. INVESTIMENTO FROTA'!K$186:P$186>'8. DEPRECIAÇÃO DE FROTA'!P$11-5)*(('7. INVESTIMENTO FROTA'!K235:P235*0.2))),0) -> 0 | Q31: =IFERROR(SUMPRODUCT(('7. INVESTIMENTO FROTA'!L$186:Q$186>'8. DEPRECIAÇÃO DE FROTA'!Q$11-5)*(('7. INVESTIMENTO FROTA'!L235:Q235*0.2))),0) -> 0 | R31: =IFERROR(SUMPRODUCT(('7. INVESTIMENTO FROTA'!M$186:R$186>'8. DEPRECIAÇÃO DE FROTA'!R$11-5)*(('7. INVESTIMENTO FROTA'!M235:R235*0.2))),0) -> 0 | ... T31: =IFERROR(SUMPRODUCT(('7. INVESTIMENTO FROTA'!O$186:T$186>'8. DEPRECIAÇÃO DE FROTA'!T$11-5)*(('7. INVESTIMENTO FROTA'!O235:T235*0.2))),0) -> 0
C32: 4 | D32: 04 a 05 ano | F32: =SUMPRODUCT(('7. INVESTIMENTO FROTA'!$E$186:F$186>'8. DEPRECIAÇÃO DE FROTA'!F$11-5)*(('7. INVESTIMENTO FROTA'!$E236:F236*0.2))) -> 0 | G32: =SUMPRODUCT(('7. INVESTIMENTO FROTA'!$E$186:G$186>'8. DEPRECIAÇÃO DE FROTA'!G$11-5)*(('7. INVESTIMENTO FROTA'!$E236:G236*0.2))) -> 0 | H32: =SUMPRODUCT(('7. INVESTIMENTO FROTA'!$E$186:H$186>'8. DEPRECIAÇÃO DE FROTA'!H$11-5)*(('7. INVESTIMENTO FROTA'!$E236:H236*0.2))) -> 0 | I32: =SUMPRODUCT(('7. INVESTIMENTO FROTA'!$E$186:I$186>'8. DEPRECIAÇÃO DE FROTA'!I$11-5)*(('7. INVESTIMENTO FROTA'!$E236:I236*0.2))) -> 0 | J32: =SUMPRODUCT(('7. INVESTIMENTO FROTA'!$E$186:J$186>'8. DEPRECIAÇÃO DE FROTA'!J$11-5)*(('7. INVESTIMENTO FROTA'!$E236:J236*0.2))) -> 0 | K32: =IFERROR(SUMPRODUCT(('7. INVESTIMENTO FROTA'!F$186:K$186>'8. DEPRECIAÇÃO DE FROTA'!K$11-5)*(('7. INVESTIMENTO FROTA'!F236:K236*0.2))),0) -> 0 | L32: =IFERROR(SUMPRODUCT(('7. INVESTIMENTO FROTA'!G$186:L$186>'8. DEPRECIAÇÃO DE FROTA'!L$11-5)*(('7. INVESTIMENTO FROTA'!G236:L236*0.2))),0) -> 0 | M32: =IFERROR(SUMPRODUCT(('7. INVESTIMENTO FROTA'!H$186:M$186>'8. DEPRECIAÇÃO DE FROTA'!M$11-5)*(('7. INVESTIMENTO FROTA'!H236:M236*0.2))),0) -> 0 | N32: =IFERROR(SUMPRODUCT(('7. INVESTIMENTO FROTA'!I$186:N$186>'8. DEPRECIAÇÃO DE FROTA'!N$11-5)*(('7. INVESTIMENTO FROTA'!I236:N236*0.2))),0) -> 0 | O32: =IFERROR(SUMPRODUCT(('7. INVESTIMENTO FROTA'!J$186:O$186>'8. DEPRECIAÇÃO DE FROTA'!O$11-5)*(('7. INVESTIMENTO FROTA'!J236:O236*0.2))),0) -> 0 | P32: =IFERROR(SUMPRODUCT(('7. INVESTIMENTO FROTA'!K$186:P$186>'8. DEPRECIAÇÃO DE FROTA'!P$11-5)*(('7. INVESTIMENTO FROTA'!K236:P236*0.2))),0) -> 0 | Q32: =IFERROR(SUMPRODUCT(('7. INVESTIMENTO FROTA'!L$186:Q$186>'8. DEPRECIAÇÃO DE FROTA'!Q$11-5)*(('7. INVESTIMENTO FROTA'!L236:Q236*0.2))),0) -> 0 | R32: =IFERROR(SUMPRODUCT(('7. INVESTIMENTO FROTA'!M$186:R$186>'8. DEPRECIAÇÃO DE FROTA'!R$11-5)*(('7. INVESTIMENTO FROTA'!M236:R236*0.2))),0) -> 0 | ... T32: =IFERROR(SUMPRODUCT(('7. INVESTIMENTO FROTA'!O$186:T$186>'8. DEPRECIAÇÃO DE FROTA'!T$11-5)*(('7. INVESTIMENTO FROTA'!O236:T236*0.2))),0) -> 0
C33: 5 | D33: 05 a 06 ano | F33: =SUMPRODUCT(('7. INVESTIMENTO FROTA'!$E$186:F$186>'8. DEPRECIAÇÃO DE FROTA'!F$11-5)*(('7. INVESTIMENTO FROTA'!$E237:F237*0.2))) -> 187501.55 | G33: =SUMPRODUCT(('7. INVESTIMENTO FROTA'!$E$186:G$186>'8. DEPRECIAÇÃO DE FROTA'!G$11-5)*(('7. INVESTIMENTO FROTA'!$E237:G237*0.2))) -> 187501.55 | H33: =SUMPRODUCT(('7. INVESTIMENTO FROTA'!$E$186:H$186>'8. DEPRECIAÇÃO DE FROTA'!H$11-5)*(('7. INVESTIMENTO FROTA'!$E237:H237*0.2))) -> 187501.55 | I33: =SUMPRODUCT(('7. INVESTIMENTO FROTA'!$E$186:I$186>'8. DEPRECIAÇÃO DE FROTA'!I$11-5)*(('7. INVESTIMENTO FROTA'!$E237:I237*0.2))) -> 187501.55 | J33: =SUMPRODUCT(('7. INVESTIMENTO FROTA'!$E$186:J$186>'8. DEPRECIAÇÃO DE FROTA'!J$11-5)*(('7. INVESTIMENTO FROTA'!$E237:J237*0.2))) -> 187501.55 | K33: =IFERROR(SUMPRODUCT(('7. INVESTIMENTO FROTA'!F$186:K$186>'8. DEPRECIAÇÃO DE FROTA'!K$11-5)*(('7. INVESTIMENTO FROTA'!F237:K237*0.2))),0) -> 0 | L33: =IFERROR(SUMPRODUCT(('7. INVESTIMENTO FROTA'!G$186:L$186>'8. DEPRECIAÇÃO DE FROTA'!L$11-5)*(('7. INVESTIMENTO FROTA'!G237:L237*0.2))),0) -> 0 | M33: =IFERROR(SUMPRODUCT(('7. INVESTIMENTO FROTA'!H$186:M$186>'8. DEPRECIAÇÃO DE FROTA'!M$11-5)*(('7. INVESTIMENTO FROTA'!H237:M237*0.2))),0) -> 0 | N33: =IFERROR(SUMPRODUCT(('7. INVESTIMENTO FROTA'!I$186:N$186>'8. DEPRECIAÇÃO DE FROTA'!N$11-5)*(('7. INVESTIMENTO FROTA'!I237:N237*0.2))),0) -> 0 | O33: =IFERROR(SUMPRODUCT(('7. INVESTIMENTO FROTA'!J$186:O$186>'8. DEPRECIAÇÃO DE FROTA'!O$11-5)*(('7. INVESTIMENTO FROTA'!J237:O237*0.2))),0) -> 0 | P33: =IFERROR(SUMPRODUCT(('7. INVESTIMENTO FROTA'!K$186:P$186>'8. DEPRECIAÇÃO DE FROTA'!P$11-5)*(('7. INVESTIMENTO FROTA'!K237:P237*0.2))),0) -> 0 | Q33: =IFERROR(SUMPRODUCT(('7. INVESTIMENTO FROTA'!L$186:Q$186>'8. DEPRECIAÇÃO DE FROTA'!Q$11-5)*(('7. INVESTIMENTO FROTA'!L237:Q237*0.2))),0) -> 0 | R33: =IFERROR(SUMPRODUCT(('7. INVESTIMENTO FROTA'!M$186:R$186>'8. DEPRECIAÇÃO DE FROTA'!R$11-5)*(('7. INVESTIMENTO FROTA'!M237:R237*0.2))),0) -> 0 | ... T33: =IFERROR(SUMPRODUCT(('7. INVESTIMENTO FROTA'!O$186:T$186>'8. DEPRECIAÇÃO DE FROTA'!T$11-5)*(('7. INVESTIMENTO FROTA'!O237:T237*0.2))),0) -> 0
C34: 6 | D34: 06 a 07 ano | F34: =SUMPRODUCT(('7. INVESTIMENTO FROTA'!$E$186:F$186>'8. DEPRECIAÇÃO DE FROTA'!F$11-5)*(('7. INVESTIMENTO FROTA'!$E238:F238*0.2))) -> 0 | G34: =SUMPRODUCT(('7. INVESTIMENTO FROTA'!$E$186:G$186>'8. DEPRECIAÇÃO DE FROTA'!G$11-5)*(('7. INVESTIMENTO FROTA'!$E238:G238*0.2))) -> 0 | H34: =SUMPRODUCT(('7. INVESTIMENTO FROTA'!$E$186:H$186>'8. DEPRECIAÇÃO DE FROTA'!H$11-5)*(('7. INVESTIMENTO FROTA'!$E238:H238*0.2))) -> 0 | I34: =SUMPRODUCT(('7. INVESTIMENTO FROTA'!$E$186:I$186>'8. DEPRECIAÇÃO DE FROTA'!I$11-5)*(('7. INVESTIMENTO FROTA'!$E238:I238*0.2))) -> 0 | J34: =SUMPRODUCT(('7. INVESTIMENTO FROTA'!$E$186:J$186>'8. DEPRECIAÇÃO DE FROTA'!J$11-5)*(('7. INVESTIMENTO FROTA'!$E238:J238*0.2))) -> 0 | K34: =IFERROR(SUMPRODUCT(('7. INVESTIMENTO FROTA'!F$186:K$186>'8. DEPRECIAÇÃO DE FROTA'!K$11-5)*(('7. INVESTIMENTO FROTA'!F238:K238*0.2))),0) -> 0 | L34: =IFERROR(SUMPRODUCT(('7. INVESTIMENTO FROTA'!G$186:L$186>'8. DEPRECIAÇÃO DE FROTA'!L$11-5)*(('7. INVESTIMENTO FROTA'!G238:L238*0.2))),0) -> 0 | M34: =IFERROR(SUMPRODUCT(('7. INVESTIMENTO FROTA'!H$186:M$186>'8. DEPRECIAÇÃO DE FROTA'!M$11-5)*(('7. INVESTIMENTO FROTA'!H238:M238*0.2))),0) -> 0 | N34: =IFERROR(SUMPRODUCT(('7. INVESTIMENTO FROTA'!I$186:N$186>'8. DEPRECIAÇÃO DE FROTA'!N$11-5)*(('7. INVESTIMENTO FROTA'!I238:N238*0.2))),0) -> 0 | O34: =IFERROR(SUMPRODUCT(('7. INVESTIMENTO FROTA'!J$186:O$186>'8. DEPRECIAÇÃO DE FROTA'!O$11-5)*(('7. INVESTIMENTO FROTA'!J238:O238*0.2))),0) -> 0 | P34: =IFERROR(SUMPRODUCT(('7. INVESTIMENTO FROTA'!K$186:P$186>'8. DEPRECIAÇÃO DE FROTA'!P$11-5)*(('7. INVESTIMENTO FROTA'!K238:P238*0.2))),0) -> 0 | Q34: =IFERROR(SUMPRODUCT(('7. INVESTIMENTO FROTA'!L$186:Q$186>'8. DEPRECIAÇÃO DE FROTA'!Q$11-5)*(('7. INVESTIMENTO FROTA'!L238:Q238*0.2))),0) -> 0 | R34: =IFERROR(SUMPRODUCT(('7. INVESTIMENTO FROTA'!M$186:R$186>'8. DEPRECIAÇÃO DE FROTA'!R$11-5)*(('7. INVESTIMENTO FROTA'!M238:R238*0.2))),0) -> 0 | ... T34: =IFERROR(SUMPRODUCT(('7. INVESTIMENTO FROTA'!O$186:T$186>'8. DEPRECIAÇÃO DE FROTA'!T$11-5)*(('7. INVESTIMENTO FROTA'!O238:T238*0.2))),0) -> 0
C35: 7 | D35: 07 a 08 ano | F35: =SUMPRODUCT(('7. INVESTIMENTO FROTA'!$E$186:F$186>'8. DEPRECIAÇÃO DE FROTA'!F$11-5)*(('7. INVESTIMENTO FROTA'!$E239:F239*0.2))) -> 0 | G35: =SUMPRODUCT(('7. INVESTIMENTO FROTA'!$E$186:G$186>'8. DEPRECIAÇÃO DE FROTA'!G$11-5)*(('7. INVESTIMENTO FROTA'!$E239:G239*0.2))) -> 0 | H35: =SUMPRODUCT(('7. INVESTIMENTO FROTA'!$E$186:H$186>'8. DEPRECIAÇÃO DE FROTA'!H$11-5)*(('7. INVESTIMENTO FROTA'!$E239:H239*0.2))) -> 0 | I35: =SUMPRODUCT(('7. INVESTIMENTO FROTA'!$E$186:I$186>'8. DEPRECIAÇÃO DE FROTA'!I$11-5)*(('7. INVESTIMENTO FROTA'!$E239:I239*0.2))) -> 0 | J35: =SUMPRODUCT(('7. INVESTIMENTO FROTA'!$E$186:J$186>'8. DEPRECIAÇÃO DE FROTA'!J$11-5)*(('7. INVESTIMENTO FROTA'!$E239:J239*0.2))) -> 0 | K35: =IFERROR(SUMPRODUCT(('7. INVESTIMENTO FROTA'!F$186:K$186>'8. DEPRECIAÇÃO DE FROTA'!K$11-5)*(('7. INVESTIMENTO FROTA'!F239:K239*0.2))),0) -> 0 | L35: =IFERROR(SUMPRODUCT(('7. INVESTIMENTO FROTA'!G$186:L$186>'8. DEPRECIAÇÃO DE FROTA'!L$11-5)*(('7. INVESTIMENTO FROTA'!G239:L239*0.2))),0) -> 0 | M35: =IFERROR(SUMPRODUCT(('7. INVESTIMENTO FROTA'!H$186:M$186>'8. DEPRECIAÇÃO DE FROTA'!M$11-5)*(('7. INVESTIMENTO FROTA'!H239:M239*0.2))),0) -> 0 | N35: =IFERROR(SUMPRODUCT(('7. INVESTIMENTO FROTA'!I$186:N$186>'8. DEPRECIAÇÃO DE FROTA'!N$11-5)*(('7. INVESTIMENTO FROTA'!I239:N239*0.2))),0) -> 0 | O35: =IFERROR(SUMPRODUCT(('7. INVESTIMENTO FROTA'!J$186:O$186>'8. DEPRECIAÇÃO DE FROTA'!O$11-5)*(('7. INVESTIMENTO FROTA'!J239:O239*0.2))),0) -> 0 | P35: =IFERROR(SUMPRODUCT(('7. INVESTIMENTO FROTA'!K$186:P$186>'8. DEPRECIAÇÃO DE FROTA'!P$11-5)*(('7. INVESTIMENTO FROTA'!K239:P239*0.2))),0) -> 0 | Q35: =IFERROR(SUMPRODUCT(('7. INVESTIMENTO FROTA'!L$186:Q$186>'8. DEPRECIAÇÃO DE FROTA'!Q$11-5)*(('7. INVESTIMENTO FROTA'!L239:Q239*0.2))),0) -> 0 | R35: =IFERROR(SUMPRODUCT(('7. INVESTIMENTO FROTA'!M$186:R$186>'8. DEPRECIAÇÃO DE FROTA'!R$11-5)*(('7. INVESTIMENTO FROTA'!M239:R239*0.2))),0) -> 0 | ... T35: =IFERROR(SUMPRODUCT(('7. INVESTIMENTO FROTA'!O$186:T$186>'8. DEPRECIAÇÃO DE FROTA'!T$11-5)*(('7. INVESTIMENTO FROTA'!O239:T239*0.2))),0) -> 0
C36: 8 | D36: 08 a 09 ano | F36: =SUMPRODUCT(('7. INVESTIMENTO FROTA'!$E$186:F$186>'8. DEPRECIAÇÃO DE FROTA'!F$11-5)*(('7. INVESTIMENTO FROTA'!$E240:F240*0.2))) -> 0 | G36: =SUMPRODUCT(('7. INVESTIMENTO FROTA'!$E$186:G$186>'8. DEPRECIAÇÃO DE FROTA'!G$11-5)*(('7. INVESTIMENTO FROTA'!$E240:G240*0.2))) -> 0 | H36: =SUMPRODUCT(('7. INVESTIMENTO FROTA'!$E$186:H$186>'8. DEPRECIAÇÃO DE FROTA'!H$11-5)*(('7. INVESTIMENTO FROTA'!$E240:H240*0.2))) -> 0 | I36: =SUMPRODUCT(('7. INVESTIMENTO FROTA'!$E$186:I$186>'8. DEPRECIAÇÃO DE FROTA'!I$11-5)*(('7. INVESTIMENTO FROTA'!$E240:I240*0.2))) -> 0 | J36: =SUMPRODUCT(('7. INVESTIMENTO FROTA'!$E$186:J$186>'8. DEPRECIAÇÃO DE FROTA'!J$11-5)*(('7. INVESTIMENTO FROTA'!$E240:J240*0.2))) -> 0 | K36: =IFERROR(SUMPRODUCT(('7. INVESTIMENTO FROTA'!F$186:K$186>'8. DEPRECIAÇÃO DE FROTA'!K$11-5)*(('7. INVESTIMENTO FROTA'!F240:K240*0.2))),0) -> 0 | L36: =IFERROR(SUMPRODUCT(('7. INVESTIMENTO FROTA'!G$186:L$186>'8. DEPRECIAÇÃO DE FROTA'!L$11-5)*(('7. INVESTIMENTO FROTA'!G240:L240*0.2))),0) -> 0 | M36: =IFERROR(SUMPRODUCT(('7. INVESTIMENTO FROTA'!H$186:M$186>'8. DEPRECIAÇÃO DE FROTA'!M$11-5)*(('7. INVESTIMENTO FROTA'!H240:M240*0.2))),0) -> 0 | N36: =IFERROR(SUMPRODUCT(('7. INVESTIMENTO FROTA'!I$186:N$186>'8. DEPRECIAÇÃO DE FROTA'!N$11-5)*(('7. INVESTIMENTO FROTA'!I240:N240*0.2))),0) -> 0 | O36: =IFERROR(SUMPRODUCT(('7. INVESTIMENTO FROTA'!J$186:O$186>'8. DEPRECIAÇÃO DE FROTA'!O$11-5)*(('7. INVESTIMENTO FROTA'!J240:O240*0.2))),0) -> 0 | P36: =IFERROR(SUMPRODUCT(('7. INVESTIMENTO FROTA'!K$186:P$186>'8. DEPRECIAÇÃO DE FROTA'!P$11-5)*(('7. INVESTIMENTO FROTA'!K240:P240*0.2))),0) -> 0 | Q36: =IFERROR(SUMPRODUCT(('7. INVESTIMENTO FROTA'!L$186:Q$186>'8. DEPRECIAÇÃO DE FROTA'!Q$11-5)*(('7. INVESTIMENTO FROTA'!L240:Q240*0.2))),0) -> 0 | R36: =IFERROR(SUMPRODUCT(('7. INVESTIMENTO FROTA'!M$186:R$186>'8. DEPRECIAÇÃO DE FROTA'!R$11-5)*(('7. INVESTIMENTO FROTA'!M240:R240*0.2))),0) -> 0 | ... T36: =IFERROR(SUMPRODUCT(('7. INVESTIMENTO FROTA'!O$186:T$186>'8. DEPRECIAÇÃO DE FROTA'!T$11-5)*(('7. INVESTIMENTO FROTA'!O240:T240*0.2))),0) -> 0
C37: 9 | D37: 09 a 10 ano | F37: =SUMPRODUCT(('7. INVESTIMENTO FROTA'!$E$186:F$186>'8. DEPRECIAÇÃO DE FROTA'!F$11-5)*(('7. INVESTIMENTO FROTA'!$E241:F241*0.2))) -> 0 | G37: =SUMPRODUCT(('7. INVESTIMENTO FROTA'!$E$186:G$186>'8. DEPRECIAÇÃO DE FROTA'!G$11-5)*(('7. INVESTIMENTO FROTA'!$E241:G241*0.2))) -> 0 | H37: =SUMPRODUCT(('7. INVESTIMENTO FROTA'!$E$186:H$186>'8. DEPRECIAÇÃO DE FROTA'!H$11-5)*(('7. INVESTIMENTO FROTA'!$E241:H241*0.2))) -> 0 | I37: =SUMPRODUCT(('7. INVESTIMENTO FROTA'!$E$186:I$186>'8. DEPRECIAÇÃO DE FROTA'!I$11-5)*(('7. INVESTIMENTO FROTA'!$E241:I241*0.2))) -> 0 | J37: =SUMPRODUCT(('7. INVESTIMENTO FROTA'!$E$186:J$186>'8. DEPRECIAÇÃO DE FROTA'!J$11-5)*(('7. INVESTIMENTO FROTA'!$E241:J241*0.2))) -> 0 | K37: =IFERROR(SUMPRODUCT(('7. INVESTIMENTO FROTA'!F$186:K$186>'8. DEPRECIAÇÃO DE FROTA'!K$11-5)*(('7. INVESTIMENTO FROTA'!F241:K241*0.2))),0) -> 0 | L37: =IFERROR(SUMPRODUCT(('7. INVESTIMENTO FROTA'!G$186:L$186>'8. DEPRECIAÇÃO DE FROTA'!L$11-5)*(('7. INVESTIMENTO FROTA'!G241:L241*0.2))),0) -> 0 | M37: =IFERROR(SUMPRODUCT(('7. INVESTIMENTO FROTA'!H$186:M$186>'8. DEPRECIAÇÃO DE FROTA'!M$11-5)*(('7. INVESTIMENTO FROTA'!H241:M241*0.2))),0) -> 0 | N37: =IFERROR(SUMPRODUCT(('7. INVESTIMENTO FROTA'!I$186:N$186>'8. DEPRECIAÇÃO DE FROTA'!N$11-5)*(('7. INVESTIMENTO FROTA'!I241:N241*0.2))),0) -> 0 | O37: =IFERROR(SUMPRODUCT(('7. INVESTIMENTO FROTA'!J$186:O$186>'8. DEPRECIAÇÃO DE FROTA'!O$11-5)*(('7. INVESTIMENTO FROTA'!J241:O241*0.2))),0) -> 0 | P37: =IFERROR(SUMPRODUCT(('7. INVESTIMENTO FROTA'!K$186:P$186>'8. DEPRECIAÇÃO DE FROTA'!P$11-5)*(('7. INVESTIMENTO FROTA'!K241:P241*0.2))),0) -> 0 | Q37: =IFERROR(SUMPRODUCT(('7. INVESTIMENTO FROTA'!L$186:Q$186>'8. DEPRECIAÇÃO DE FROTA'!Q$11-5)*(('7. INVESTIMENTO FROTA'!L241:Q241*0.2))),0) -> 0 | R37: =IFERROR(SUMPRODUCT(('7. INVESTIMENTO FROTA'!M$186:R$186>'8. DEPRECIAÇÃO DE FROTA'!R$11-5)*(('7. INVESTIMENTO FROTA'!M241:R241*0.2))),0) -> 0 | ... T37: =IFERROR(SUMPRODUCT(('7. INVESTIMENTO FROTA'!O$186:T$186>'8. DEPRECIAÇÃO DE FROTA'!T$11-5)*(('7. INVESTIMENTO FROTA'!O241:T241*0.2))),0) -> 0
